Workbook
Name CARTA: '1'!$P$39
Name CARTA: '2'!$P$39
Name CARTA: '3'!$P$39
Name CARTA: '4'!$P$39
Name CARTA: '5'!$P$39
Name CARTA: '6'!$P$39
Name CARTA: '7'!$P$39
Name CARTA: '8'!$P$39
Name CARTA: #REF!
Name DISCAP: '1'!$P$61
Name DISCAP: '2'!$P$61
Name DISCAP: '3'!$P$61
Name DISCAP: '4'!$P$61
Name DISCAP: '5'!$P$61
Name DISCAP: '6'!$P$61
Name DISCAP: '7'!$P$61
Name DISCAP: '8'!$P$61
Name DISCAP: #REF!
Name EXPESP: '1'!$O$24
Name EXPESP: '2'!$O$24
Name EXPESP: '3'!$O$24
Name EXPESP: '4'!$O$24
Name EXPESP: '5'!$O$24
Name EXPESP: '6'!$O$24
Name EXPESP: '7'!$O$24
Name EXPESP: '8'!$O$24
Name EXPESP: #REF!
Name EXPGRAL: '1'!$O$13
Name EXPGRAL: '2'!$O$13
Name EXPGRAL: '3'!$O$13
Name EXPGRAL: '4'!$O$13
Name EXPGRAL: '5'!$O$13
Name EXPGRAL: '6'!$O$13
Name EXPGRAL: '7'!$O$13
Name EXPGRAL: '8'!$O$13
Name EXPGRAL: #REF!
Name FCALIDAD: '1'!$P$55
Name FCALIDAD: '2'!$P$55
Name FCALIDAD: '3'!$P$55
Name FCALIDAD: '4'!$P$55
Name FCALIDAD: '5'!$P$55
Name FCALIDAD: '6'!$P$55
Name FCALIDAD: '7'!$P$55
Name FCALIDAD: '8'!$P$55
Name FCALIDAD: #REF!
Name FORMATO8: '1'!$P$36
Name FORMATO8: '2'!$P$36
Name FORMATO8: '3'!$P$36
Name FORMATO8: '4'!$P$36
Name FORMATO8: '5'!$P$36
Name FORMATO8: '6'!$P$36
Name FORMATO8: '7'!$P$36
Name FORMATO8: '8'!$P$36
Name FORMATO8: #REF!
Name FTECNICAS: '1'!$P$48
Name FTECNICAS: '2'!$P$48
Name FTECNICAS: '3'!$P$48
Name FTECNICAS: '4'!$P$48
Name FTECNICAS: '5'!$P$48
Name FTECNICAS: '6'!$P$48

Sheet RESUMEN
G1: INFORME EVALUACIÓN TÉCNICA GENERAL
G2: DIRECCIÓN DE TELECOMUNICACIONES Y AYUDAS A LA NAVEGACIÓN AÉREA
G4: 2024
B5: PROCESO | C5: 24001216 H3 DE 2024 | D5: OBJETO | G5: REALIZAR MANTENIMIENTO A LOS SISTEMAS UPS DEL CENTRO DE GESTION AERONAUTICA DE COLOMBIA CGAC, INCLUYE RENOVAR BANCOS DE BATERÍAS POR LOTES. (VIGENCIA FUTURA). | S5: VALOR PRESUPUESTO OFICIAL: | U5: 1927454798
G6: REQUISITOS HABILITANTES | N6: PONDERACIÓN
B7: N° | C7: NOMBRE PROPONENTE | F7: ¿SE PRESENTA AL LOTE 2? | G7: EXPERIENCIA GENERAL PROPONENTE | H7: EVALUACION EXPERIENCIA ESPECIFICA PROPONENTE | I7: FORMATO No. 8 | J7: CARTA DE COMPROMISO | K7: Certificado de Representación y Distribución Autorizada de los Bienes. | L7: Certificado de Garantía de los Bienes o Servicios. | M7: Fichas Técnicas | N7: FACTOR DE CALIDAD (18,5 PUNTOS) | O7: APOYO A LA INDUSTRIA NACIONAL – LEY 816 DE 2003 (10 PUNTOS) | P7: PROPONENTES CON TRABAJADORES CON DISCAPACIDAD. (1 Punto) | Q7: EMPRENDIMIENTO Y EMPRESAS DE MUJERES (0,25 PUNTOS) | R7: MIPYME DOMICILIADA EN COLOMBIA (0,25 PUNTOS) | S7: SUBTOTAL PUNTAJE | T7: F7 PROPUESTA ARTIFICIALMENTE BAJA | U7: SUPERA PRESUPUESTO | V7: EVALUACIÓN LISTA DE PRECIOS DE REFERENCIA | W7: EVALUACIÓN FINAL | X7: PUNTAJE FORMATO 7 | Y7: PUNTAJE FINAL
B8: 8 | C8: SISELCOM SAS | F8: NO
B9: 7 | C9: SUCOMPUTO SAS | F9: SI | G9: {=IFERROR(INDIRECT("'"&$B9&"'!EXPGRAL",1),"-")} -> CUMPLE | H9: {=IFERROR(INDIRECT("'"&$B9&"'!EXPESP",1),"-")} -> RECHAZADO | I9: {=IFERROR(INDIRECT("'"&$B9&"'!FORMATO8",1),"-")} -> CUMPLE | J9: {=IFERROR(INDIRECT("'"&$B9&"'!CARTA",1),"-")} -> CUMPLE | K9: =M9 -> RECHAZADO | L9: {=IFERROR(INDIRECT("'"&$B9&"'!GARANTIA",1),"-")} -> CUMPLE | M9: {=IFERROR(INDIRECT("'"&$B9&"'!FTECNICAS",1),"-")} -> RECHAZADO | N9: {=IFERROR(INDIRECT("'"&$B9&"'!FCALIDAD",1),"-")} -> 18.75 | O9: {=IFERROR(INDIRECT("'"&$B9&"'!INDNAL",1),"-")} -> 10 | P9: {=IFERROR(INDIRECT("'"&$B9&"'!DISCAP",1),"-")} -> 0 | Q9: {=IFERROR(INDIRECT("'"&$B9&"'!MUJERES",1),"-")} -> 0.25 | R9: {=IFERROR(INDIRECT("'"&$B9&"'!MIPYME",1),"-")} -> 0.25 | S9: =+SUM(N9:R9) -> 29.25 | T9: =+'F7 PROPUESTA ECONOMICA'!D5 -> CUMPLE | U9: =+'F7 PROPUESTA ECONOMICA'!E5 -> CUMPLE | V9: =+'F7 PROPUESTA ECONOMICA'!F10 -> RECHAZADO | W9: =+M9 -> RECHAZADO | X9: =M9 -> RECHAZADO | Y9: =M9 -> RECHAZADO
B10: 6 | C10: UT INVER TES AEROCIVIL MATTOS | F10: SI | G10: {=IFERROR(INDIRECT("'"&$B10&"'!EXPGRAL",1),"-")} -> CUMPLE | H10: {=IFERROR(INDIRECT("'"&$B10&"'!EXPESP",1),"-")} -> CUMPLE | I10: {=IFERROR(INDIRECT("'"&$B10&"'!FORMATO8",1),"-")} -> CUMPLE | J10: {=IFERROR(INDIRECT("'"&$B10&"'!CARTA",1),"-")} -> CUMPLE | K10: =M9 -> RECHAZADO | L10: {=IFERROR(INDIRECT("'"&$B10&"'!GARANTIA",1),"-")} -> CUMPLE | M10: {=IFERROR(INDIRECT("'"&$B10&"'!FTECNICAS",1),"-")} -> CUMPLE | N10: {=IFERROR(INDIRECT("'"&$B10&"'!FCALIDAD",1),"-")} -> 18.75 | O10: {=IFERROR(INDIRECT("'"&$B10&"'!INDNAL",1),"-")} -> 10 | P10: {=IFERROR(INDIRECT("'"&$B10&"'!DISCAP",1),"-")} -> 0 | Q10: {=IFERROR(INDIRECT("'"&$B10&"'!MUJERES",1),"-")} -> 0 | R10: {=IFERROR(INDIRECT("'"&$B10&"'!MIPYME",1),"-")} -> 0.25 | S10: =+SUM(N10:R10) -> 29 | T10: =+'F7 PROPUESTA ECONOMICA'!D6 -> CUMPLE | U10: =+'F7 PROPUESTA ECONOMICA'!E6 -> CUMPLE | V10: =+'F7 PROPUESTA ECONOMICA'!F6 -> CUMPLE | W10: =M9 -> RECHAZADO | X10: =+K10 -> RECHAZADO | Y10: =M9 -> RECHAZADO
B11: 5 | C11: COTEL SAS | F11: SI | G11: {=IFERROR(INDIRECT("'"&$B11&"'!EXPGRAL",1),"-")} -> CUMPLE | H11: {=IFERROR(INDIRECT("'"&$B11&"'!EXPESP",1),"-")} -> CUMPLE | I11: {=IFERROR(INDIRECT("'"&$B11&"'!FORMATO8",1),"-")} -> CUMPLE | J11: {=IFERROR(INDIRECT("'"&$B11&"'!CARTA",1),"-")} -> CUMPLE | K11: =M9 -> RECHAZADO | L11: {=IFERROR(INDIRECT("'"&$B11&"'!GARANTIA",1),"-")} -> CUMPLE | M11: {=IFERROR(INDIRECT("'"&$B11&"'!FTECNICAS",1),"-")} -> RECHAZADO | N11: {=IFERROR(INDIRECT("'"&$B11&"'!FCALIDAD",1),"-")} -> 18.75 | O11: {=IFERROR(INDIRECT("'"&$B11&"'!INDNAL",1),"-")} -> 10 | P11: {=IFERROR(INDIRECT("'"&$B11&"'!DISCAP",1),"-")} -> 0 | Q11: {=IFERROR(INDIRECT("'"&$B11&"'!MUJERES",1),"-")} -> 0 | R11: {=IFERROR(INDIRECT("'"&$B11&"'!MIPYME",1),"-")} -> 0 | S11: =+SUM(N11:R11) -> 28.75 | T11: =+'F7 PROPUESTA ECONOMICA'!D7 -> CUMPLE | U11: =+'F7 PROPUESTA ECONOMICA'!E7 -> CUMPLE | V11: =+'F7 PROPUESTA ECONOMICA'!F7 -> CUMPLE | W11: =+M11 -> RECHAZADO | X11: =M11 -> RECHAZADO | Y11: =M9 -> RECHAZADO
B12: 4 | C12: ASAC SAS | F12: SI | G12: {=IFERROR(INDIRECT("'"&$B12&"'!EXPGRAL",1),"-")} -> RECHAZADO | H12: {=IFERROR(INDIRECT("'"&$B12&"'!EXPESP",1),"-")} -> RECHAZADO | I12: {=IFERROR(INDIRECT("'"&$B12&"'!FORMATO8",1),"-")} -> CUMPLE | J12: {=IFERROR(INDIRECT("'"&$B12&"'!CARTA",1),"-")} -> RECHAZADO | K12: {=IFERROR(INDIRECT("'"&$B12&"'!REPBIENES",1),"-")} -> RECHAZADO | L12: {=IFERROR(INDIRECT("'"&$B12&"'!GARANTIA",1),"-")} -> RECHAZADO | M12: {=IFERROR(INDIRECT("'"&$B12&"'!FTECNICAS",1),"-")} -> RECHAZADO | N12: {=IFERROR(INDIRECT("'"&$B12&"'!FCALIDAD",1),"-")} -> 18.75 | O12: {=IFERROR(INDIRECT("'"&$B12&"'!INDNAL",1),"-")} -> 10 | P12: {=IFERROR(INDIRECT("'"&$B12&"'!DISCAP",1),"-")} -> 0 | Q12: {=IFERROR(INDIRECT("'"&$B12&"'!MUJERES",1),"-")} -> 0.25 | R12: {=IFERROR(INDIRECT("'"&$B12&"'!MIPYME",1),"-")} -> 0.25 | S12: =+SUM(N12:R12) -> 29.25 | T12: =+'F7 PROPUESTA ECONOMICA'!D8 -> CUMPLE | U12: =+'F7 PROPUESTA ECONOMICA'!E8 -> CUMPLE | V12: =+'F7 PROPUESTA ECONOMICA'!F8 -> CUMPLE | W12: =+M12 -> RECHAZADO | X12: =M12 -> RECHAZADO | Y12: =M9 -> RECHAZADO
B13: 3 | C13: CONSORCIO E TX 2024 | F13: SI | G13: {=IFERROR(INDIRECT("'"&$B13&"'!EXPGRAL",1),"-")} -> CUMPLE | H13: {=IFERROR(INDIRECT("'"&$B13&"'!EXPESP",1),"-")} -> RECHAZADO | I13: {=IFERROR(INDIRECT("'"&$B13&"'!FORMATO8",1),"-")} -> CUMPLE | J13: {=IFERROR(INDIRECT("'"&$B13&"'!CARTA",1),"-")} -> CUMPLE | K13: {=IFERROR(INDIRECT("'"&$B13&"'!REPBIENES",1),"-")} -> RECHAZADO | L13: {=IFERROR(INDIRECT("'"&$B13&"'!GARANTIA",1),"-")} -> RECHAZADO | M13: {=IFERROR(INDIRECT("'"&$B13&"'!FTECNICAS",1),"-")} -> RECHAZADO | N13: {=IFERROR(INDIRECT("'"&$B13&"'!FCALIDAD",1),"-")} -> 18.75 | O13: {=IFERROR(INDIRECT("'"&$B13&"'!INDNAL",1),"-")} -> 10 | P13: {=IFERROR(INDIRECT("'"&$B13&"'!DISCAP",1),"-")} -> 0 | Q13: {=IFERROR(INDIRECT("'"&$B13&"'!MUJERES",1),"-")} -> 0 | R13: {=IFERROR(INDIRECT("'"&$B13&"'!MIPYME",1),"-")} -> 0 | S13: =+SUM(N13:R13) -> 28.75 | T13: =+'F7 PROPUESTA ECONOMICA'!D9 -> CUMPLE | U13: =+'F7 PROPUESTA ECONOMICA'!E9 -> CUMPLE | V13: =+'F7 PROPUESTA ECONOMICA'!F9 -> CUMPLE | W13: =+M13 -> RECHAZADO | X13: =M13 -> RECHAZADO | Y13: =M9 -> RECHAZADO
B14: 2 | C14: GOURIYU SAS | F14: SI | G14: {=IFERROR(INDIRECT("'"&$B14&"'!EXPGRAL",1),"-")} -> RECHAZADO | H14: {=IFERROR(INDIRECT("'"&$B14&"'!EXPESP",1),"-")} -> RECHAZADO | I14: {=IFERROR(INDIRECT("'"&$B14&"'!FORMATO8",1),"-")} -> RECHAZADO | J14: {=IFERROR(INDIRECT("'"&$B14&"'!CARTA",1),"-")} -> RECHAZADO | K14: {=IFERROR(INDIRECT("'"&$B14&"'!REPBIENES",1),"-")} -> RECHAZADO | L14: {=IFERROR(INDIRECT("'"&$B14&"'!GARANTIA",1),"-")} -> RECHAZADO | M14: {=IFERROR(INDIRECT("'"&$B14&"'!FTECNICAS",1),"-")} -> RECHAZADO | N14: {=IFERROR(INDIRECT("'"&$B14&"'!FCALIDAD",1),"-")} -> 18.75 | O14: {=IFERROR(INDIRECT("'"&$B14&"'!INDNAL",1),"-")} -> 0 | P14: {=IFERROR(INDIRECT("'"&$B14&"'!DISCAP",1),"-")} -> 0 | Q14: {=IFERROR(INDIRECT("'"&$B14&"'!MUJERES",1),"-")} -> 0.25 | R14: {=IFERROR(INDIRECT("'"&$B14&"'!MIPYME",1),"-")} -> 0.25 | S14: =+SUM(N14:R14) -> 19.25 | T14: =+'F7 PROPUESTA ECONOMICA'!D10 -> CUMPLE | U14: =+'F7 PROPUESTA ECONOMICA'!E10 -> CUMPLE | V14: =+'F7 PROPUESTA ECONOMICA'!F5 -> CUMPLE | W14: =+M14 -> RECHAZADO | X14: =M14 -> RECHAZADO | Y14: =M9 -> RECHAZADO
B15: 1 | C15: UT COMWSDT UPS | F15: SI | G15: {=IFERROR(INDIRECT("'"&$B15&"'!EXPGRAL",1),"-")} -> CUMPLE | H15: {=IFERROR(INDIRECT("'"&$B15&"'!EXPESP",1),"-")} -> CUMPLE | I15: {=IFERROR(INDIRECT("'"&$B15&"'!FORMATO8",1),"-")} -> CUMPLE | J15: {=IFERROR(INDIRECT("'"&$B15&"'!CARTA",1),"-")} -> CUMPLE | K15: {=IFERROR(INDIRECT("'"&$B15&"'!REPBIENES",1),"-")} -> CUMPLE | L15: {=IFERROR(INDIRECT("'"&$B15&"'!GARANTIA",1),"-")} -> CUMPLE | M15: {=IFERROR(INDIRECT("'"&$B15&"'!FTECNICAS",1),"-")} -> CUMPLE | N15: {=IFERROR(INDIRECT("'"&$B15&"'!FCALIDAD",1),"-")} -> 18.75 | O15: {=IFERROR(INDIRECT("'"&$B15&"'!INDNAL",1),"-")} -> 10 | P15: {=IFERROR(INDIRECT("'"&$B15&"'!DISCAP",1),"-")} -> 1 | Q15: {=IFERROR(INDIRECT("'"&$B15&"'!MUJERES",1),"-")} -> 0.25 | R15: {=IFERROR(INDIRECT("'"&$B15&"'!MIPYME",1),"-")} -> 0 | S15: =+SUM(N15:R15) -> 30 | T15: =+'F7 PROPUESTA ECONOMICA'!D4 -> CUMPLE | U15: =+'F7 PROPUESTA ECONOMICA'!E4 -> CUMPLE | V15: =+'F7 PROPUESTA ECONOMICA'!F4 -> CUMPLE | W15: =IF(AND(G15="CUMPLE",H15="CUMPLE",I15="CUMPLE",J15="CUMPLE",K15="CUMPLE",L15="CUMPLE",M15="CUMPLE",T15="CUMPLE",U15="CUMPLE"),SUM(S15:S15),"NO CUMPLE") -> 30 | X15: =+'F7 PUNTAJE'!D15 -> 69.75 | Y15: =+X15+S15 -> 99.75
N16: =IFERROR(IF(COUNTIF(#REF!,1)>1,"REVISAR EMPATE",VLOOKUP(1,$B$8:$E$15,3,0)),"PENDIENTE") -> PENDIENTE | R16: PUNTAJE GANADOR

Sheet 1
A1: UNIDAD ADMINISTRATIVA ESPECIAL DE AERONAUTICA CIVIL
A2: =+RESUMEN!C5 -> 24001216 H3 DE 2024
A3: =+RESUMEN!G5 -> REALIZAR MANTENIMIENTO A LOS SISTEMAS UPS DEL CENTRO DE GESTION AERONAUTICA DE COLOMBIA CGAC, INCLUYE RENOVAR BANCOS DE BATERÍAS POR LOTES. (VIGENCIA FUTURA).
A4: =+RESUMEN!B15 -> 1 | B4: =+RESUMEN!C15 -> UT COMWSDT UPS | J4: CONFORMACIÓN | P4: % PARTICIPACIÓN
J5: Soluciones De Tecnología E Ingenieria S.A.S | P5: 0.57
J6: Comware S. A | P6: 0.43
J9: TOTAL | P9: =SUM(P5:P8) -> 1
A10: CÓDIGOS | B10: 72151500 81101700 26111700 | D10: PRESUPUESTO A EVALUAR (P.O) | J10: =RESUMEN!U5 -> 1927454798 | L10: PUNTAJE OBTENIDO: | N10: =P69 -> 30 | O10: PO SMMLV | P10: =J10/'Serie Historica SMMLV'!C47 -> 1482.6575
A11: REQUISITOS HABILITANTES (CUMPLE /NO CUMPLE)
A12: EXPERIENCIA GENERAL PROPONENTE | O12: EVALUACIÓN
A13: La AEROCIVIL verificará la experiencia general del proponente con la información relacionada en el Formato No.19A – Experiencia General del Proponente, donde debe diligenciar la información de hasta cuatro (4) contratos registrados en el RUP e identificados en al menos dos (2) de los códigos UNSPSC requeridos y que, sumados su valor total, expresado en SMMLV, sea igual o mayor al cien por ciento (100%) del presupuesto del lote al que se presenta (Lote 1 correspondiente a 613,74 SMMLV) y (Lote 2 correspondiente a 1.482,66 SMMLV) Las consideraciones a tener en cuenta para la acreditación de la experiencia general se encuentran definidas en el complementario al pliego de condiciones. Nota 1: Los contratos presentados para la experiencia general podrán ser los mismos para acreditar la experiencia específica, siempre que cumplan los requisitos para dicha experiencia. Nota 2: Si el oferente se presenta a los dos (2) lotes deberá acreditar el 100% del presupuesto total de los dos lotes (2.096,4 SMMLV) con un máximo de cinco (5) contratos. | O13: =IF(AND(O21>=$P$10,O21<>0),"CUMPLE", "NO CUMPLE") -> CUMPLE
A14: 100% PO EN SMMLV | B14: CTO´S | C14: N° CONSECUTIVO EN EL RUP | D14: CONTRATANTE | E14: OBJETO | G14: PRESENTA DOCUMENTOS EN LISTADOS | H14: ="CUMPLE CODIGOS? "&B10 -> CUMPLE CODIGOS? 72151500 81101700 26111700 | I14: CUMPLE EXPERIENCIA? | J14: QUIEN APORTA LA EXPERIENCIA? | K14: AÑO DE TERMINACION DEL CONTRATO | L14: VALOR TOTAL EN PESOS | M14: VALOR TOTAL SMMLV - RUP | N14: % PARTICIPACION | O14: VALOR TOTAL AFECTADO | P14: CUMPLE / NO CUMPLE
A15: =+P10 -> 1482.6575 | B15: CTO 1 | C15: 160 | D15: CONSORCIO CONSTRUCTOR NUEVO DORADO-CCND-CO-ST-SU-004-2013 | E15: Instalacion , Sumnistro y puesta en marcha de UPS para la Red Subestacion de la Torre de Control | G15: SI | H15: SI | I15: SI | J15: Comware S. A | K15: 30/04/2014 | L15: 1921764312 | M15: 3119.75 | N15: 1 | O15: =IF(AND(H15="SI",I15="SI")=TRUE,M15*N15,"") -> 3119.75 | P15: CUMPLE
B16: CTO 2 | C16: 159 | D16: CONSORCIO CONSTRUCTOR NUEVO DORADO-CCND-CO-PMA7-SI-035-2013 | E16: Suministro e Instalacion y puesta en marcha de Ups conforme a la oferta para el plan maestro Hito 7 del aeropuerto internacional el Dorado de la Ciudad de Bogota | G16: SI | H16: SI | I16: SI | J16: Comware S. A | K16: 30/09/2013 | L16: 378332925 | M16: 641.79 | N16: 1 | O16: =IF(AND(H16="SI",I16="SI")=TRUE,M16*N16,"") -> 641.79 | P16: CUMPLE
B17: CTO 3 | C17: 64 | D17: CONSORCIO CONSTRUCTOR NUEVO DORADO CCND | E17: Ingenieria de Detalle,Suministro, Instalacion y Puesta en servicio de UPS conforme a las descripcion de la oferta en Paralelo redundante completo para terminal unificado de pasajeros del Aeropuerto el Dorado, actividades que Incluyen el Diseño, Fabricacion Emsamble, Suministro, Montaje, Pruebas y puesta en servicio de las unidades de potencia interrumpida -(10) UPS conformadas por (2) Modulos Redundantes . | G17: SI | H17: SI | I17: SI | J17: Comware S. A | K17: 30/10/2013 | L17: 4.5418221e+09 | M17: 7704.53 | N17: 1 | O17: =IF(AND(H17="SI",I17="SI")=TRUE,M17*N17,"") -> 7704.53 | P17: CUMPLE
B18: CTO 4 | C18: 305 | D18: Secretaria distrital de hacienda 170332-0-2017 | E18: Prestar los servicios de mantenimiento preventivo y correctivo de elementos que soportan la infraestructura tecnológica del Centro de cómputo y centros de cableado de la SDH. | G18: SI | H18: SI | I18: SI | J18: Comware S. A | K18: 30/11/2020 | L18: 1.1878985e+09 | M18: 2653.45 | N18: 0.51 | O18: =IF(AND(H18="SI",I18="SI")=TRUE,M18*N18,"") -> 1353.2595 | P18: CUMPLE
B19: CTO 5 | O19: =IF(AND(H19="SI",I19="SI")=TRUE,M19*N19,"")
B20: CTO 6 | O20: =IF(AND(H20="SI",I20="SI")=TRUE,M20*N20,"")
K21: SUMATORIA CONTRATO EN SMMLV | O21: =SUMIF(P15:P20,"CUMPLE",O15:O20) -> 12819.329
A22: OBSERVACIONES:
A23: EVALUACION EXPERIENCIA ESPECIFICA PROPONENTE | O23: EVALUACIÓN
A24: La AEROCIVIL verificará la experiencia específica del proponente con hasta cuatro (4) certificaciones de contratos o actas de liquidación o actas de terminación de contratos celebrados con entidades públicas o privadas, ejecutados y terminados; debidamente registrados en el RUP e identificados en al menos dos (2) de los códigos UNSPSC requeridos en la experiencia general; que sumados su valor total, expresado en SMMLV, sea igual o mayor al cien por ciento (100%) del presupuesto oficial (o del lote al que se presenta) (Lote 1 correspondiente a 613,74 SMMLV) y (Lote 2 correspondiente a 1.482,66 SMMLV), y cuyo objeto, actividades u obligaciones contractuales esté relacionadas con: PRESTACIÓN DE SERVICIO DE MANTENIMIENTO DE UPS MÍNIMO DE 160 KVA Y/O • INSTALACIÓN Y PUESTA EN FUNCIONAMIENTO DE UPS MÍNIMO DE 160 KVA Las consideraciones a tener en cuenta para la acreditación de la experiencia específica se encuentran definidas en el complementario al pliego de condiciones. | O24: =IF(AND(O32>=$P$10,O32<>0),"CUMPLE","NO CUMPLE") -> CUMPLE
A25: CERTIFICACION No. | B25: CTO´S | C25: N° CONSECUTIVO EN EL RUP | D25: CONTRATANTE | E25: OBJETO | G25: PRESENTA DOCUMENTOS ENLISTADOS | H25: CUMPLE CODIGOS? | I25: OBJETO, ACTIVI U OBLIGACIONES RELACIONADAS CON ACTIVI REQUERIDAS | J25: QUIEN APORTA LA EXPERIENCIA? | K25: AÑO DE TERMINACION DEL CONTRATO | L25: VALOR TOTAL PESOS | M25: VALOR TOTAL SMMLV - RUP | N25: % PARTICIPACION | O25: VALOR TOTAL AFECTADO | P25: CUMPLE / NO CUMPLE
A26: 1 | B26: CTO 1 | C26: 160 | D26: CONSORCIO CONSTRUCTOR NUEVO DORADO-CCND-CO-ST-SU-004-2013 | E26: Instalacion , Sumnistro y puesta en marcha de UPS para la Red Subestacion de la Torre de Control | G26: NO | H26: SI | I26: SI | J26: Comware S. A | K26: 30/04/2014 | L26: 1921764312 | M26: 3119.75 | N26: 1 | O26: =IF(AND(H26="SI",I26="SI")=TRUE,M26*N26,"") -> 3119.75 | P26: CUMPLE
A27: 2 | B27: CTO 2 | C27: 159 | D27: CONSORCIO CONSTRUCTOR NUEVO DORADO-CCND-CO-PMA7-SI-035-2013 | E27: Suministro e Instalacion y puesta en marcha de Ups conforme a la oferta para el plan maestro Hito 7 del aeropuerto internacional el Dorado de la Ciudad de Bogota | G27: NO | H27: SI | I27: SI | J27: Comware S. A | K27: 30/09/2013 | L27: 0 | M27: 0 | N27: 0 | O27: 0 | P27: NO CUMPLE
A28: 3 | B28: CTO 3 | O28: =IF(AND(H28="SI",I28="SI")=TRUE,M28*N28,"")
A29: 4 | B29: CTO 4 | O29: =IF(AND(H29="SI",I29="SI")=TRUE,M29*N29,"")
A30: 5 | B30: CTO 5 | O30: =IF(AND(H30="SI",I30="SI")=TRUE,M30*N30,"")
A31: 6 | B31: CTO 6 | O31: =IF(AND(H31="SI",I31="SI")=TRUE,M31*N31,"")
K32: SUMATORIA CONTRATO EN SMMLV | O32: =SUMIF(P26:P31,"CUMPLE",O26:O31) -> 3119.75
A33: OBSERVACIONES: | C33: RESULTADO DE EVALUACION PRELIMINAR El documento aportado por el proponente para CTO1 y CTO2 indican UPS de 400 y 160 kVA respectivamente que "hacen parte del contrato" , no siendo claro el porcentaje sobre el total del presupuesto de los contratos certificados que corresponde a dichas UPS, la certificacion no cumple con lo solicitado en el pliego de condiciones en el item 4.4.3.1 que indica: "iii. En el caso de que en los contratos acreditados, adicionalmente se hayan ejecutado otras adquisiciones o servicios, diferentes o no similares a los solicitados en el presente proceso de contratación, no se tendrán en cuenta estos valores para efectos de acreditar la experiencia requerida. Para lo anterior el proponente debe aportar los documentos contractuales que considere y en donde se pueda verificar claramente el valor discriminado de los bienes suministrados y/o servicios prestados". Se solicita la relacion del total de las actividades, bienes y/o servicios ejecutados en el contrato con el fin de discriminar los valores de cada una de las UPS. RESULTADO DE EVALUACION SUBSANACIÓN EL contrato con numero de consecutivo RUP 159 indica instalación de ups de 150 KVA, el mínimo requerido es de 160 KVA según. Por ende la certificación no cumple con lo solicitado en el pliego de condiciones 4.4.3. Experiencia especifica del proponente, ¨La AEROCIVIL verificará la experiencia específica del proponente con hasta cuatro (4) certificaciones de contratos o actas de liquidación o actas de terminación de contratos celebrados con entidades públicas o privadas, ejecutados y terminados; debidamente registrados en el RUP e identificados en al menos dos (2) de los códigos UNSPSC requeridos en la experiencia general; que sumados su valor total, expresado en SMMLV, sea igual o mayor al cien por ciento (100%) del presupuesto oficial (o del lote al que se presenta) (Lote 1 correspondiente a 613,74 SMMLV) y (Lote 2 correspondiente a 1.482,66 SMMLV), y cuyo objeto, actividades u obligaciones contractuales esté relacionadas con: • PRESTACIÓN DE SERVICIO DE MANTENIMIENTO DE UPS MÍNIMO DE 160 KVA Y/O • INSTALACIÓN Y PUESTA EN FUNCIONAMIENTO DE UPS MÍNIMO DE 160 KVÄ
A34: OTROS ASPECTOS TÉCNICOS DE OBLIGATORIO CUMPLIMIENTO
A35: FORMATO No. 8 | P35: EVALUACIÓN
A36: Contiene la totalidad de condiciones y especificaciones técnicas de los bienes y/o servicios solicitados por la Entidad y que debe cumplir el contratista para el logro del objeto del presente proceso. Los requerimientos descritos en dicho formato técnico son los mínimos exigidos por la Entidad, de obligatorio cumplimiento y se constituirán en obligaciones para el contratista. Con la presentación y firma del “Formato 14 - Carta de Presentación de la Oferta”, se entiende que el proponente conoce y acepta todos los requisitos allí establecidos. En tal sentido, no será necesario aportar el “Formato No. 8 – Especificaciones Técnicas” con la propuesta y en consecuencia no será objeto de verificación del comité evaluador. | P36: CUMPLE
A37: OBSERVACIONES:
A38: CARTA DE COMPROMISO | P38: EVALUACIÓN
A39: El proponente debe anexar junto con la propuesta una Carta de Compromiso, suscrita por parte del representante legal, donde se compromete a presentar el personal requerido del formato 8 – Especificaciones Técnicas, el cual corresponde a: REVISAR TAMBIÉN Numeral 4.4.5 | P39: CUMPLE
A40: OBSERVACIONES:
A41: Certificado de Representación y Distribución Autorizada de los Bienes. | P41: EVALUACIÓN
A42: El proponente debe anexar junto con la propuesta el Certificado de Representación y Distribución Autorizada de los Bienes, expedido por el Fabricante o por el Distribuidor Autorizado por el Fabricante de los bienes ofrecidos, en el cual se indique que está autorizado para distribuir estos bienes objeto de la presente contratación. La fecha de expedición de la certificación debe ser de máximo seis (6) meses anteriores a la fecha de cierre del presente proceso de contratación. Este Certificado puede estar dirigido a cualquiera de los integrantes del Consorcio o Unión Temporal en caso de presentar la oferta bajo esta modalidad. En caso de que el proponente no sea fabricante y de presentarse más de un (1) distribuidor autorizado, el proponente deberá aportar toda la cadena de certificaciones que demuestren las autorizaciones iniciando desde el fabricante del bien. El certificado debe ser presentado por los fabricantes de las UPS objeto del contrato. | P42: CUMPLE
A43: OBSERVACIONES: | C43: RESULTADO EVALUACION PRELIMINAR El certificado que aporta el proponente indica: "COMWARE S.A. identificado con NIT 860.045.379-1 (en adelante el “CANAL”), es uno de nuestros canales de distribución directo y Authorized Services Reseller para el Territorio Colombiano de nuestros productos y servicios APC by SCHNEIDER ELECTRIC". Por lo que se entiende que el certificado no relaciona directamente la marca de los equipos objeto del contrato SCHNEIDER (referencias de UPS GALAXY VM), si no de los productos y servicios para la marca APC by SCHENEIDER, la cual no esta relacionada al proceso. Adicionalmente, Se le informa al proponente que una vez revisada la certificación de representación y distribución autorizada de los bienes, no cumple para lo que se solicita del numeral 10.3.5 literal c formato 1A Estudio previo que indica: “El proponente debe anexar junto con la propuesta el Certificado de Representación y Distribución Autorizada de los Bienes, expedido por el Fabricante o por el Distribuidor Autorizado por el Fabricante de los bienes ofrecidos, en el cual se indique que está autorizado para distribuir estos bienes objeto de la presente contratación. La fecha de expedición de la certificación debe ser de máximo seis (6) meses anteriores a la fecha de cierre del presente proceso de contratación. Este Certificado puede estar dirigido a cualquiera de los integrantes del p o Unión Temporal en caso de presentar la oferta bajo esta modalidad. En caso de que el proponente no sea fabricante y de presentarse más de un (1) distribuidor autorizado, el proponente deberá aportar toda la cadena de certificaciones que demuestren las autorizaciones iniciando desde el fabricante del bien”. Es claro en la estructura del proceso que los bienes a adquirir son las baterías y repuestos para las UPS descritas en los documentos del presente proceso, la certificación aportada por el interesado fue únicamente de los repuestos de las UPS, faltando la certificación de representación y distribución autorizada por el fabricante de las baterías ofertadas Dado el caso, el documento sea expedido en el exterior . Se le recuerda que en el numeral 2.10 del documento Complementario al pliego de condiciones que indica: “Los documentos públicos expedidos en el exterior, que se pretendan hacer valer en el presente proceso, deben cumplir con el requisito de apostilla o legalización (consularización), dependiendo si el país de origen es signatario del Convenio de La Haya de 1961, o es un país signatario de la Convención de Viena de 1963. Los documentos privados otorgados en el extranjero requieren reconocimiento de firma de la persona que expide o firma el documento ante un Notario o autoridad competente y la posterior apostille o legalización, según corresponda, de la firma de ese Notario o funcionario público que realiza dicho reconocimiento. Es decir, se debe apostillar o legalizar el acto notarial o de reconocimiento de firma. Para el trámite de apostilla o legalización de documentos otorgados en el exterior, las Entidades aplicarán los parámetros establecidos en las normas que regulen la materia, en especial los previstos en el artículo 480 del Código de Comercio y artículo 251 del Código General del Proceso, la Resolución No. 1959 de 2020 del Ministerio de Relaciones Exteriores, o la norma que la modifique, sustituya o complemente y la Circular Única emitida por Colombia Compra Eficiente. Los Manuales, fichas técnicas, catálogos, Data sheets, no serán objeto de apostilla o legalización, ni de traducción oficial, salvo las certificaciones, aclaraciones, o demás documentos expedidos en el exterior. Los sellos no serán objeto de traducción. NOTA: El proponente tendrá la oportunidad de acreditar el requisito de Apostilla o Legalización hasta el día hábil anterior a la instalación de la audiencia pública de adjudicación. Si el (los) documento(s) objeto de apostilla o legalización, aportado(s) con la oferta o durante el término de traslado del informe de evaluación, no cumple finalmente con este requisito, la propuesta será RECHAZADA.’’. RESULTADO EVALUACION SUBSANACIÓN El certificado de representación y distribucion elaborado por el fabricante de las baterías ofertadas se encuentra fuera de Colombia, no cuenta con el formalismo requeridido para los documentos emitidos en el exterior, por ende no cumple con lo solicitado en el numeral 2.10 del pliego de condiciones que indica: Los documentos públicos expedidos en el exterior, que se pretendan hacer valer en el presente proceso, deben cumplir con el requisito de apostilla o legalización (consularización), dependiendo si el país de origen es signatario del Convenio de La Haya de 1961, o es un país signatario de la Convención de Viena de 1963. Los documentos privados otorgados en el extranjero requieren reconocimiento de firma de la persona que expide o firma el documento ante un Notario o autoridad competente y la posterior apostille o legalización, según corresponda, de la firma de ese Notario o funcionario público que realiza dicho reconocimiento. Es decir, se debe apostillar o legalizar el acto notarial o de reconocimiento de firma. Para el trámite de apostilla o legalización de documentos otorgados en el exterior, las Entidades aplicarán los parámetros establecidos en las normas que regulen la materia, en especial los previstos en el artículo 480 del Código de Comercio y artículo 251 del Código General del Proceso, la Resolución No. 1959 de 2020 del Ministerio de Relaciones Exteriores, o la norma que la modifique, sustituya o complemente y la Circular Única emitida por Colombia Compra Eficiente. Los Manuales, fichas técnicas, catálogos, Data sheets, no serán objeto de apostilla o legalización, ni de traducción oficial, salvo las certificaciones, aclaraciones, o demás documentos expedidos en el exterior. Los sellos no serán objeto de traducción. NOTA: El proponente tendrá la oportunidad de acreditar el requisito de Apostilla o Legalización hasta el día hábil anterior a la instalación de la audiencia pública de adjudicación. Si el (los) documento(s) objeto de apostilla o legalización, aportado(s) con la oferta o durante el término de traslado del informe de evaluación, no cumple finalmente con este requisito, la propuesta será RECHAZADA.’’. EVALUACION SUBSANACION FINAL Una vez revisada la documentación, desde el comité evaluador se informa que el documento se encuentra apostillado en debida forma, por ende, el proponente CUMPLE con lo solicitado por la entidad respecto al certificado de Representación y Distribución de los Bienes.
A44: Certificado de Garantía de los Bienes o Servicios. | P44: EVALUACIÓN
A45: El proponente debe anexar junto con la propuesta documento suscrito por el representante legal, mediante la cual se compromete, en caso de resultar adjudicatario, a otorgar un tiempo de garantía. La garantía técnica mínima para los elementos instalados en las UPS a excepción de las baterías será de seis (6) meses una vez instalados; la garantía técnica mínima de las baterías será de dos (2) años, y bajo las condiciones descritas en el Formato 8 Especificaciones Técnicas. | P45: CUMPLE
A46: OBSERVACIONES:
A47: Fichas Técnicas | P47: EVALUACIÓN
A48: El Proponente para cumplir con lo solicitado en las Fichas técnicas de la AEROCIVIL deberá aportar los catálogos del fabricante o la ficha del fabricante de los bienes ofertados, donde se pueda verificar el cumplimiento de cada uno de los requerimientos técnicos solicitados por la Entidad. El ofrecimiento técnico constituye un criterio de comparación de las ofertas, por lo tanto, el proponente deberá asegurarse de aportar dicho ofrecimiento técnico junto con la oferta so pena de rechazo. En el caso en que el catálogo o ficha técnica no contenga alguno de los requisitos solicitados, dicha verificación se podrá hacer contra certificación expedida por el fabricante de los bienes ofertados Cada bien ofrecido en los catálogos aportados o las fichas técnicas del fabricante, se confrontará con el formato 10 de las Fichas técnicas publicado de la AEROCIVIL. Nota 1: La oferta no puede estar condicionada. Si el proponente en propuesta presenta algún condicionamiento, este no será tenido en cuenta por la Entidad Nota 2: Los requerimientos técnicos descritos en el formato 10 de las Fichas Técnicas publicado por la AEROCIVIL no podrán ser modificados. En el evento que una o algunas de las características técnicas descritas en las fichas técnicas sean modificadas, se evaluará como no cumple. | P48: CUMPLE
A49: OBSERVACIONES: | C49: RESULTADO EVALUACION PRELIMINAR No se cumple lo especificado en el formato 10. Ficha tecnica BATERIAS LOTE 2 UPS MARCA SCHNEIDER item 7, superando las dimensiones maximas que debe tener la bateria. RESULTADO EVALUACION SUBSANACION Subsanado
A51: FACTOR DE CALIDAD (18,75 PUNTOS) | P51: PUNTAJE
A52: 1. Suministro de analizador de baterías: (Máximo 10 PUNTOS) - Si ofrece dos (2) analizadores de baterías (10 PUNTOS) - Si ofrece un (1) analizador de baterías (5 PUNTOS) | P52: 10
A53: 2. Curso con temática: Mantenimiento Preventivo, Correctivo y uso del sistema de gestión y monitoreo remoto de UPS SCHENEIDER (5 PUNTOS) | P53: 5
A54: 3. Diplomado en plataforma digital con temática: Mantenimiento Preventivo, Correctivo y uso del sistema de gestión y monitoreo remoto de UPS (3,75 PUNTOS) | P54: 3.75
A55: TOTAL PUNTAJE OBTENIDO | P55: =SUM(P52:P54) -> 18.75
A56: OBSERVACIONES:
A57: APOYO A LA INDUSTRIA NACIONAL – LEY 816 DE 2003 (10 PUNTOS) | P57: PUNTAJE
A58: Después de realizar el estudio de porcentajes de bienes se evidencia que ninguno de los bienes contemplados en el estudio de mercado se puede denominar como un bien relevante para el proceso, dado que no supera el 40% del presupuesto oficial, por tal motivo se otorgará el puntaje de apoyo a la Industria Nacional a los proponentes que se comprometan a vincular al desarrollo del objeto contractual un porcentaje de empleados o contratistas por prestación de servicios colombianos de al menos el ochenta por ciento (80%) del personal requerido para el cumplimiento del contrato. Los Proponentes pueden obtener puntaje de apoyo a la industria nacional por: i) Servicios Nacionales o con Trato Nacional o por ii) la incorporación de componente nacional en servicios extranjeros. La Entidad en ningún caso otorgará simultáneamente el puntaje por ambos aspectos.Los puntajes para estimular a la industria nacional se relacionan en la siguiente tabla: NOTA: A Las sucursales colombianas se les aplicará el mismo tratamiento que a las empresas extranjeras (Ver concepto C-571 de 2022 Colombia Compra Eficiente) | P58: 10
A59: OBSERVACIONES:
A60: PROPONENTES CON TRABAJADORES CON DISCAPACIDAD. (1 Punto) | P60: PUNTAJE
A61: Conforme a lo dispuesto en el Decreto 392 de 2018, se otorgará un (1) punto a los proponentes que acrediten la vinculación de trabajadores con discapacidad en su planta de personal, de acuerdo con los siguientes requisitos: 1. La persona natural, el representante legal de la persona jurídica o el revisor fiscal, según corresponda. certificará el número total de trabajadores vinculados a la planta de personal del proponente o sus integrantes a la fecha de cierre del proceso de selección. 2. Acreditar el número mínimo de personas con discapacidad en su planta de personal, de conformidad con lo señalado en el certificado expedido por el Ministerio de Trabajo, el cual deberá estar vigente a la fecha de cierre del proceso de selección. Verificados los anteriores requisitos, se asignará un punto a quienes acrediten el número mínimo de trabajadores con discapacidad, señalados a continuación: Nota 1. Si la oferta es presentada por un consorcio o unión temporal, se tendrá en cuenta la planta de personal del integrante del proponente plural que aporte como mínimo el cuarenta por ciento (40%) de la experiencia general y/o ponderable requerida para la respectiva contratación. Nota 2. El proponente podrá allegar la certificación relacionada en el numeral 1 en el “Formato 22 – Vinculación de Personas en Condición de Discapacidad” dispuesto por la entidad o en un formato diferente, no obstante, deberá contener la información mínima exigida por el Decreto 392 de 2018. | P61: 1
A62: OBSERVACIONES:
A63: EMPRENDIMIENTO Y EMPRESAS DE MUJERES (0,25 PUNTOS) | P63: PUNTAJE
A64: La Entidad asignará un puntaje de cero punto veinticinco (0.25) puntos al Proponente que acredite la calidad de emprendimientos y empresas de mujeres con domicilio en el territorio nacional de conformidad con lo previsto en el artículo 2.2.1.2.4.2.14. del Decreto 1082 de 2015 o la norma que lo modifique, sustituya o complemente. Para que el Proponente obtenga este puntaje podrá presentar el “Formato 24 – Acreditación de emprendimiento y empresa de mujeres” o certificación con la información y documentación requeridas en el artículo 2.2.1.2.4.2.4 del Decreto 1082 de 2015, o la norma que lo modifique, complemente o sustituya. Si el Proponente debió subsanar dicho formato y/o los documentos requeridos para acreditar esta condición será válido para los criterios diferenciales en cuanto a los requisitos habilitantes relacionados con el número de contratos aportados para acreditar la experiencia solicitada, pero no se tendrán en cuenta para la asignación de puntaje, por lo que obtendrá cero (0) puntos por este criterio de evaluación. Tratándose de Proponentes Plurales este puntaje solo se otorgará si por lo menos uno de los integrantes acredita la calidad de emprendimientos y empresas de mujeres y tiene una participación igual o superior al diez por ciento (10%) en el Consorcio o en la Unión Temporal. La asignación de este puntaje no excluye la aplicación del puntaje para Mipyme. REVISAR TAMBIÉN Numeral 4.4.4 | P64: 0.25
A65: OBSERVACIONES:
A66: MIPYME DOMICILIADA EN COLOMBIA (0,25 PUNTOS) | P66: PUNTAJE
A67: La Entidad otorgará un puntaje de cero punto veinticinco (0.25) puntos al Proponente que acredite la calidad de Mipyme domiciliada en Colombia de conformidad con el artículo 2.2.1.2.4.2.4 del Decreto 1082 de 2015, en concordancia con el parágrafo del artículo 2.2.1.13.2.4 del Decreto 1074 de 2015, o la norma que lo modifique, complemente o sustituya. Para que el Proponente obtenga este puntaje podrá presentar el “Formato 23 - Acreditación de MiPymes” o certificación con la información y documentación requeridas en el artículo 2.2.1.2.4.2.4 del Decreto 1082 de 2015, o la norma que lo modifique, complemente o sustituya. Si el Proponente debió subsanar dicho formato y/o los documentos requeridos o el RUP para acreditar esta condición, será válido para los criterios diferenciales en cuanto a los requisitos habilitantes relacionados con el número de contratos aportados para acreditar la experiencia solicitada, pero no se tendrán en cuenta para la asignación de puntaje, por lo que obtendrá cero (0) puntos por este criterio de evaluación. REVISAR TAMBIÉN Numeral 4.4.4 | P67: 0
A68: OBSERVACIONES:
A69: TOTAL PUNTAJE OBTENIDO | P69: =SUM(P55,P58,P61,P64,P67) -> 30

Sheet 2
A1: UNIDAD ADMINISTRATIVA ESPECIAL DE AERONAUTICA CIVIL
A2: =+[2]RESUMEN!C5 -> 24001216 H3 DE 2024
A3: =+[2]RESUMEN!G5 -> REALIZAR MANTENIMIENTO A LOS SISTEMAS UPS DEL CENTRO DE GESTION AERONAUTICA DE COLOMBIA CGAC, INCLUYE RENOVAR BANCOS DE BATERÍAS POR LOTES. (VIGENCIA FUTURA).
A4: =+[2]RESUMEN!B9 -> 7 | B4: =+RESUMEN!C14 -> GOURIYU SAS | J4: CONFORMACIÓN | P4: % PARTICIPACIÓN
J5: =+B4 -> GOURIYU SAS | P5: 1
J9: TOTAL | P9: =SUM(P5:P8) -> 1
A10: CÓDIGOS | B10: 72151500 81101700 26111700 | D10: PRESUPUESTO A EVALUAR (P.O) | J10: =+RESUMEN!U5 -> 1927454798 | L10: PUNTAJE OBTENIDO: | N10: =P69 -> 19.25 | O10: PO SMMLV | P10: =+J10/'Serie Historica SMMLV'!C47 -> 1482.6575
A11: REQUISITOS HABILITANTES (CUMPLE /NO CUMPLE)
A12: EXPERIENCIA GENERAL PROPONENTE | O12: EVALUACIÓN
A13: La AEROCIVIL verificará la experiencia general del proponente con la información relacionada en el Formato No.19A – Experiencia General del Proponente, donde debe diligenciar la información de hasta cuatro (4) contratos registrados en el RUP e identificados en al menos dos (2) de los códigos UNSPSC requeridos y que, sumados su valor total, expresado en SMMLV, sea igual o mayor al cien por ciento (100%) del presupuesto del lote al que se presenta (Lote 1 correspondiente a 613,74 SMMLV) y (Lote 2 correspondiente a 1.482,66 SMMLV) Las consideraciones a tener en cuenta para la acreditación de la experiencia general se encuentran definidas en el complementario al pliego de condiciones. Nota 1: Los contratos presentados para la experiencia general podrán ser los mismos para acreditar la experiencia específica, siempre que cumplan los requisitos para dicha experiencia. Nota 2: Si el oferente se presenta a los dos (2) lotes deberá acreditar el 100% del presupuesto total de los dos lotes (2.096,4 SMMLV) con un máximo de cinco (5) contratos. | O13: RECHAZADO
A14: 100% PO EN SMMLV | B14: CTO´S | C14: N° CONSECUTIVO EN EL RUP | D14: CONTRATANTE | E14: OBJETO | G14: PRESENTA DOCUMENTOS EN LISTADOS | H14: ="CUMPLE CODIGOS? "&B10 -> CUMPLE CODIGOS? 72151500 81101700 26111700 | I14: CUMPLE EXPERIENCIA? | J14: QUIEN APORTA LA EXPERIENCIA? | K14: AÑO DE TERMINACION DEL CONTRATO | L14: VALOR TOTAL EN PESOS | M14: VALOR TOTAL SMMLV - RUP | N14: % PARTICIPACION | O14: VALOR TOTAL AFECTADO | P14: CUMPLE / NO CUMPLE
A15: =+P10 -> 1482.6575 | B15: CTO 1 | O15: =IF(AND(H15="SI",I15="SI")=TRUE,M15*N15,"")
B16: CTO 2 | O16: =IF(AND(H16="SI",I16="SI")=TRUE,M16*N16,"")
B17: CTO 3 | O17: =IF(AND(H17="SI",I17="SI")=TRUE,M17*N17,"")
B18: CTO 4 | O18: =IF(AND(H18="SI",I18="SI")=TRUE,M18*N18,"")
B19: CTO 5 | O19: =IF(AND(H19="SI",I19="SI")=TRUE,M19*N19,"")
B20: CTO 6 | O20: =IF(AND(H20="SI",I20="SI")=TRUE,M20*N20,"")
K21: SUMATORIA CONTRATO EN SMMLV | O21: =SUMIF(P15:P20,"CUMPLE",O15:O20) -> 0
A22: OBSERVACIONES: | B22: El proponente no aclaro lo solicitado por la Entidad en la evaluación preliminar por tanto incurrió en lo descrito en el numeral 3.17. CAUSALES DE RECHAZO , numeralal (i), asi: “(…)(i) Cuando al Proponente en forma individual o conjunta se le haya requerido con el propósito de subsanar o aclarar o aportar un documento de la propuesta y no lo efectúe dentro del plazo indicado o no lo realice correctamente o de acuerdo con lo solicitado, siempre que la subsanación, aclaración o aporte requerido sea necesario para cumplir un requisito habilitante en los términos establecidos en el presente documento.(…)” CONCLUSION: RECHAZO
A23: EVALUACION EXPERIENCIA ESPECIFICA PROPONENTE | O23: EVALUACIÓN
A24: La AEROCIVIL verificará la experiencia específica del proponente con hasta cuatro (4) certificaciones de contratos o actas de liquidación o actas de terminación de contratos celebrados con entidades públicas o privadas, ejecutados y terminados; debidamente registrados en el RUP e identificados en al menos dos (2) de los códigos UNSPSC requeridos en la experiencia general; que sumados su valor total, expresado en SMMLV, sea igual o mayor al cien por ciento (100%) del presupuesto oficial (o del lote al que se presenta) (Lote 1 correspondiente a 613,74 SMMLV) y (Lote 2 correspondiente a 1.482,66 SMMLV), y cuyo objeto, actividades u obligaciones contractuales esté relacionadas con: PRESTACIÓN DE SERVICIO DE MANTENIMIENTO DE UPS MÍNIMO DE 160 KVA Y/O • INSTALACIÓN Y PUESTA EN FUNCIONAMIENTO DE UPS MÍNIMO DE 160 KVA Las consideraciones a tener en cuenta para la acreditación de la experiencia específica se encuentran definidas en el complementario al pliego de condiciones. | O24: RECHAZADO
A25: CERTIFICACION No. | B25: CTO´S | C25: N° CONSECUTIVO EN EL RUP | D25: CONTRATANTE | E25: OBJETO | G25: PRESENTA DOCUMENTOS ENLISTADOS | H25: CUMPLE CODIGOS? | I25: OBJETO, ACTIVI U OBLIGACIONES RELACIONADAS CON ACTIVI REQUERIDAS | J25: QUIEN APORTA LA EXPERIENCIA? | K25: AÑO DE TERMINACION DEL CONTRATO | L25: VALOR TOTAL PESOS | M25: VALOR TOTAL SMMLV - RUP | N25: % PARTICIPACION | O25: VALOR TOTAL AFECTADO | P25: CUMPLE / NO CUMPLE
A26: 1 | B26: CTO 1 | O26: =IF(AND(H26="SI",I26="SI")=TRUE,M26*N26,"")
A27: 2 | B27: CTO 2 | O27: =IF(AND(H27="SI",I27="SI")=TRUE,M27*N27,"")
A28: 3 | B28: CTO 3 | O28: =IF(AND(H28="SI",I28="SI")=TRUE,M28*N28,"")
A29: 4 | B29: CTO 4 | O29: =IF(AND(H29="SI",I29="SI")=TRUE,M29*N29,"")
A30: 5 | B30: CTO 5 | O30: =IF(AND(H30="SI",I30="SI")=TRUE,M30*N30,"")
A31: 6 | B31: CTO 6 | O31: =IF(AND(H31="SI",I31="SI")=TRUE,M31*N31,"")
K32: SUMATORIA CONTRATO EN SMMLV | O32: =SUMIF(P26:P31,"CUMPLE",O26:O31) -> 0
A33: OBSERVACIONES: | C33: El proponente no aclaro lo solicitado por la Entidad en la evaluación preliminar por tanto incurrió en lo descrito en el numeral 3.17. CAUSALES DE RECHAZO , numeralal (i), asi: “(…)(i) Cuando al Proponente en forma individual o conjunta se le haya requerido con el propósito de subsanar o aclarar o aportar un documento de la propuesta y no lo efectúe dentro del plazo indicado o no lo realice correctamente o de acuerdo con lo solicitado, siempre que la subsanación, aclaración o aporte requerido sea necesario para cumplir un requisito habilitante en los términos establecidos en el presente documento.(…)” CONCLUSION: RECHAZO
A34: OTROS ASPECTOS TÉCNICOS DE OBLIGATORIO CUMPLIMIENTO
A35: FORMATO No. 8 | P35: EVALUACIÓN
A36: Contiene la totalidad de condiciones y especificaciones técnicas de los bienes y/o servicios solicitados por la Entidad y que debe cumplir el contratista para el logro del objeto del presente proceso. Los requerimientos descritos en dicho formato técnico son los mínimos exigidos por la Entidad, de obligatorio cumplimiento y se constituirán en obligaciones para el contratista. Con la presentación y firma del “Formato 14 - Carta de Presentación de la Oferta”, se entiende que el proponente conoce y acepta todos los requisitos allí establecidos. En tal sentido, no será necesario aportar el “Formato No. 8 – Especificaciones Técnicas” con la propuesta y en consecuencia no será objeto de verificación del comité evaluador. | P36: RECHAZADO
A37: OBSERVACIONES: | C37: ANEXA CARTA DE PRESENTACION .
A38: CARTA DE COMPROMISO | P38: EVALUACIÓN
A39: El proponente debe anexar junto con la propuesta una Carta de Compromiso, suscrita por parte del representante legal, donde se compromete a presentar el personal requerido del formato 8 – Especificaciones Técnicas, el cual corresponde a: REVISAR TAMBIÉN Numeral 4.4.5 | P39: RECHAZADO
A40: OBSERVACIONES: | C40: El proponente no aclaro lo solicitado por la Entidad en la evaluación preliminar por tanto incurrió en lo descrito en el numeral 3.17. CAUSALES DE RECHAZO , numeralal (i), asi: “(…)(i) Cuando al Proponente en forma individual o conjunta se le haya requerido con el propósito de subsanar o aclarar o aportar un documento de la propuesta y no lo efectúe dentro del plazo indicado o no lo realice correctamente o de acuerdo con lo solicitado, siempre que la subsanación, aclaración o aporte requerido sea necesario para cumplir un requisito habilitante en los términos establecidos en el presente documento.(…)” CONCLUSION: RECHAZO
A41: Certificado de Representación y Distribución Autorizada de los Bienes. | P41: EVALUACIÓN
A42: El proponente debe anexar junto con la propuesta el Certificado de Representación y Distribución Autorizada de los Bienes, expedido por el Fabricante o por el Distribuidor Autorizado por el Fabricante de los bienes ofrecidos, en el cual se indique que está autorizado para distribuir estos bienes objeto de la presente contratación. La fecha de expedición de la certificación debe ser de máximo seis (6) meses anteriores a la fecha de cierre del presente proceso de contratación. Este Certificado puede estar dirigido a cualquiera de los integrantes del Consorcio o Unión Temporal en caso de presentar la oferta bajo esta modalidad. En caso de que el proponente no sea fabricante y de presentarse más de un (1) distribuidor autorizado, el proponente deberá aportar toda la cadena de certificaciones que demuestren las autorizaciones iniciando desde el fabricante del bien. El certificado debe ser presentado por los fabricantes de las UPS objeto del contrato. | P42: RECHAZADO
A43: OBSERVACIONES: | C43: El proponente no aclaro lo solicitado por la Entidad en la evaluación preliminar por tanto incurrió en lo descrito en el numeral 3.17. CAUSALES DE RECHAZO , numeralal (i), asi: “(…)(i) Cuando al Proponente en forma individual o conjunta se le haya requerido con el propósito de subsanar o aclarar o aportar un documento de la propuesta y no lo efectúe dentro del plazo indicado o no lo realice correctamente o de acuerdo con lo solicitado, siempre que la subsanación, aclaración o aporte requerido sea necesario para cumplir un requisito habilitante en los términos establecidos en el presente documento.(…)” CONCLUSION: RECHAZO
A44: Certificado de Garantía de los Bienes o Servicios. | P44: EVALUACIÓN
A45: El proponente debe anexar junto con la propuesta documento suscrito por el representante legal, mediante la cual se compromete, en caso de resultar adjudicatario, a otorgar un tiempo de garantía. La garantía técnica mínima para los elementos instalados en las UPS a excepción de las baterías será de seis (6) meses una vez instalados; la garantía técnica mínima de las baterías será de dos (2) años, y bajo las condiciones descritas en el Formato 8 Especificaciones Técnicas. | P45: RECHAZADO
A46: OBSERVACIONES: | C46: El proponente no aclaro lo solicitado por la Entidad en la evaluación preliminar por tanto incurrió en lo descrito en el numeral 3.17. CAUSALES DE RECHAZO , numeralal (i), asi: “(…)(i) Cuando al Proponente en forma individual o conjunta se le haya requerido con el propósito de subsanar o aclarar o aportar un documento de la propuesta y no lo efectúe dentro del plazo indicado o no lo realice correctamente o de acuerdo con lo solicitado, siempre que la subsanación, aclaración o aporte requerido sea necesario para cumplir un requisito habilitante en los términos establecidos en el presente documento.(…)” CONCLUSION: RECHAZO
A47: Fichas Técnicas | P47: EVALUACIÓN
A48: El Proponente para cumplir con lo solicitado en las Fichas técnicas de la AEROCIVIL deberá aportar los catálogos del fabricante o la ficha del fabricante de los bienes ofertados, donde se pueda verificar el cumplimiento de cada uno de los requerimientos técnicos solicitados por la Entidad. El ofrecimiento técnico constituye un criterio de comparación de las ofertas, por lo tanto, el proponente deberá asegurarse de aportar dicho ofrecimiento técnico junto con la oferta so pena de rechazo. En el caso en que el catálogo o ficha técnica no contenga alguno de los requisitos solicitados, dicha verificación se podrá hacer contra certificación expedida por el fabricante de los bienes ofertados Cada bien ofrecido en los catálogos aportados o las fichas técnicas del fabricante, se confrontará con el formato 10 de las Fichas técnicas publicado de la AEROCIVIL. Nota 1: La oferta no puede estar condicionada. Si el proponente en propuesta presenta algún condicionamiento, este no será tenido en cuenta por la Entidad Nota 2: Los requerimientos técnicos descritos en el formato 10 de las Fichas Técnicas publicado por la AEROCIVIL no podrán ser modificados. En el evento que una o algunas de las características técnicas descritas en las fichas técnicas sean modificadas, se evaluará como no cumple. | P48: RECHAZADO
A49: OBSERVACIONES: | C49: El proponente no aclaro lo solicitado por la Entidad en la evaluación preliminar por tanto incurrió en lo descrito en el numeral 3.17. CAUSALES DE RECHAZO , numeralal (i), asi: “(…)(i) Cuando al Proponente en forma individual o conjunta se le haya requerido con el propósito de subsanar o aclarar o aportar un documento de la propuesta y no lo efectúe dentro del plazo indicado o no lo realice correctamente o de acuerdo con lo solicitado, siempre que la subsanación, aclaración o aporte requerido sea necesario para cumplir un requisito habilitante en los términos establecidos en el presente documento.(…)” CONCLUSION: RECHAZO
A51: FACTOR DE CALIDAD (18,75 PUNTOS) | P51: PUNTAJE
A52: 1. Curso con temática: Mantenimiento Preventivo, Correctivo y uso del sistema de gestión y monitoreo remoto de UPS EMERSON (8 PUNTOS) | P52: 8
A53: 2. Suministro de analizador de baterías (6,75 PUNTOS) | P53: 6.75
A54: 3. Diplomado en plataforma digital con temática: Mantenimiento Preventivo, Correctivo y uso del sistema de gestión y monitoreo remoto de UPS (4 PUNTOS) | P54: 4
A55: TOTAL PUNTAJE OBTENIDO | P55: =SUM(P52:P54) -> 18.75
A56: OBSERVACIONES:
A57: APOYO A LA INDUSTRIA NACIONAL – LEY 816 DE 2003 (10 PUNTOS) | P57: PUNTAJE
A58: Después de realizar el estudio de porcentajes de bienes se evidencia que ninguno de los bienes contemplados en el estudio de mercado se puede denominar como un bien relevante para el proceso, dado que no supera el 40% del presupuesto oficial, por tal motivo se otorgará el puntaje de apoyo a la Industria Nacional a los proponentes que se comprometan a vincular al desarrollo del objeto contractual un porcentaje de empleados o contratistas por prestación de servicios colombianos de al menos el ochenta por ciento (80%) del personal requerido para el cumplimiento del contrato. Los Proponentes pueden obtener puntaje de apoyo a la industria nacional por: i) Servicios Nacionales o con Trato Nacional o por ii) la incorporación de componente nacional en servicios extranjeros. La Entidad en ningún caso otorgará simultáneamente el puntaje por ambos aspectos.Los puntajes para estimular a la industria nacional se relacionan en la siguiente tabla: NOTA: A Las sucursales colombianas se les aplicará el mismo tratamiento que a las empresas extranjeras (Ver concepto C-571 de 2022 Colombia Compra Eficiente) | P58: 0
A59: OBSERVACIONES: | C59: NO PRESENTA INFORMACIO9N
A60: PROPONENTES CON TRABAJADORES CON DISCAPACIDAD. (1 Punto) | P60: PUNTAJE
A61: Conforme a lo dispuesto en el Decreto 392 de 2018, se otorgará un (1) punto a los proponentes que acrediten la vinculación de trabajadores con discapacidad en su planta de personal, de acuerdo con los siguientes requisitos: 1. La persona natural, el representante legal de la persona jurídica o el revisor fiscal, según corresponda. certificará el número total de trabajadores vinculados a la planta de personal del proponente o sus integrantes a la fecha de cierre del proceso de selección. 2. Acreditar el número mínimo de personas con discapacidad en su planta de personal, de conformidad con lo señalado en el certificado expedido por el Ministerio de Trabajo, el cual deberá estar vigente a la fecha de cierre del proceso de selección. Verificados los anteriores requisitos, se asignará un punto a quienes acrediten el número mínimo de trabajadores con discapacidad, señalados a continuación: Nota 1. Si la oferta es presentada por un consorcio o unión temporal, se tendrá en cuenta la planta de personal del integrante del proponente plural que aporte como mínimo el cuarenta por ciento (40%) de la experiencia general y/o ponderable requerida para la respectiva contratación. Nota 2. El proponente podrá allegar la certificación relacionada en el numeral 1 en el “Formato 22 – Vinculación de Personas en Condición de Discapacidad” dispuesto por la entidad o en un formato diferente, no obstante, deberá contener la información mínima exigida por el Decreto 392 de 2018. | P61: 0
A62: OBSERVACIONES: | C62: NO ANEXA CERTIFICADOS
A63: EMPRENDIMIENTO Y EMPRESAS DE MUJERES (0,25 PUNTOS) | P63: PUNTAJE
A64: La Entidad asignará un puntaje de cero punto veinticinco (0.25) puntos al Proponente que acredite la calidad de emprendimientos y empresas de mujeres con domicilio en el territorio nacional de conformidad con lo previsto en el artículo 2.2.1.2.4.2.14. del Decreto 1082 de 2015 o la norma que lo modifique, sustituya o complemente. Para que el Proponente obtenga este puntaje podrá presentar el “Formato 24 – Acreditación de emprendimiento y empresa de mujeres” o certificación con la información y documentación requeridas en el artículo 2.2.1.2.4.2.4 del Decreto 1082 de 2015, o la norma que lo modifique, complemente o sustituya. Si el Proponente debió subsanar dicho formato y/o los documentos requeridos para acreditar esta condición será válido para los criterios diferenciales en cuanto a los requisitos habilitantes relacionados con el número de contratos aportados para acreditar la experiencia solicitada, pero no se tendrán en cuenta para la asignación de puntaje, por lo que obtendrá cero (0) puntos por este criterio de evaluación. Tratándose de Proponentes Plurales este puntaje solo se otorgará si por lo menos uno de los integrantes acredita la calidad de emprendimientos y empresas de mujeres y tiene una participación igual o superior al diez por ciento (10%) en el Consorcio o en la Unión Temporal. La asignación de este puntaje no excluye la aplicación del puntaje para Mipyme. REVISAR TAMBIÉN Numeral 4.4.4 | P64: 0.25
A65: OBSERVACIONES:
A66: MIPYME DOMICILIADA EN COLOMBIA (0,25 PUNTOS) | P66: PUNTAJE
A67: La Entidad otorgará un puntaje de cero punto veinticinco (0.25) puntos al Proponente que acredite la calidad de Mipyme domiciliada en Colombia de conformidad con el artículo 2.2.1.2.4.2.4 del Decreto 1082 de 2015, en concordancia con el parágrafo del artículo 2.2.1.13.2.4 del Decreto 1074 de 2015, o la norma que lo modifique, complemente o sustituya. Para que el Proponente obtenga este puntaje podrá presentar el “Formato 23 - Acreditación de MiPymes” o certificación con la información y documentación requeridas en el artículo 2.2.1.2.4.2.4 del Decreto 1082 de 2015, o la norma que lo modifique, complemente o sustituya. Si el Proponente debió subsanar dicho formato y/o los documentos requeridos o el RUP para acreditar esta condición, será válido para los criterios diferenciales en cuanto a los requisitos habilitantes relacionados con el número de contratos aportados para acreditar la experiencia solicitada, pero no se tendrán en cuenta para la asignación de puntaje, por lo que obtendrá cero (0) puntos por este criterio de evaluación. REVISAR TAMBIÉN Numeral 4.4.4 | P67: 0.25
A68: OBSERVACIONES:
A69: TOTAL PUNTAJE OBTENIDO | P69: =SUM(P55,P58,P61,P64,P67) -> 19.25

Sheet 3
A1: UNIDAD ADMINISTRATIVA ESPECIAL DE AERONAUTICA CIVIL
A2: =+RESUMEN!C5 -> 24001216 H3 DE 2024
A3: =+RESUMEN!G5 -> REALIZAR MANTENIMIENTO A LOS SISTEMAS UPS DEL CENTRO DE GESTION AERONAUTICA DE COLOMBIA CGAC, INCLUYE RENOVAR BANCOS DE BATERÍAS POR LOTES. (VIGENCIA FUTURA).
A4: =+RESUMEN!B13 -> 3 | B4: =+RESUMEN!C13 -> CONSORCIO E TX 2024 | J4: CONFORMACIÓN | P4: % PARTICIPACIÓN
J9: TOTAL | P9: =SUM(P5:P8) -> 0
A10: CÓDIGOS | B10: 72151500 81101700 26111700 | D10: PRESUPUESTO A EVALUAR (P.O) | J10: =RESUMEN!U5 -> 1927454798 | L10: PUNTAJE OBTENIDO: | N10: =P69 -> 28.75 | O10: PO SMMLV | P10: =J10/'Serie Historica SMMLV'!C47 -> 1482.6575
A11: REQUISITOS HABILITANTES (CUMPLE /NO CUMPLE)
A12: EXPERIENCIA GENERAL PROPONENTE | O12: EVALUACIÓN
A13: La AEROCIVIL verificará la experiencia general del proponente con la información relacionada en el Formato No.19A – Experiencia General del Proponente, donde debe diligenciar la información de hasta cuatro (4) contratos registrados en el RUP e identificados en al menos dos (2) de los códigos UNSPSC requeridos y que, sumados su valor total, expresado en SMMLV, sea igual o mayor al cien por ciento (100%) del presupuesto del lote al que se presenta (Lote 1 correspondiente a 613,74 SMMLV) y (Lote 2 correspondiente a 1.482,66 SMMLV) Las consideraciones a tener en cuenta para la acreditación de la experiencia general se encuentran definidas en el complementario al pliego de condiciones. Nota 1: Los contratos presentados para la experiencia general podrán ser los mismos para acreditar la experiencia específica, siempre que cumplan los requisitos para dicha experiencia. Nota 2: Si el oferente se presenta a los dos (2) lotes deberá acreditar el 100% del presupuesto total de los dos lotes (2.096,4 SMMLV) con un máximo de cinco (5) contratos. | O13: =IF(AND(O21>=$P$10,O21<>0),"CUMPLE", "NO CUMPLE") -> CUMPLE
A14: 100% PO EN SMMLV | B14: CTO´S | C14: N° CONSECUTIVO EN EL RUP | D14: CONTRATANTE | E14: OBJETO | G14: PRESENTA DOCUMENTOS EN LISTADOS | H14: ="CUMPLE CODIGOS? "&B10 -> CUMPLE CODIGOS? 72151500 81101700 26111700 | I14: CUMPLE EXPERIENCIA? | J14: QUIEN APORTA LA EXPERIENCIA? | K14: AÑO DE TERMINACION DEL CONTRATO | L14: VALOR TOTAL EN PESOS | M14: VALOR TOTAL SMMLV - RUP | N14: % PARTICIPACION | O14: VALOR TOTAL AFECTADO | P14: CUMPLE / NO CUMPLE
A15: =+P10 -> 1482.6575 | B15: CTO 1 | C15: 162 | D15: 1 UNE EPM TELECOMUNICACIO NES | E15: Suministro de servicios asociados a la instalación de puntos de datos y/o eléctricos a nivel nacional y elementos de bolsa acorde con especificaciones por 12 meses | G15: SI | H15: SI | I15: SI | J15: ENETEL | K15: 45291 | L15: 4 754787583 | M15: 4098.95 | N15: 1 | O15: =IF(AND(H15="SI",I15="SI")=TRUE,M15*N15,"") -> 4098.95 | P15: CUMPLE
B16: CTO 2 | O16: =IF(AND(H16="SI",I16="SI")=TRUE,M16*N16,"")
B17: CTO 3 | O17: =IF(AND(H17="SI",I17="SI")=TRUE,M17*N17,"")
B18: CTO 4 | O18: =IF(AND(H18="SI",I18="SI")=TRUE,M18*N18,"")
B19: CTO 5 | O19: =IF(AND(H19="SI",I19="SI")=TRUE,M19*N19,"")
B20: CTO 6 | O20: =IF(AND(H20="SI",I20="SI")=TRUE,M20*N20,"")
K21: SUMATORIA CONTRATO EN SMMLV | O21: =SUMIF(P15:P20,"CUMPLE",O15:O20) -> 4098.95
A22: OBSERVACIONES:
A23: EVALUACION EXPERIENCIA ESPECIFICA PROPONENTE | O23: EVALUACIÓN
A24: La AEROCIVIL verificará la experiencia específica del proponente con hasta cuatro (4) certificaciones de contratos o actas de liquidación o actas de terminación de contratos celebrados con entidades públicas o privadas, ejecutados y terminados; debidamente registrados en el RUP e identificados en al menos dos (2) de los códigos UNSPSC requeridos en la experiencia general; que sumados su valor total, expresado en SMMLV, sea igual o mayor al cien por ciento (100%) del presupuesto oficial (o del lote al que se presenta) (Lote 1 correspondiente a 613,74 SMMLV) y (Lote 2 correspondiente a 1.482,66 SMMLV), y cuyo objeto, actividades u obligaciones contractuales esté relacionadas con: PRESTACIÓN DE SERVICIO DE MANTENIMIENTO DE UPS MÍNIMO DE 160 KVA Y/O • INSTALACIÓN Y PUESTA EN FUNCIONAMIENTO DE UPS MÍNIMO DE 160 KVA Las consideraciones a tener en cuenta para la acreditación de la experiencia específica se encuentran definidas en el complementario al pliego de condiciones. | O24: RECHAZADO
A25: CERTIFICACION No. | B25: CTO´S | C25: N° CONSECUTIVO EN EL RUP | D25: CONTRATANTE | E25: OBJETO | G25: PRESENTA DOCUMENTOS ENLISTADOS | H25: CUMPLE CODIGOS? | I25: OBJETO, ACTIVI U OBLIGACIONES RELACIONADAS CON ACTIVI REQUERIDAS | J25: QUIEN APORTA LA EXPERIENCIA? | K25: AÑO DE TERMINACION DEL CONTRATO | L25: VALOR TOTAL PESOS | M25: VALOR TOTAL SMMLV - RUP | N25: % PARTICIPACION | O25: VALOR TOTAL AFECTADO | P25: CUMPLE / NO CUMPLE
A26: 1 | B26: CTO 1 | C26: 11 | D26: UNE EPM TELECOMUNICACIONES S.A | E26: Mantenimiento preventivo, correctivo, adecuaciones y reformas a la infraestructura eléctrica, aire acondicionado y civil (infraestructura DC a sistemas de rectificación, baterías, UPS, inversores, etc.), ubicadas en las zonas de influencia de UNE EPM Telecomunicaciones S.A. A nivel nacional, además de suministros y servicios conexos (Grupo 3). | G26: SI | H26: SI | I26: NO | J26: TRONEX S.A.S. | K26: 31/12/2013 | L26: 29999888034 | M26: =+L26/589500 -> 50890.395 | N26: 1 | O26: =IF(AND(H26="SI",I26="SI")=TRUE,M26*N26,"") | P26: NO CUMPLE
A27: 2 | B27: CTO 2 | C27: 41 | D27: UNE EPM TELECOMUNICACIONES S.A | E27: Suministro e instalacion de 4 UPS de 150 kVA 480 VAC | G27: SI | H27: SI | I27: NO | J27: TRONEX S.A.S. | K27: 31/07/2019 | L27: 549822894 | M27: 484.62 | N27: 1 | O27: =IF(AND(H27="SI",I27="SI")=TRUE,M27*N27,"") | P27: NO CUMPLE
A28: 3 | B28: CTO 3 | C28: 39 | D28: ECOPETROL | E28: SERVICIO PARA EL MANTENIMIENTO INTEGRAL DE LOS CUARTOS TÉCNICOS DE LA REFINERÍA DE CARTAGENA. | G28: SI | H28: SI | I28: NO | J28: TRONEX S.A.S. | K28: 30/09/2018 | L28: 5629408125 | M28: 7205 | N28: 0.5 | O28: =IF(AND(H28="SI",I28="SI")=TRUE,M28*N28,"") | P28: NO CUMPLE
A29: 4 | B29: CTO 4 | C29: 85 | D29: INSOL S.A.S | E29: SUMINISTRO E INSTALACION DE UPS DE 300 KVA PARA LA PRESIDENCIA DE LA REPUBLICA COLOMBIANA | G29: SI | H29: SI | I29: SI | J29: TRONEX S.A.S. | K29: 22/06/2022 | L29: 265644414 | M29: 265.64 | N29: 1 | P29: NO CUMPLE
A30: 5 | B30: CTO 5 | O30: =IF(AND(H30="SI",I30="SI")=TRUE,M30*N30,"")
A31: 6 | B31: CTO 6 | O31: =IF(AND(H31="SI",I31="SI")=TRUE,M31*N31,"")
K32: SUMATORIA CONTRATO EN SMMLV | O32: =SUMIF(P26:P31,"CUMPLE",O26:O31) -> 0
A33: OBSERVACIONES: | C33: Contrato 1(RUP 11), Esta experiencia en el formato 19B no guarda relación con el RUP y la certificación aportada, dado que el valor en SMMLV del RUP no coincide con los SMMLV en la certificación. Adicionalmente no es posible validar que el objeto de este contrato cumpla con lo solicitado por la Entidad (INSTALACIÓN Y PUESTA EN FUNCIONAMIENTO DE UPS MÍNIMO DE 160 KVA), dado que, aunque la certificación menciona: "(...)UPS: Equipos con capacidad desde 5 kVA hasta 160 kVA; diferentes marcas tales como: APC, Liebert, Delta, Powerware, Chloride, Trimax, AEC, etc.(...)" no establece una cantidad real de las UPS de 160 kVA. Contrato 2 (RUP 41). Esta experiencia en el formato 19B no guarda relación con el RUP y la certificación aportada, dado que el valor en SMMLV del RUP no coincide con los SMMLV en la certificación. En cuanto al formalismo de la certificación no cumple con lo descrito en el Pliego de Condiciones en el numeral 4.4.3.1. Consideraciones para la Acreditación de la Experiencia Específica, literal ii, porque no indica el día de la fecha inicio y terminación del contrato. Adicionalmente el objeto del contrato NO cumple con lo solicitado por la Entidad “(…) INSTALACIÓN Y PUESTA EN FUNCIONAMIENTO DE UPS MÍNIMO DE 160 KVA(…)", dado que menciona la instalación de UPS de 150 kVA Contrato 3: Esta experiencia relacionada en el formato 19B, el proponente no tuvo en cuenta el porcentaje de participación dentro del CONSORCIO SIEP 01. Adicionalmente el objeto contractual no guarda relación con el solicitado por la Entidad. Para validar esta experiencia se requiere que el proponente allegue lo dispuesto en el numeral 4.4.3.1. Consideraciones para la Acreditación de la Experiencia Específica, “(…) literal iii. En el caso de que, en los contratos acreditados, adicionalmente se hayan ejecutado otras adquisiciones o servicios, diferentes o no similares a los solicitados en el presente proceso de contratación, no se tendrán en cuenta estos valores para efectos de acreditar la experiencia requerida. Para lo anterior el proponente debe aportar los documentos contractuales que considere y en donde se pueda verificar claramente el valor discriminado de los bienes suministrados y/o servicios prestados (…).” Nota: Se le solicita al proponente que en el termino para descorrer el informe aclara lo descrito anteriormente El proponente no aclaro lo solicitado por la Entidad en la evaluación preliminar por tanto incurrió en lo descrito en el numeral 3.17. CAUSALES DE RECHAZO , numeralal (i), asi: “(…)(i) Cuando al Proponente en forma individual o conjunta se le haya requerido con el propósito de subsanar o aclarar o aportar un documento de la propuesta y no lo efectúe dentro del plazo indicado o no lo realice correctamente o de acuerdo con lo solicitado, siempre que la subsanación, aclaración o aporte requerido sea necesario para cumplir un requisito habilitante en los términos establecidos en el presente documento.(…)” CONCLUSION: RECHAZO Dada las observaciones presentadas por el oferente UT INVER TES AEROCIVIL MATTOS fechado el 27 noviembre 2024 y subido a la plataforma Secop ll el 29 de noviembre, se realiza nuevamente revisión del parrafo indicado en el formato 2A complementario al pliego de condiciones: “4.4.3.1. Consideraciones para la Acreditación de la Experiencia Específica: “(...)xi. Para efectos de la acreditación de la experiencia requerida en el presente proceso de selección, no se aceptarán Subcontratos, ni contratos ejecutados bajo la modalidad de administración delegada u oferta mercantil. (...)” Fuera de texto. El subrayo es nuestro.” Teniendo en cuenta lo anterior, se le aclara al oferente CONSORCIO E TX 2024 que la certificacion aportada de objeto “SUMINISTRO E INSTALACION DE UPS DE 300 KVA PARA LA PRESIDENCIA DE LA REPLUBLICA COLOMBIANA” certificado por la empresa INSOL, la cual estaba en estado “Cumple” pasa al estado “No cumple”.
A34: OTROS ASPECTOS TÉCNICOS DE OBLIGATORIO CUMPLIMIENTO
A35: FORMATO No. 8 | P35: EVALUACIÓN
A36: Contiene la totalidad de condiciones y especificaciones técnicas de los bienes y/o servicios solicitados por la Entidad y que debe cumplir el contratista para el logro del objeto del presente proceso. Los requerimientos descritos en dicho formato técnico son los mínimos exigidos por la Entidad, de obligatorio cumplimiento y se constituirán en obligaciones para el contratista. Con la presentación y firma del “Formato 14 - Carta de Presentación de la Oferta”, se entiende que el proponente conoce y acepta todos los requisitos allí establecidos. En tal sentido, no será necesario aportar el “Formato No. 8 – Especificaciones Técnicas” con la propuesta y en consecuencia no será objeto de verificación del comité evaluador. | P36: CUMPLE
A37: OBSERVACIONES: | C37: En los documentos aportados por el proponente se encontro el Formato 14, el cual cumple con el formalismo solicitado
A38: CARTA DE COMPROMISO | P38: EVALUACIÓN
A39: El proponente debe anexar junto con la propuesta una Carta de Compromiso, suscrita por parte del representante legal, donde se compromete a presentar el personal requerido del formato 8 – Especificaciones Técnicas, el cual corresponde a: REVISAR TAMBIÉN Numeral 4.4.5 | P39: CUMPLE
A40: OBSERVACIONES:
A41: Certificado de Representación y Distribución Autorizada de los Bienes. | P41: EVALUACIÓN
A42: El proponente debe anexar junto con la propuesta el Certificado de Representación y Distribución Autorizada de los Bienes, expedido por el Fabricante o por el Distribuidor Autorizado por el Fabricante de los bienes ofrecidos, en el cual se indique que está autorizado para distribuir estos bienes objeto de la presente contratación. La fecha de expedición de la certificación debe ser de máximo seis (6) meses anteriores a la fecha de cierre del presente proceso de contratación. Este Certificado puede estar dirigido a cualquiera de los integrantes del Consorcio o Unión Temporal en caso de presentar la oferta bajo esta modalidad. En caso de que el proponente no sea fabricante y de presentarse más de un (1) distribuidor autorizado, el proponente deberá aportar toda la cadena de certificaciones que demuestren las autorizaciones iniciando desde el fabricante del bien. El certificado debe ser presentado por los fabricantes de las UPS objeto del contrato. | P42: RECHAZADO
A43: OBSERVACIONES: | C43: Es claro en la estructura del proceso que los bienes a adquirir son las baterías y repuestos para las UPS descritas en los documentos del presente proceso, la certificación aportada por el interesado fue únicamente de las baterias, faltando la certificación de representación y distribución autorizada por el fabricante de los repuestos de las UPS. Se le informa al proponente que una vez revisadas las certificación de representación y distribución autorizada de los baterias, no cumple con lo solicitado en el numeral 10.3.5 literal c del formato 1A Estudio previo que indica: “(…)El proponente debe anexar junto con la propuesta el Certificado de Representación y Distribución Autorizada de los Bienes, expedido por el Fabricante o por el Distribuidor Autorizado por el Fabricante de los bienes ofrecidos, en el cual se indique que está autorizado para distribuir estos bienes objeto de la presente contratación. La fecha de expedición de la certificación debe ser de máximo seis (6) meses anteriores a la fecha de cierre del presente proceso de contratación. Este Certificado puede estar dirigido a cualquiera de los integrantes del Consorcio o Unión Temporal en caso de presentar la oferta bajo esta modalidad. En caso de que el proponente no sea fabricante y de presentarse más de un (1) distribuidor autorizado, el proponente deberá aportar toda la cadena de certificaciones que demuestren las autorizaciones iniciando desde el fabricante del bien(…)”. El mencionado certificado tiene como fecha el 25 de agosto de 2023 y no cumple adicionalmente con lo solicitado en el complementario al respecto de certificaciones que provienen del exterior, asi: “(…) Los documentos públicos expedidos en el exterior, que se pretendan hacer valer en el presente proceso, deben cumplir con el requisito de apostilla o legalización (consularización), dependiendo si el país de origen es signatario del Convenio de La Haya de 1961, o es un país signatario de la Convención de Viena de 1963. Los documentos privados otorgados en el extranjero requieren reconocimiento de firma de la persona que expide o firma el documento ante un Notario o autoridad competente y la posterior apostille o legalización, según corresponda, de la firma de ese Notario o funcionario público que realiza dicho reconocimiento. Es decir, se debe apostillar o legalizar el acto notarial o de reconocimiento de firma. Para el trámite de apostilla o legalización de documentos otorgados en el exterior, las Entidades aplicarán los parámetros establecidos en las normas que regulen la materia, en especial los previstos en el artículo 480 del Código de Comercio y artículo 251 del Código General del Proceso, la Resolución No. 1959 de 2020 del Ministerio de Relaciones Exteriores, o la norma que la modifique, sustituya o complemente y la Circular Única emitida por Colombia Compra Eficiente. Los Manuales, fichas técnicas, catálogos, Data sheets, no serán objeto de apostilla o legalización, ni de traducción oficial, salvo las certificaciones, aclaraciones, o demás documentos expedidos en el exterior. Los sellos no serán objeto de traducción. NOTA: El proponente tendrá la oportunidad de acreditar el requisito de Apostilla o Legalización hasta el día hábil anterior a la instalación de la audiencia pública de adjudicación. Si el (los) documento(s) objeto de apostilla o legalización, aportado(s) con la oferta o durante el término de traslado del informe de evaluación, no cumple finalmente con este requisito, la propuesta será RECHAZADA.(…)”.
A44: Certificado de Garantía de los Bienes o Servicios. | P44: EVALUACIÓN
A45: El proponente debe anexar junto con la propuesta documento suscrito por el representante legal, mediante la cual se compromete, en caso de resultar adjudicatario, a otorgar un tiempo de garantía. La garantía técnica mínima para los elementos instalados en las UPS a excepción de las baterías será de seis (6) meses una vez instalados; la garantía técnica mínima de las baterías será de dos (2) años, y bajo las condiciones descritas en el Formato 8 Especificaciones Técnicas. | P45: RECHAZADO
A46: OBSERVACIONES: | C46: "En los documentos aportados por el proponente no se encontro la carta de garantia en los terminos descritos en el numeral 4.5.4. Certificado de Garantía de los Bienes o Servicios del FORMATO 2A - COMPLEMENTARIO PLIEGO DE CONDICIONES LICITACIÓN PÚBLICA" El proponente no aclaro lo solicitado por la Entidad en la evaluación preliminar por tanto incurrió en lo descrito en el numeral 3.17. CAUSALES DE RECHAZO , numeralal (i), asi: “(…)(i) Cuando al Proponente en forma individual o conjunta se le haya requerido con el propósito de subsanar o aclarar o aportar un documento de la propuesta y no lo efectúe dentro del plazo indicado o no lo realice correctamente o de acuerdo con lo solicitado, siempre que la subsanación, aclaración o aporte requerido sea necesario para cumplir un requisito habilitante en los términos establecidos en el presente documento.(…)” CONCLUSION: RECHAZO
A47: Fichas Técnicas | P47: EVALUACIÓN
A48: El Proponente para cumplir con lo solicitado en las Fichas técnicas de la AEROCIVIL deberá aportar los catálogos del fabricante o la ficha del fabricante de los bienes ofertados, donde se pueda verificar el cumplimiento de cada uno de los requerimientos técnicos solicitados por la Entidad. El ofrecimiento técnico constituye un criterio de comparación de las ofertas, por lo tanto, el proponente deberá asegurarse de aportar dicho ofrecimiento técnico junto con la oferta so pena de rechazo. En el caso en que el catálogo o ficha técnica no contenga alguno de los requisitos solicitados, dicha verificación se podrá hacer contra certificación expedida por el fabricante de los bienes ofertados Cada bien ofrecido en los catálogos aportados o las fichas técnicas del fabricante, se confrontará con el formato 10 de las Fichas técnicas publicado de la AEROCIVIL. Nota 1: La oferta no puede estar condicionada. Si el proponente en propuesta presenta algún condicionamiento, este no será tenido en cuenta por la Entidad Nota 2: Los requerimientos técnicos descritos en el formato 10 de las Fichas Técnicas publicado por la AEROCIVIL no podrán ser modificados. En el evento que una o algunas de las características técnicas descritas en las fichas técnicas sean modificadas, se evaluará como no cumple. | P48: RECHAZADO
A49: OBSERVACIONES: | C49: El proponente no aclaro lo solicitado por la Entidad en la evaluación preliminar por tanto incurrió en lo descrito en el numeral 3.17. CAUSALES DE RECHAZO , numeralal (i), asi: “(…)(i) Cuando al Proponente en forma individual o conjunta se le haya requerido con el propósito de subsanar o aclarar o aportar un documento de la propuesta y no lo efectúe dentro del plazo indicado o no lo realice correctamente o de acuerdo con lo solicitado, siempre que la subsanación, aclaración o aporte requerido sea necesario para cumplir un requisito habilitante en los términos establecidos en el presente documento.(…)” CONCLUSION: RECHAZO
A51: FACTOR DE CALIDAD (18,75 PUNTOS) | P51: PUNTAJE
A52: 1. Suministro de analizador de baterías: (Máximo 10 PUNTOS) - Si ofrece dos (2) analizadores de baterías (10 PUNTOS) - Si ofrece un (1) analizador de baterías (5 PUNTOS) | P52: 10
A53: 2. Curso con temática: Mantenimiento Preventivo, Correctivo y uso del sistema de gestión y monitoreo remoto de UPS SCHENEIDER (5 PUNTOS) | P53: 5
A54: 3. Diplomado en plataforma digital con temática: Mantenimiento Preventivo, Correctivo y uso del sistema de gestión y monitoreo remoto de UPS (3,75 PUNTOS) | P54: 3.75
A55: TOTAL PUNTAJE OBTENIDO | P55: =SUM(P52:P54) -> 18.75
A56: OBSERVACIONES:
A57: APOYO A LA INDUSTRIA NACIONAL – LEY 816 DE 2003 (10 PUNTOS) | P57: PUNTAJE
A58: Después de realizar el estudio de porcentajes de bienes se evidencia que ninguno de los bienes contemplados en el estudio de mercado se puede denominar como un bien relevante para el proceso, dado que no supera el 40% del presupuesto oficial, por tal motivo se otorgará el puntaje de apoyo a la Industria Nacional a los proponentes que se comprometan a vincular al desarrollo del objeto contractual un porcentaje de empleados o contratistas por prestación de servicios colombianos de al menos el ochenta por ciento (80%) del personal requerido para el cumplimiento del contrato. Los Proponentes pueden obtener puntaje de apoyo a la industria nacional por: i) Servicios Nacionales o con Trato Nacional o por ii) la incorporación de componente nacional en servicios extranjeros. La Entidad en ningún caso otorgará simultáneamente el puntaje por ambos aspectos.Los puntajes para estimular a la industria nacional se relacionan en la siguiente tabla: NOTA: A Las sucursales colombianas se les aplicará el mismo tratamiento que a las empresas extranjeras (Ver concepto C-571 de 2022 Colombia Compra Eficiente) | P58: 10
A59: OBSERVACIONES:
A60: PROPONENTES CON TRABAJADORES CON DISCAPACIDAD. (1 Punto) | P60: PUNTAJE
A61: Conforme a lo dispuesto en el Decreto 392 de 2018, se otorgará un (1) punto a los proponentes que acrediten la vinculación de trabajadores con discapacidad en su planta de personal, de acuerdo con los siguientes requisitos: 1. La persona natural, el representante legal de la persona jurídica o el revisor fiscal, según corresponda. certificará el número total de trabajadores vinculados a la planta de personal del proponente o sus integrantes a la fecha de cierre del proceso de selección. 2. Acreditar el número mínimo de personas con discapacidad en su planta de personal, de conformidad con lo señalado en el certificado expedido por el Ministerio de Trabajo, el cual deberá estar vigente a la fecha de cierre del proceso de selección. Verificados los anteriores requisitos, se asignará un punto a quienes acrediten el número mínimo de trabajadores con discapacidad, señalados a continuación: Nota 1. Si la oferta es presentada por un consorcio o unión temporal, se tendrá en cuenta la planta de personal del integrante del proponente plural que aporte como mínimo el cuarenta por ciento (40%) de la experiencia general y/o ponderable requerida para la respectiva contratación. Nota 2. El proponente podrá allegar la certificación relacionada en el numeral 1 en el “Formato 22 – Vinculación de Personas en Condición de Discapacidad” dispuesto por la entidad o en un formato diferente, no obstante, deberá contener la información mínima exigida por el Decreto 392 de 2018. | P61: 0
A62: OBSERVACIONES:
A63: EMPRENDIMIENTO Y EMPRESAS DE MUJERES (0,25 PUNTOS) | P63: PUNTAJE
A64: La Entidad asignará un puntaje de cero punto veinticinco (0.25) puntos al Proponente que acredite la calidad de emprendimientos y empresas de mujeres con domicilio en el territorio nacional de conformidad con lo previsto en el artículo 2.2.1.2.4.2.14. del Decreto 1082 de 2015 o la norma que lo modifique, sustituya o complemente. Para que el Proponente obtenga este puntaje podrá presentar el “Formato 24 – Acreditación de emprendimiento y empresa de mujeres” o certificación con la información y documentación requeridas en el artículo 2.2.1.2.4.2.4 del Decreto 1082 de 2015, o la norma que lo modifique, complemente o sustituya. Si el Proponente debió subsanar dicho formato y/o los documentos requeridos para acreditar esta condición será válido para los criterios diferenciales en cuanto a los requisitos habilitantes relacionados con el número de contratos aportados para acreditar la experiencia solicitada, pero no se tendrán en cuenta para la asignación de puntaje, por lo que obtendrá cero (0) puntos por este criterio de evaluación. Tratándose de Proponentes Plurales este puntaje solo se otorgará si por lo menos uno de los integrantes acredita la calidad de emprendimientos y empresas de mujeres y tiene una participación igual o superior al diez por ciento (10%) en el Consorcio o en la Unión Temporal. La asignación de este puntaje no excluye la aplicación del puntaje para Mipyme. REVISAR TAMBIÉN Numeral 4.4.4 | P64: 0
A65: OBSERVACIONES: | C65: Los documentos aportados cumplen con el formalismo para otorgar el puntaje
A66: MIPYME DOMICILIADA EN COLOMBIA (0,25 PUNTOS) | P66: PUNTAJE
A67: La Entidad otorgará un puntaje de cero punto veinticinco (0.25) puntos al Proponente que acredite la calidad de Mipyme domiciliada en Colombia de conformidad con el artículo 2.2.1.2.4.2.4 del Decreto 1082 de 2015, en concordancia con el parágrafo del artículo 2.2.1.13.2.4 del Decreto 1074 de 2015, o la norma que lo modifique, complemente o sustituya. Para que el Proponente obtenga este puntaje podrá presentar el “Formato 23 - Acreditación de MiPymes” o certificación con la información y documentación requeridas en el artículo 2.2.1.2.4.2.4 del Decreto 1082 de 2015, o la norma que lo modifique, complemente o sustituya. Si el Proponente debió subsanar dicho formato y/o los documentos requeridos o el RUP para acreditar esta condición, será válido para los criterios diferenciales en cuanto a los requisitos habilitantes relacionados con el número de contratos aportados para acreditar la experiencia solicitada, pero no se tendrán en cuenta para la asignación de puntaje, por lo que obtendrá cero (0) puntos por este criterio de evaluación. REVISAR TAMBIÉN Numeral 4.4.4 | P67: 0
A68: OBSERVACIONES:
A69: TOTAL PUNTAJE OBTENIDO | P69: =SUM(P55,P58,P61,P64,P67) -> 28.75

Sheet 4
A1: UNIDAD ADMINISTRATIVA ESPECIAL DE AERONAUTICA CIVIL
A2: =+RESUMEN!C5 -> 24001216 H3 DE 2024
A3: =+RESUMEN!G5 -> REALIZAR MANTENIMIENTO A LOS SISTEMAS UPS DEL CENTRO DE GESTION AERONAUTICA DE COLOMBIA CGAC, INCLUYE RENOVAR BANCOS DE BATERÍAS POR LOTES. (VIGENCIA FUTURA).
A4: =+RESUMEN!B12 -> 4 | B4: =+RESUMEN!C12 -> ASAC SAS | J4: CONFORMACIÓN | P4: % PARTICIPACIÓN
J5: ASESORÍAS Y ACABADOS ÁVILA S.A.S | P5: 1
J9: TOTAL | P9: =SUM(P5:P8) -> 1
A10: CÓDIGOS | B10: 72151500 81101700 26111700 | D10: PRESUPUESTO A EVALUAR (P.O) | J10: =RESUMEN!U5 -> 1927454798 | L10: PUNTAJE OBTENIDO: | N10: =P69 -> 29.25 | O10: PO SMMLV | P10: =J10/'Serie Historica SMMLV'!C47 -> 1482.6575
A11: REQUISITOS HABILITANTES (CUMPLE /NO CUMPLE)
A12: EXPERIENCIA GENERAL PROPONENTE | O12: EVALUACIÓN
A13: La AEROCIVIL verificará la experiencia general del proponente con la información relacionada en el Formato No.19A – Experiencia General del Proponente, donde debe diligenciar la información de hasta cuatro (4) contratos registrados en el RUP e identificados en al menos dos (2) de los códigos UNSPSC requeridos y que, sumados su valor total, expresado en SMMLV, sea igual o mayor al cien por ciento (100%) del presupuesto del lote al que se presenta (Lote 1 correspondiente a 613,74 SMMLV) y (Lote 2 correspondiente a 1.482,66 SMMLV) Las consideraciones a tener en cuenta para la acreditación de la experiencia general se encuentran definidas en el complementario al pliego de condiciones. Nota 1: Los contratos presentados para la experiencia general podrán ser los mismos para acreditar la experiencia específica, siempre que cumplan los requisitos para dicha experiencia. Nota 2: Si el oferente se presenta a los dos (2) lotes deberá acreditar el 100% del presupuesto total de los dos lotes (2.096,4 SMMLV) con un máximo de cinco (5) contratos. | O13: RECHAZADO
A14: 100% PO EN SMMLV | B14: CTO´S | C14: N° CONSECUTIVO EN EL RUP | D14: CONTRATANTE | E14: OBJETO | G14: PRESENTA DOCUMENTOS EN LISTADOS | H14: ="CUMPLE CODIGOS? "&B10 -> CUMPLE CODIGOS? 72151500 81101700 26111700 | I14: CUMPLE EXPERIENCIA? | J14: QUIEN APORTA LA EXPERIENCIA? | K14: AÑO DE TERMINACION DEL CONTRATO | L14: VALOR TOTAL EN PESOS | M14: VALOR TOTAL SMMLV - RUP | N14: % PARTICIPACION | O14: VALOR TOTAL AFECTADO | P14: CUMPLE / NO CUMPLE
A15: =+P10 -> 1482.6575 | B15: CTO 1 | O15: =IF(AND(H15="SI",I15="SI")=TRUE,M15*N15,"")
B16: CTO 2 | O16: =IF(AND(H16="SI",I16="SI")=TRUE,M16*N16,"")
B17: CTO 3 | O17: =IF(AND(H17="SI",I17="SI")=TRUE,M17*N17,"")
B18: CTO 4 | O18: =IF(AND(H18="SI",I18="SI")=TRUE,M18*N18,"")
B19: CTO 5 | O19: =IF(AND(H19="SI",I19="SI")=TRUE,M19*N19,"")
B20: CTO 6 | O20: =IF(AND(H20="SI",I20="SI")=TRUE,M20*N20,"")
K21: SUMATORIA CONTRATO EN SMMLV | O21: =SUMIF(P15:P20,"CUMPLE",O15:O20) -> 0
A22: OBSERVACIONES: | B22: El proponente no aclaro lo solicitado por la Entidad en la evaluación preliminar por tanto incurrió en lo descrito en el numeral 3.17. CAUSALES DE RECHAZO , numeralal (i), asi: “(…)(i) Cuando al Proponente en forma individual o conjunta se le haya requerido con el propósito de subsanar o aclarar o aportar un documento de la propuesta y no lo efectúe dentro del plazo indicado o no lo realice correctamente o de acuerdo con lo solicitado, siempre que la subsanación, aclaración o aporte requerido sea necesario para cumplir un requisito habilitante en los términos establecidos en el presente documento.(…)” CONCLUSION: RECHAZO
A23: EVALUACION EXPERIENCIA ESPECIFICA PROPONENTE | O23: EVALUACIÓN
A24: La AEROCIVIL verificará la experiencia específica del proponente con hasta cuatro (4) certificaciones de contratos o actas de liquidación o actas de terminación de contratos celebrados con entidades públicas o privadas, ejecutados y terminados; debidamente registrados en el RUP e identificados en al menos dos (2) de los códigos UNSPSC requeridos en la experiencia general; que sumados su valor total, expresado en SMMLV, sea igual o mayor al cien por ciento (100%) del presupuesto oficial (o del lote al que se presenta) (Lote 1 correspondiente a 613,74 SMMLV) y (Lote 2 correspondiente a 1.482,66 SMMLV), y cuyo objeto, actividades u obligaciones contractuales esté relacionadas con: PRESTACIÓN DE SERVICIO DE MANTENIMIENTO DE UPS MÍNIMO DE 160 KVA Y/O • INSTALACIÓN Y PUESTA EN FUNCIONAMIENTO DE UPS MÍNIMO DE 160 KVA Las consideraciones a tener en cuenta para la acreditación de la experiencia específica se encuentran definidas en el complementario al pliego de condiciones. | O24: RECHAZADO
A25: CERTIFICACION No. | B25: CTO´S | C25: N° CONSECUTIVO EN EL RUP | D25: CONTRATANTE | E25: OBJETO | G25: PRESENTA DOCUMENTOS ENLISTADOS | H25: CUMPLE CODIGOS? | I25: OBJETO, ACTIVI U OBLIGACIONES RELACIONADAS CON ACTIVI REQUERIDAS | J25: QUIEN APORTA LA EXPERIENCIA? | K25: AÑO DE TERMINACION DEL CONTRATO | L25: VALOR TOTAL PESOS | M25: VALOR TOTAL SMMLV - RUP | N25: % PARTICIPACION | O25: VALOR TOTAL AFECTADO | P25: CUMPLE / NO CUMPLE
A26: 1 | B26: CTO 1 | O26: =IF(AND(H26="SI",I26="SI")=TRUE,M26*N26,"")
A27: 2 | B27: CTO 2 | O27: =IF(AND(H27="SI",I27="SI")=TRUE,M27*N27,"")
A28: 3 | B28: CTO 3 | O28: =IF(AND(H28="SI",I28="SI")=TRUE,M28*N28,"")
A29: 4 | B29: CTO 4 | O29: =IF(AND(H29="SI",I29="SI")=TRUE,M29*N29,"")
A30: 5 | B30: CTO 5 | O30: =IF(AND(H30="SI",I30="SI")=TRUE,M30*N30,"")
A31: 6 | B31: CTO 6 | O31: =IF(AND(H31="SI",I31="SI")=TRUE,M31*N31,"")
K32: SUMATORIA CONTRATO EN SMMLV | O32: =SUMIF(P26:P31,"CUMPLE",O26:O31) -> 0
A33: OBSERVACIONES: | B33: El proponente no aclaro lo solicitado por la Entidad en la evaluación preliminar por tanto incurrió en lo descrito en el numeral 3.17. CAUSALES DE RECHAZO , numeralal (i), asi: “(…)(i) Cuando al Proponente en forma individual o conjunta se le haya requerido con el propósito de subsanar o aclarar o aportar un documento de la propuesta y no lo efectúe dentro del plazo indicado o no lo realice correctamente o de acuerdo con lo solicitado, siempre que la subsanación, aclaración o aporte requerido sea necesario para cumplir un requisito habilitante en los términos establecidos en el presente documento.(…)” CONCLUSION: RECHAZO
A34: OTROS ASPECTOS TÉCNICOS DE OBLIGATORIO CUMPLIMIENTO
A35: FORMATO No. 8 | P35: EVALUACIÓN
A36: Contiene la totalidad de condiciones y especificaciones técnicas de los bienes y/o servicios solicitados por la Entidad y que debe cumplir el contratista para el logro del objeto del presente proceso. Los requerimientos descritos en dicho formato técnico son los mínimos exigidos por la Entidad, de obligatorio cumplimiento y se constituirán en obligaciones para el contratista. Con la presentación y firma del “Formato 14 - Carta de Presentación de la Oferta”, se entiende que el proponente conoce y acepta todos los requisitos allí establecidos. En tal sentido, no será necesario aportar el “Formato No. 8 – Especificaciones Técnicas” con la propuesta y en consecuencia no será objeto de verificación del comité evaluador. | P36: CUMPLE
A37: OBSERVACIONES:
A38: CARTA DE COMPROMISO | P38: EVALUACIÓN
A39: El proponente debe anexar junto con la propuesta una Carta de Compromiso, suscrita por parte del representante legal, donde se compromete a presentar el personal requerido del formato 8 – Especificaciones Técnicas, el cual corresponde a: REVISAR TAMBIÉN Numeral 4.4.5 | P39: RECHAZADO
A40: OBSERVACIONES: | B40: El proponente no aclaro lo solicitado por la Entidad en la evaluación preliminar por tanto incurrió en lo descrito en el numeral 3.17. CAUSALES DE RECHAZO , numeralal (i), asi: “(…)(i) Cuando al Proponente en forma individual o conjunta se le haya requerido con el propósito de subsanar o aclarar o aportar un documento de la propuesta y no lo efectúe dentro del plazo indicado o no lo realice correctamente o de acuerdo con lo solicitado, siempre que la subsanación, aclaración o aporte requerido sea necesario para cumplir un requisito habilitante en los términos establecidos en el presente documento.(…)” CONCLUSION: RECHAZO
A41: Certificado de Representación y Distribución Autorizada de los Bienes. | P41: EVALUACIÓN
A42: El proponente debe anexar junto con la propuesta el Certificado de Representación y Distribución Autorizada de los Bienes, expedido por el Fabricante o por el Distribuidor Autorizado por el Fabricante de los bienes ofrecidos, en el cual se indique que está autorizado para distribuir estos bienes objeto de la presente contratación. La fecha de expedición de la certificación debe ser de máximo seis (6) meses anteriores a la fecha de cierre del presente proceso de contratación. Este Certificado puede estar dirigido a cualquiera de los integrantes del Consorcio o Unión Temporal en caso de presentar la oferta bajo esta modalidad. En caso de que el proponente no sea fabricante y de presentarse más de un (1) distribuidor autorizado, el proponente deberá aportar toda la cadena de certificaciones que demuestren las autorizaciones iniciando desde el fabricante del bien. El certificado debe ser presentado por los fabricantes de las UPS objeto del contrato. | P42: RECHAZADO
A43: OBSERVACIONES: | B43: El proponente no aclaro lo solicitado por la Entidad en la evaluación preliminar por tanto incurrió en lo descrito en el numeral 3.17. CAUSALES DE RECHAZO , numeralal (i), asi: “(…)(i) Cuando al Proponente en forma individual o conjunta se le haya requerido con el propósito de subsanar o aclarar o aportar un documento de la propuesta y no lo efectúe dentro del plazo indicado o no lo realice correctamente o de acuerdo con lo solicitado, siempre que la subsanación, aclaración o aporte requerido sea necesario para cumplir un requisito habilitante en los términos establecidos en el presente documento.(…)” CONCLUSION: RECHAZO
A44: Certificado de Garantía de los Bienes o Servicios. | P44: EVALUACIÓN
A45: El proponente debe anexar junto con la propuesta documento suscrito por el representante legal, mediante la cual se compromete, en caso de resultar adjudicatario, a otorgar un tiempo de garantía. La garantía técnica mínima para los elementos instalados en las UPS a excepción de las baterías será de seis (6) meses una vez instalados; la garantía técnica mínima de las baterías será de dos (2) años, y bajo las condiciones descritas en el Formato 8 Especificaciones Técnicas. | P45: RECHAZADO
A46: OBSERVACIONES: | B46: El proponente no aclaro lo solicitado por la Entidad en la evaluación preliminar por tanto incurrió en lo descrito en el numeral 3.17. CAUSALES DE RECHAZO , numeralal (i), asi: “(…)(i) Cuando al Proponente en forma individual o conjunta se le haya requerido con el propósito de subsanar o aclarar o aportar un documento de la propuesta y no lo efectúe dentro del plazo indicado o no lo realice correctamente o de acuerdo con lo solicitado, siempre que la subsanación, aclaración o aporte requerido sea necesario para cumplir un requisito habilitante en los términos establecidos en el presente documento.(…)” CONCLUSION: RECHAZO
A47: Fichas Técnicas | P47: EVALUACIÓN
A48: El Proponente para cumplir con lo solicitado en las Fichas técnicas de la AEROCIVIL deberá aportar los catálogos del fabricante o la ficha del fabricante de los bienes ofertados, donde se pueda verificar el cumplimiento de cada uno de los requerimientos técnicos solicitados por la Entidad. El ofrecimiento técnico constituye un criterio de comparación de las ofertas, por lo tanto, el proponente deberá asegurarse de aportar dicho ofrecimiento técnico junto con la oferta so pena de rechazo. En el caso en que el catálogo o ficha técnica no contenga alguno de los requisitos solicitados, dicha verificación se podrá hacer contra certificación expedida por el fabricante de los bienes ofertados Cada bien ofrecido en los catálogos aportados o las fichas técnicas del fabricante, se confrontará con el formato 10 de las Fichas técnicas publicado de la AEROCIVIL. Nota 1: La oferta no puede estar condicionada. Si el proponente en propuesta presenta algún condicionamiento, este no será tenido en cuenta por la Entidad Nota 2: Los requerimientos técnicos descritos en el formato 10 de las Fichas Técnicas publicado por la AEROCIVIL no podrán ser modificados. En el evento que una o algunas de las características técnicas descritas en las fichas técnicas sean modificadas, se evaluará como no cumple. | P48: RECHAZADO
A49: OBSERVACIONES: | B49: El proponente no aclaro lo solicitado por la Entidad en la evaluación preliminar por tanto incurrió en lo descrito en el numeral 3.17. CAUSALES DE RECHAZO , numeralal (i), asi: “(…)(i) Cuando al Proponente en forma individual o conjunta se le haya requerido con el propósito de subsanar o aclarar o aportar un documento de la propuesta y no lo efectúe dentro del plazo indicado o no lo realice correctamente o de acuerdo con lo solicitado, siempre que la subsanación, aclaración o aporte requerido sea necesario para cumplir un requisito habilitante en los términos establecidos en el presente documento.(…)” CONCLUSION: RECHAZO
A51: FACTOR DE CALIDAD (18,75 PUNTOS) | P51: PUNTAJE
A52: 1. Suministro de analizador de baterías: (Máximo 10 PUNTOS) - Si ofrece dos (2) analizadores de baterías (10 PUNTOS) - Si ofrece un (1) analizador de baterías (5 PUNTOS) | P52: 10
A53: 2. Curso con temática: Mantenimiento Preventivo, Correctivo y uso del sistema de gestión y monitoreo remoto de UPS SCHENEIDER (5 PUNTOS) | P53: 5
A54: 3. Diplomado en plataforma digital con temática: Mantenimiento Preventivo, Correctivo y uso del sistema de gestión y monitoreo remoto de UPS (3,75 PUNTOS) | P54: 3.75
A55: TOTAL PUNTAJE OBTENIDO | P55: =SUM(P52:P54) -> 18.75
A56: OBSERVACIONES:
A57: APOYO A LA INDUSTRIA NACIONAL – LEY 816 DE 2003 (10 PUNTOS) | P57: PUNTAJE
A58: Después de realizar el estudio de porcentajes de bienes se evidencia que ninguno de los bienes contemplados en el estudio de mercado se puede denominar como un bien relevante para el proceso, dado que no supera el 40% del presupuesto oficial, por tal motivo se otorgará el puntaje de apoyo a la Industria Nacional a los proponentes que se comprometan a vincular al desarrollo del objeto contractual un porcentaje de empleados o contratistas por prestación de servicios colombianos de al menos el ochenta por ciento (80%) del personal requerido para el cumplimiento del contrato. Los Proponentes pueden obtener puntaje de apoyo a la industria nacional por: i) Servicios Nacionales o con Trato Nacional o por ii) la incorporación de componente nacional en servicios extranjeros. La Entidad en ningún caso otorgará simultáneamente el puntaje por ambos aspectos.Los puntajes para estimular a la industria nacional se relacionan en la siguiente tabla: NOTA: A Las sucursales colombianas se les aplicará el mismo tratamiento que a las empresas extranjeras (Ver concepto C-571 de 2022 Colombia Compra Eficiente) | P58: 10
A59: OBSERVACIONES:
A60: PROPONENTES CON TRABAJADORES CON DISCAPACIDAD. (1 Punto) | P60: PUNTAJE
A61: Conforme a lo dispuesto en el Decreto 392 de 2018, se otorgará un (1) punto a los proponentes que acrediten la vinculación de trabajadores con discapacidad en su planta de personal, de acuerdo con los siguientes requisitos: 1. La persona natural, el representante legal de la persona jurídica o el revisor fiscal, según corresponda. certificará el número total de trabajadores vinculados a la planta de personal del proponente o sus integrantes a la fecha de cierre del proceso de selección. 2. Acreditar el número mínimo de personas con discapacidad en su planta de personal, de conformidad con lo señalado en el certificado expedido por el Ministerio de Trabajo, el cual deberá estar vigente a la fecha de cierre del proceso de selección. Verificados los anteriores requisitos, se asignará un punto a quienes acrediten el número mínimo de trabajadores con discapacidad, señalados a continuación: Nota 1. Si la oferta es presentada por un consorcio o unión temporal, se tendrá en cuenta la planta de personal del integrante del proponente plural que aporte como mínimo el cuarenta por ciento (40%) de la experiencia general y/o ponderable requerida para la respectiva contratación. Nota 2. El proponente podrá allegar la certificación relacionada en el numeral 1 en el “Formato 22 – Vinculación de Personas en Condición de Discapacidad” dispuesto por la entidad o en un formato diferente, no obstante, deberá contener la información mínima exigida por el Decreto 392 de 2018. | P61: 0
A62: OBSERVACIONES:
A63: EMPRENDIMIENTO Y EMPRESAS DE MUJERES (0,25 PUNTOS) | P63: PUNTAJE
A64: La Entidad asignará un puntaje de cero punto veinticinco (0.25) puntos al Proponente que acredite la calidad de emprendimientos y empresas de mujeres con domicilio en el territorio nacional de conformidad con lo previsto en el artículo 2.2.1.2.4.2.14. del Decreto 1082 de 2015 o la norma que lo modifique, sustituya o complemente. Para que el Proponente obtenga este puntaje podrá presentar el “Formato 24 – Acreditación de emprendimiento y empresa de mujeres” o certificación con la información y documentación requeridas en el artículo 2.2.1.2.4.2.4 del Decreto 1082 de 2015, o la norma que lo modifique, complemente o sustituya. Si el Proponente debió subsanar dicho formato y/o los documentos requeridos para acreditar esta condición será válido para los criterios diferenciales en cuanto a los requisitos habilitantes relacionados con el número de contratos aportados para acreditar la experiencia solicitada, pero no se tendrán en cuenta para la asignación de puntaje, por lo que obtendrá cero (0) puntos por este criterio de evaluación. Tratándose de Proponentes Plurales este puntaje solo se otorgará si por lo menos uno de los integrantes acredita la calidad de emprendimientos y empresas de mujeres y tiene una participación igual o superior al diez por ciento (10%) en el Consorcio o en la Unión Temporal. La asignación de este puntaje no excluye la aplicación del puntaje para Mipyme. REVISAR TAMBIÉN Numeral 4.4.4 | P64: 0.25
A65: OBSERVACIONES:
A66: MIPYME DOMICILIADA EN COLOMBIA (0,25 PUNTOS) | P66: PUNTAJE
A67: La Entidad otorgará un puntaje de cero punto veinticinco (0.25) puntos al Proponente que acredite la calidad de Mipyme domiciliada en Colombia de conformidad con el artículo 2.2.1.2.4.2.4 del Decreto 1082 de 2015, en concordancia con el parágrafo del artículo 2.2.1.13.2.4 del Decreto 1074 de 2015, o la norma que lo modifique, complemente o sustituya. Para que el Proponente obtenga este puntaje podrá presentar el “Formato 23 - Acreditación de MiPymes” o certificación con la información y documentación requeridas en el artículo 2.2.1.2.4.2.4 del Decreto 1082 de 2015, o la norma que lo modifique, complemente o sustituya. Si el Proponente debió subsanar dicho formato y/o los documentos requeridos o el RUP para acreditar esta condición, será válido para los criterios diferenciales en cuanto a los requisitos habilitantes relacionados con el número de contratos aportados para acreditar la experiencia solicitada, pero no se tendrán en cuenta para la asignación de puntaje, por lo que obtendrá cero (0) puntos por este criterio de evaluación. REVISAR TAMBIÉN Numeral 4.4.4 | P67: 0.25
A68: OBSERVACIONES:
A69: TOTAL PUNTAJE OBTENIDO | P69: =SUM(P55,P58,P61,P64,P67) -> 29.25

Sheet 5
A1: UNIDAD ADMINISTRATIVA ESPECIAL DE AERONAUTICA CIVIL
A2: =+RESUMEN!C5 -> 24001216 H3 DE 2024
A3: =+RESUMEN!G5 -> REALIZAR MANTENIMIENTO A LOS SISTEMAS UPS DEL CENTRO DE GESTION AERONAUTICA DE COLOMBIA CGAC, INCLUYE RENOVAR BANCOS DE BATERÍAS POR LOTES. (VIGENCIA FUTURA).
A4: =+RESUMEN!B11 -> 5 | B4: =+RESUMEN!C11 -> COTEL SAS | J4: CONFORMACIÓN | P4: % PARTICIPACIÓN
J9: TOTAL | P9: =SUM(P5:P8) -> 0
A10: CÓDIGOS | B10: 72151500 81101700 26111700 | D10: PRESUPUESTO A EVALUAR (P.O) | J10: =RESUMEN!U5 -> 1927454798 | L10: PUNTAJE OBTENIDO: | N10: =P69 -> 28.75 | O10: PO SMMLV | P10: =J10/'Serie Historica SMMLV'!C47 -> 1482.6575
A11: REQUISITOS HABILITANTES (CUMPLE /NO CUMPLE)
A12: EXPERIENCIA GENERAL PROPONENTE | O12: EVALUACIÓN
A13: La AEROCIVIL verificará la experiencia general del proponente con la información relacionada en el Formato No.19A – Experiencia General del Proponente, donde debe diligenciar la información de hasta cuatro (4) contratos registrados en el RUP e identificados en al menos dos (2) de los códigos UNSPSC requeridos y que, sumados su valor total, expresado en SMMLV, sea igual o mayor al cien por ciento (100%) del presupuesto del lote al que se presenta (Lote 1 correspondiente a 613,74 SMMLV) y (Lote 2 correspondiente a 1.482,66 SMMLV) Las consideraciones a tener en cuenta para la acreditación de la experiencia general se encuentran definidas en el complementario al pliego de condiciones. Nota 1: Los contratos presentados para la experiencia general podrán ser los mismos para acreditar la experiencia específica, siempre que cumplan los requisitos para dicha experiencia. Nota 2: Si el oferente se presenta a los dos (2) lotes deberá acreditar el 100% del presupuesto total de los dos lotes (2.096,4 SMMLV) con un máximo de cinco (5) contratos. | O13: =IF(AND(O21>=$P$10,O21<>0),"CUMPLE", "NO CUMPLE") -> CUMPLE
A14: 100% PO EN SMMLV | B14: CTO´S | C14: N° CONSECUTIVO EN EL RUP | D14: CONTRATANTE | E14: OBJETO | G14: PRESENTA DOCUMENTOS EN LISTADOS | H14: ="CUMPLE CODIGOS? "&B10 -> CUMPLE CODIGOS? 72151500 81101700 26111700 | I14: CUMPLE EXPERIENCIA? | J14: QUIEN APORTA LA EXPERIENCIA? | K14: AÑO DE TERMINACION DEL CONTRATO | L14: VALOR TOTAL EN PESOS | M14: VALOR TOTAL SMMLV - RUP | N14: % PARTICIPACION | O14: VALOR TOTAL AFECTADO | P14: CUMPLE / NO CUMPLE
A15: =+P10 -> 1482.6575 | B15: CTO 1 | C15: 148 | D15: UNIVERSIDAD DISTRITAL FRANCISCO JOSÉ DE CALDAS, | E15: Adquirir soporte técnico para atención a emergencias, mantenimientos preventivos periódicos, mantenimientos correctivos con cobertura total de repuestos (excepto baterías) para los equipos que conforman la infraestructura de los cuartos de equipos principales y cuartos de ups, a cargo de la red de datos UDNET. | G15: SI | H15: SI | I15: SI | J15: COTEL SAS | K15: 21/09/2021 | L15: 408427425 | M15: 449.55 | N15: 1 | O15: =IF(AND(H15="SI",I15="SI")=TRUE,M15*N15,"") -> 449.55 | P15: CUMPLE
B16: CTO 2 | C16: 105 | D16: PROCURADURIA GENERAL DE LA NACION | E16: Adquirir, instalar y garantizar elementos que conforman los diferentes sistemas del centro de datos de la procuraduría general de la nación para cumplir con las mejores prácticas, acorde a las normas y estándares internacionales. | G16: SI | H16: SI | I16: SI | J16: COTEL SAS | K16: 25/05/2018 | L16: 1764929498 | M16: 2259.13 | N16: 1 | O16: =IF(AND(H16="SI",I16="SI")=TRUE,M16*N16,"") -> 2259.13 | P16: CUMPLE
B17: CTO 3 | C17: 131 | D17: CENTRO DE SERVICIOS COMPARTIDOS | E17: Servicio de mantenimiento preventivo y correctivo de 74 UPS para el contratante y para la empresa CARIBEMAR DE LA COSTA S.A.S E.SP /O AIR-E S.A.S E.S.P | G17: SI | H17: SI | I17: SI | J17: COTEL SAS | K17: 31/05/2022 | L17: 106211361 | M17: 106.21 | N17: 1 | O17: =IF(AND(H17="SI",I17="SI")=TRUE,M17*N17,"") -> 106.21 | P17: CUMPLE
B18: CTO 4 | C18: 137 | D18: UNIVERSIDAD SAN BUENAVENTURA SECCIONAL CALI | E18: Servicio tecnico de mantenimiento preventivo y correctivo sin repuestos 7x24 de las UPS de la universidad san buenaventura seccional Cali | G18: SI | H18: SI | I18: SI | J18: COTEL SAS | K18: 31/12/2019 | L18: 102485774 | M18: 242.3 | N18: 1 | O18: =IF(AND(H18="SI",I18="SI")=TRUE,M18*N18,"") -> 242.3 | P18: CUMPLE
B19: CTO 5 | O19: =IF(AND(H19="SI",I19="SI")=TRUE,M19*N19,"")
B20: CTO 6 | O20: =IF(AND(H20="SI",I20="SI")=TRUE,M20*N20,"")
K21: SUMATORIA CONTRATO EN SMMLV | O21: =SUMIF(P15:P20,"CUMPLE",O15:O20) -> 3057.19
A22: OBSERVACIONES:
A23: EVALUACION EXPERIENCIA ESPECIFICA PROPONENTE | O23: EVALUACIÓN
A24: La AEROCIVIL verificará la experiencia específica del proponente con hasta cuatro (4) certificaciones de contratos o actas de liquidación o actas de terminación de contratos celebrados con entidades públicas o privadas, ejecutados y terminados; debidamente registrados en el RUP e identificados en al menos dos (2) de los códigos UNSPSC requeridos en la experiencia general; que sumados su valor total, expresado en SMMLV, sea igual o mayor al cien por ciento (100%) del presupuesto oficial (o del lote al que se presenta) (Lote 1 correspondiente a 613,74 SMMLV) y (Lote 2 correspondiente a 1.482,66 SMMLV), y cuyo objeto, actividades u obligaciones contractuales esté relacionadas con: PRESTACIÓN DE SERVICIO DE MANTENIMIENTO DE UPS MÍNIMO DE 160 KVA Y/O • INSTALACIÓN Y PUESTA EN FUNCIONAMIENTO DE UPS MÍNIMO DE 160 KVA Las consideraciones a tener en cuenta para la acreditación de la experiencia específica se encuentran definidas en el complementario al pliego de condiciones. | O24: =IF(AND(O32>=$P$10,O32<>0),"CUMPLE","NO CUMPLE") -> CUMPLE
A25: CERTIFICACION No. | B25: CTO´S | C25: N° CONSECUTIVO EN EL RUP | D25: CONTRATANTE | E25: OBJETO | G25: PRESENTA DOCUMENTOS ENLISTADOS | H25: CUMPLE CODIGOS? | I25: OBJETO, ACTIVI U OBLIGACIONES RELACIONADAS CON ACTIVI REQUERIDAS | J25: QUIEN APORTA LA EXPERIENCIA? | K25: AÑO DE TERMINACION DEL CONTRATO | L25: VALOR TOTAL PESOS | M25: VALOR TOTAL SMMLV - RUP | N25: % PARTICIPACION | O25: VALOR TOTAL AFECTADO | P25: CUMPLE / NO CUMPLE
A26: 1 | B26: CTO 1 | C26: 26 | D26: UNIDAD ADMINISTRATIVA ESPECIAL DE AERONAUTICA CIVIL | E26: ADQUISICION INSTALACION Y PUESTA EN FUNCIONAMIENTO DE UNA SALA TECNICA ESPECIALIZADA CON CENTRO DE MONITOREO Y GESTION PARA EL CGAC | G26: NO | H26: SI | I26: NO | J26: COTEL SAS | K26: 28/01/2016 | L26: 13957039044 | M26: 20243.58 | N26: 0.92 | O26: =IF(AND(H26="SI",I26="SI")=TRUE,M26*N26,"") | P26: NO CUMPLE
A27: 2 | B27: CTO 2 | C27: 25 | D27: BT LATAM - SENCINET | E27: Realizó el diseño, suministro y construcción del Data Center BT NAOS para la prestación de servicios de data center y cableado estructurado para el área blanca del Data Center BT Nimbus. | G27: SI | H27: SI | I27: SI | J27: COTEL SAS | K27: 41922 | L27: 3584100567 | M27: 5818 | N27: 1 | O27: =IF(AND(H27="SI",I27="SI")=TRUE,M27*N27,"") -> 5818 | P27: CUMPLE
A28: 3 | B28: CTO 3 | O28: =IF(AND(H28="SI",I28="SI")=TRUE,M28*N28,"")
A29: 4 | B29: CTO 4 | O29: =IF(AND(H29="SI",I29="SI")=TRUE,M29*N29,"")
A30: 5 | B30: CTO 5 | O30: =IF(AND(H30="SI",I30="SI")=TRUE,M30*N30,"")
A31: 6 | B31: CTO 6 | O31: =IF(AND(H31="SI",I31="SI")=TRUE,M31*N31,"")
K32: SUMATORIA CONTRATO EN SMMLV | O32: =SUMIF(P26:P31,"CUMPLE",O26:O31) -> 5818
A33: OBSERVACIONES: | C33: El documento aportado por el proponente para el CTO1 (RUP26) relaciona la solución de tres UPS de 400 KVA, en la certificación no se encuentra el desglose del valor correspondiente a esta actividad, es por ello que la certificación no cumple según lo expuesto en lo solicitado en el pliego de condiciones en el item 4.4.3.1 que indica: "iii. En el caso de que en los contratos acreditados, adicionalmente se hayan ejecutado otras adquisiciones o servicios, diferentes o no similares a los solicitados en el presente proceso de contratación, no se tendrán en cuenta estos valores para efectos de acreditar la experiencia requerida. Para lo anterior el proponente debe aportar los documentos contractuales que considere y en donde se pueda verificar claramente el valor discriminado de los bienes suministrados y/o servicios prestados". Se solicita discriminar los valores de cada una de las UPS del contrato indicado. Una vez realizado el proceso descrito en el item 2,17 del Formato 2A complementario al pliego de condiciones para la CTO 2 con codigo en el RUP 25, se obtiene el siguiente resultado basados en el documento de subsanacion allegado por el proponente en los terminos pertinentes de nombre "CERTIFICADO BT LATAM (USD)",:
A34: OTROS ASPECTOS TÉCNICOS DE OBLIGATORIO CUMPLIMIENTO
A35: FORMATO No. 8 | P35: EVALUACIÓN
A36: Contiene la totalidad de condiciones y especificaciones técnicas de los bienes y/o servicios solicitados por la Entidad y que debe cumplir el contratista para el logro del objeto del presente proceso. Los requerimientos descritos en dicho formato técnico son los mínimos exigidos por la Entidad, de obligatorio cumplimiento y se constituirán en obligaciones para el contratista. Con la presentación y firma del “Formato 14 - Carta de Presentación de la Oferta”, se entiende que el proponente conoce y acepta todos los requisitos allí establecidos. En tal sentido, no será necesario aportar el “Formato No. 8 – Especificaciones Técnicas” con la propuesta y en consecuencia no será objeto de verificación del comité evaluador. | P36: CUMPLE
A37: OBSERVACIONES:
A38: CARTA DE COMPROMISO | P38: EVALUACIÓN
A39: El proponente debe anexar junto con la propuesta una Carta de Compromiso, suscrita por parte del representante legal, donde se compromete a presentar el personal requerido del formato 8 – Especificaciones Técnicas, el cual corresponde a: REVISAR TAMBIÉN Numeral 4.4.5 | P39: CUMPLE
A40: OBSERVACIONES:
A41: Certificado de Representación y Distribución Autorizada de los Bienes. | P41: EVALUACIÓN
A42: El proponente debe anexar junto con la propuesta el Certificado de Representación y Distribución Autorizada de los Bienes, expedido por el Fabricante o por el Distribuidor Autorizado por el Fabricante de los bienes ofrecidos, en el cual se indique que está autorizado para distribuir estos bienes objeto de la presente contratación. La fecha de expedición de la certificación debe ser de máximo seis (6) meses anteriores a la fecha de cierre del presente proceso de contratación. Este Certificado puede estar dirigido a cualquiera de los integrantes del Consorcio o Unión Temporal en caso de presentar la oferta bajo esta modalidad. En caso de que el proponente no sea fabricante y de presentarse más de un (1) distribuidor autorizado, el proponente deberá aportar toda la cadena de certificaciones que demuestren las autorizaciones iniciando desde el fabricante del bien. El certificado debe ser presentado por los fabricantes de las UPS objeto del contrato. | P42: RECHAZADO
A43: OBSERVACIONES: | C43: Se le informa al proponente que una vez revisada la certificación de representación y distribución autorizada de los bienes, no cumple para lo que se solicita del numeral 10.3.5 literal c formato 1A Estudio previo que indica: “El proponente debe anexar junto con la propuesta el Certificado de Representación y Distribución Autorizada de los Bienes, expedido por el Fabricante o por el Distribuidor Autorizado por el Fabricante de los bienes ofrecidos, en el cual se indique que está autorizado para distribuir estos bienes objeto de la presente contratación. La fecha de expedición de la certificación debe ser de máximo seis (6) meses anteriores a la fecha de cierre del presente proceso de contratación. Este Certificado puede estar dirigido a cualquiera de los integrantes del Consorcio o Unión Temporal en caso de presentar la oferta bajo esta modalidad. En caso de que el proponente no sea fabricante y de presentarse más de un (1) distribuidor autorizado, el proponente deberá aportar toda la cadena de certificaciones que demuestren las autorizaciones iniciando desde el fabricante del bien”. Es claro en la estructura del proceso que los bienes a adquirir son las baterías y repuestos para las UPS descritas en los documentos del presente proceso, la certificación aportada por el interesado fue únicamente de los repuestos de las UPS la cual cumple, no obstante falta la certificación de representación y distribución autorizada por el fabricante de las baterías ofertadas. . Se le recuerda que en el numeral 2.10 del documento Complementario al pliego de condiciones que indica: “Los documentos públicos expedidos en el exterior, que se pretendan hacer valer en el presente proceso, deben cumplir con el requisito de apostilla o legalización (consularización), dependiendo si el país de origen es signatario del Convenio de La Haya de 1961, o es un país signatario de la Convención de Viena de 1963. Los documentos privados otorgados en el extranjero requieren reconocimiento de firma de la persona que expide o firma el documento ante un Notario o autoridad competente y la posterior apostille o legalización, según corresponda, de la firma de ese Notario o funcionario público que realiza dicho reconocimiento. Es decir, se debe apostillar o legalizar el acto notarial o de reconocimiento de firma. Para el trámite de apostilla o legalización de documentos otorgados en el exterior, las Entidades aplicarán los parámetros establecidos en las normas que regulen la materia, en especial los previstos en el artículo 480 del Código de Comercio y artículo 251 del Código General del Proceso, la Resolución No. 1959 de 2020 del Ministerio de Relaciones Exteriores, o la norma que la modifique, sustituya o complemente y la Circular Única emitida por Colombia Compra Eficiente. Los Manuales, fichas técnicas, catálogos, Data sheets, no serán objeto de apostilla o legalización, ni de traducción oficial, salvo las certificaciones, aclaraciones, o demás documentos expedidos en el exterior. Los sellos no serán objeto de traducción. NOTA: El proponente tendrá la oportunidad de acreditar el requisito de Apostilla o Legalización hasta el día hábil anterior a la instalación de la audiencia pública de adjudicación. Si el (los) documento(s) objeto de apostilla o legalización, aportado(s) con la oferta o durante el término de traslado del informe de evaluación, no cumple finalmente con este requisito, la propuesta será RECHAZADA.’’ RESULTADO EVALUACION SUBSANACION El proponente allega certificado de distribucion de bienes para las baterias ofertadas, sin embar debe allegar toda la cadena de certificaciones que demuestren las autorizaciones iniciando desde el fabricante del bien. Segun lo estipulado en el numeral 4.5.3. Certificado de Representación y Distribución Autorizada de los Bienes. del formato 2A COMPLEMENTARIO PLIEGO DE CONDICIONES LICITACIÓN PÚBLICA
A44: Certificado de Garantía de los Bienes o Servicios. | P44: EVALUACIÓN
A45: El proponente debe anexar junto con la propuesta documento suscrito por el representante legal, mediante la cual se compromete, en caso de resultar adjudicatario, a otorgar un tiempo de garantía. La garantía técnica mínima para los elementos instalados en las UPS a excepción de las baterías será de seis (6) meses una vez instalados; la garantía técnica mínima de las baterías será de dos (2) años, y bajo las condiciones descritas en el Formato 8 Especificaciones Técnicas. | P45: CUMPLE
A46: OBSERVACIONES:
A47: Fichas Técnicas | P47: EVALUACIÓN
A48: El Proponente para cumplir con lo solicitado en las Fichas técnicas de la AEROCIVIL deberá aportar los catálogos del fabricante o la ficha del fabricante de los bienes ofertados, donde se pueda verificar el cumplimiento de cada uno de los requerimientos técnicos solicitados por la Entidad. El ofrecimiento técnico constituye un criterio de comparación de las ofertas, por lo tanto, el proponente deberá asegurarse de aportar dicho ofrecimiento técnico junto con la oferta so pena de rechazo. En el caso en que el catálogo o ficha técnica no contenga alguno de los requisitos solicitados, dicha verificación se podrá hacer contra certificación expedida por el fabricante de los bienes ofertados Cada bien ofrecido en los catálogos aportados o las fichas técnicas del fabricante, se confrontará con el formato 10 de las Fichas técnicas publicado de la AEROCIVIL. Nota 1: La oferta no puede estar condicionada. Si el proponente en propuesta presenta algún condicionamiento, este no será tenido en cuenta por la Entidad Nota 2: Los requerimientos técnicos descritos en el formato 10 de las Fichas Técnicas publicado por la AEROCIVIL no podrán ser modificados. En el evento que una o algunas de las características técnicas descritas en las fichas técnicas sean modificadas, se evaluará como no cumple. | P48: RECHAZADO
A49: OBSERVACIONES: | C49: El propoentente anexa la ficha tecnica correspodniente a las baterias requeridas en el lote 2 sin embargo no cumple con el items Capacidad de descarga constate de corriente a 25°C ≥ 20h (0.45A, 10.5V), 10h (0.82A, 10.5V), 5h (1.54A, 10.5V), 1h (5.80A, 9.6V) descrito en el formaro 10 Fichas técnicas. RESULTADO EVALUACION SUBSANACION El proponente no allega ficha tecnica. El proponente no aclaro lo solicitado por la Entidad en la evaluación preliminar por tanto incurrió en lo descrito en el numeral 3.17. CAUSALES DE RECHAZO , numeralal (i), asi: “(…)(i) Cuando al Proponente en forma individual o conjunta se le haya requerido con el propósito de subsanar o aclarar o aportar un documento de la propuesta y no lo efectúe dentro del plazo indicado o no lo realice correctamente o de acuerdo con lo solicitado, siempre que la subsanación, aclaración o aporte requerido sea necesario para cumplir un requisito habilitante en los términos establecidos en el presente documento.(…)” esto debido a que no aporta una ficha tecnica donde se evidencia la capacidad de descarga constante de corriente requerida para este proceso. CONCLUSION: RECHAZO
A51: FACTOR DE CALIDAD (18,75 PUNTOS) | P51: PUNTAJE
A52: 1. Suministro de analizador de baterías: (Máximo 10 PUNTOS) - Si ofrece dos (2) analizadores de baterías (10 PUNTOS) - Si ofrece un (1) analizador de baterías (5 PUNTOS) | P52: 10
A53: 2. Curso con temática: Mantenimiento Preventivo, Correctivo y uso del sistema de gestión y monitoreo remoto de UPS SCHENEIDER (5 PUNTOS) | P53: 5
A54: 3. Diplomado en plataforma digital con temática: Mantenimiento Preventivo, Correctivo y uso del sistema de gestión y monitoreo remoto de UPS (3,75 PUNTOS) | P54: 3.75
A55: TOTAL PUNTAJE OBTENIDO | P55: =SUM(P52:P54) -> 18.75
A56: OBSERVACIONES:
A57: APOYO A LA INDUSTRIA NACIONAL – LEY 816 DE 2003 (10 PUNTOS) | P57: PUNTAJE
A58: Después de realizar el estudio de porcentajes de bienes se evidencia que ninguno de los bienes contemplados en el estudio de mercado se puede denominar como un bien relevante para el proceso, dado que no supera el 40% del presupuesto oficial, por tal motivo se otorgará el puntaje de apoyo a la Industria Nacional a los proponentes que se comprometan a vincular al desarrollo del objeto contractual un porcentaje de empleados o contratistas por prestación de servicios colombianos de al menos el ochenta por ciento (80%) del personal requerido para el cumplimiento del contrato. Los Proponentes pueden obtener puntaje de apoyo a la industria nacional por: i) Servicios Nacionales o con Trato Nacional o por ii) la incorporación de componente nacional en servicios extranjeros. La Entidad en ningún caso otorgará simultáneamente el puntaje por ambos aspectos.Los puntajes para estimular a la industria nacional se relacionan en la siguiente tabla: NOTA: A Las sucursales colombianas se les aplicará el mismo tratamiento que a las empresas extranjeras (Ver concepto C-571 de 2022 Colombia Compra Eficiente) | P58: 10
A59: OBSERVACIONES:
A60: PROPONENTES CON TRABAJADORES CON DISCAPACIDAD. (1 Punto) | P60: PUNTAJE
A61: Conforme a lo dispuesto en el Decreto 392 de 2018, se otorgará un (1) punto a los proponentes que acrediten la vinculación de trabajadores con discapacidad en su planta de personal, de acuerdo con los siguientes requisitos: 1. La persona natural, el representante legal de la persona jurídica o el revisor fiscal, según corresponda. certificará el número total de trabajadores vinculados a la planta de personal del proponente o sus integrantes a la fecha de cierre del proceso de selección. 2. Acreditar el número mínimo de personas con discapacidad en su planta de personal, de conformidad con lo señalado en el certificado expedido por el Ministerio de Trabajo, el cual deberá estar vigente a la fecha de cierre del proceso de selección. Verificados los anteriores requisitos, se asignará un punto a quienes acrediten el número mínimo de trabajadores con discapacidad, señalados a continuación: Nota 1. Si la oferta es presentada por un consorcio o unión temporal, se tendrá en cuenta la planta de personal del integrante del proponente plural que aporte como mínimo el cuarenta por ciento (40%) de la experiencia general y/o ponderable requerida para la respectiva contratación. Nota 2. El proponente podrá allegar la certificación relacionada en el numeral 1 en el “Formato 22 – Vinculación de Personas en Condición de Discapacidad” dispuesto por la entidad o en un formato diferente, no obstante, deberá contener la información mínima exigida por el Decreto 392 de 2018. | P61: 0
A62: OBSERVACIONES: | C62: El proponente no aporta documentacion
A63: EMPRENDIMIENTO Y EMPRESAS DE MUJERES (0,25 PUNTOS) | P63: PUNTAJE
A64: La Entidad asignará un puntaje de cero punto veinticinco (0.25) puntos al Proponente que acredite la calidad de emprendimientos y empresas de mujeres con domicilio en el territorio nacional de conformidad con lo previsto en el artículo 2.2.1.2.4.2.14. del Decreto 1082 de 2015 o la norma que lo modifique, sustituya o complemente. Para que el Proponente obtenga este puntaje podrá presentar el “Formato 24 – Acreditación de emprendimiento y empresa de mujeres” o certificación con la información y documentación requeridas en el artículo 2.2.1.2.4.2.4 del Decreto 1082 de 2015, o la norma que lo modifique, complemente o sustituya. Si el Proponente debió subsanar dicho formato y/o los documentos requeridos para acreditar esta condición será válido para los criterios diferenciales en cuanto a los requisitos habilitantes relacionados con el número de contratos aportados para acreditar la experiencia solicitada, pero no se tendrán en cuenta para la asignación de puntaje, por lo que obtendrá cero (0) puntos por este criterio de evaluación. Tratándose de Proponentes Plurales este puntaje solo se otorgará si por lo menos uno de los integrantes acredita la calidad de emprendimientos y empresas de mujeres y tiene una participación igual o superior al diez por ciento (10%) en el Consorcio o en la Unión Temporal. La asignación de este puntaje no excluye la aplicación del puntaje para Mipyme. REVISAR TAMBIÉN Numeral 4.4.4 | P64: 0
A65: OBSERVACIONES: | C65: El proponente no aporta documentacion
A66: MIPYME DOMICILIADA EN COLOMBIA (0,25 PUNTOS) | P66: PUNTAJE
A67: La Entidad otorgará un puntaje de cero punto veinticinco (0.25) puntos al Proponente que acredite la calidad de Mipyme domiciliada en Colombia de conformidad con el artículo 2.2.1.2.4.2.4 del Decreto 1082 de 2015, en concordancia con el parágrafo del artículo 2.2.1.13.2.4 del Decreto 1074 de 2015, o la norma que lo modifique, complemente o sustituya. Para que el Proponente obtenga este puntaje podrá presentar el “Formato 23 - Acreditación de MiPymes” o certificación con la información y documentación requeridas en el artículo 2.2.1.2.4.2.4 del Decreto 1082 de 2015, o la norma que lo modifique, complemente o sustituya. Si el Proponente debió subsanar dicho formato y/o los documentos requeridos o el RUP para acreditar esta condición, será válido para los criterios diferenciales en cuanto a los requisitos habilitantes relacionados con el número de contratos aportados para acreditar la experiencia solicitada, pero no se tendrán en cuenta para la asignación de puntaje, por lo que obtendrá cero (0) puntos por este criterio de evaluación. REVISAR TAMBIÉN Numeral 4.4.4 | P67: 0
A68: OBSERVACIONES: | C68: El proponente no aporta el Formato 23 - Acreditación de MiPymes
A69: TOTAL PUNTAJE OBTENIDO | P69: =SUM(P55,P58,P61,P64,P67) -> 28.75

Sheet 6
A1: UNIDAD ADMINISTRATIVA ESPECIAL DE AERONAUTICA CIVIL
A2: =+RESUMEN!C5 -> 24001216 H3 DE 2024
A3: =+RESUMEN!G5 -> REALIZAR MANTENIMIENTO A LOS SISTEMAS UPS DEL CENTRO DE GESTION AERONAUTICA DE COLOMBIA CGAC, INCLUYE RENOVAR BANCOS DE BATERÍAS POR LOTES. (VIGENCIA FUTURA).
A4: =+RESUMEN!B10 -> 6 | B4: =+RESUMEN!C10 -> UT INVER TES AEROCIVIL MATTOS | J4: CONFORMACIÓN | P4: % PARTICIPACIÓN
J5: INVERSER LTDA | P5: 0.6
J6: TESERACT SAS | P6: 0.4
J9: TOTAL | P9: =SUM(P5:P8) -> 1
A10: CÓDIGOS | B10: 72151500 81101700 26111700 | D10: PRESUPUESTO A EVALUAR (P.O) | J10: =RESUMEN!U5 -> 1927454798 | L10: PUNTAJE OBTENIDO: | N10: =P69 -> 29 | O10: PO SMMLV | P10: =J10/'Serie Historica SMMLV'!C47 -> 1482.6575
A11: REQUISITOS HABILITANTES (CUMPLE /NO CUMPLE)
A12: EXPERIENCIA GENERAL PROPONENTE | O12: EVALUACIÓN
A13: La AEROCIVIL verificará la experiencia general del proponente con la información relacionada en el Formato No.19A – Experiencia General del Proponente, donde debe diligenciar la información de hasta cuatro (4) contratos registrados en el RUP e identificados en al menos dos (2) de los códigos UNSPSC requeridos y que, sumados su valor total, expresado en SMMLV, sea igual o mayor al cien por ciento (100%) del presupuesto del lote al que se presenta (Lote 1 correspondiente a 613,74 SMMLV) y (Lote 2 correspondiente a 1.482,66 SMMLV) Las consideraciones a tener en cuenta para la acreditación de la experiencia general se encuentran definidas en el complementario al pliego de condiciones. Nota 1: Los contratos presentados para la experiencia general podrán ser los mismos para acreditar la experiencia específica, siempre que cumplan los requisitos para dicha experiencia. Nota 2: Si el oferente se presenta a los dos (2) lotes deberá acreditar el 100% del presupuesto total de los dos lotes (2.096,4 SMMLV) con un máximo de cinco (5) contratos. | O13: =IF(AND(O21>=$P$10,O21<>0),"CUMPLE", "NO CUMPLE") -> CUMPLE
A14: 100% PO EN SMMLV | B14: CTO´S | C14: N° CONSECUTIVO EN EL RUP | D14: CONTRATANTE | E14: OBJETO | G14: PRESENTA DOCUMENTOS EN LISTADOS | H14: ="CUMPLE CODIGOS? "&B10 -> CUMPLE CODIGOS? 72151500 81101700 26111700 | I14: CUMPLE EXPERIENCIA? | J14: QUIEN APORTA LA EXPERIENCIA? | K14: AÑO DE TERMINACION DEL CONTRATO | L14: VALOR TOTAL EN PESOS | M14: VALOR TOTAL SMMLV - RUP | N14: % PARTICIPACION | O14: VALOR TOTAL AFECTADO | P14: CUMPLE / NO CUMPLE
A15: =+P10 -> 1482.6575 | B15: CTO 1 | C15: 82 | D15: FISCALIA GENERAL DE LA NACION | E15: Adquisición, instalación, pruebas, y puesta en funcionamiento de sistemas de respaldo de energía eléctrica compúesto por UPS con destino a sedes seccionales de la Fiscalía General de la Nación a Nivel Nacional | G15: SI | H15: SI | I15: SI | J15: Inverser LTDA. | K15: 15/12/2018 | L15: 1371672000 | M15: 1775.75 | N15: 1 | O15: =IF(AND(H15="SI",I15="SI")=TRUE,M15*N15,"") -> 1775.75 | P15: CUMPLE
B16: CTO 2 | C16: 142 | D16: FIRMAMENTO E IMAGEN SAS | E16: Suministro e instalación de un sistema paralelo redundante con 2 UPS ´s de 250 KVA para los cuartos de cableado y puestos de trabajo de las oficinas de Call Center ubicado en el edificio Centro Comercial Fabricato Bello Antioquia. | G16: SI | H16: SI | I16: SI | J16: Inverser LTDA. | K16: 44932 | L16: 1447848924 | M16: 1334.97 | N16: 1 | O16: =IF(AND(H16="SI",I16="SI")=TRUE,M16*N16,"") -> 1334.97 | P16: CUMPLE
B17: CTO 3 | C17: 144 | D17: AERONAUTICA CIVIL | E17: Adquirir, instalar y dar en servicio sistemas ininterrumpidos de potencia UPS a nivel nacional | G17: SI | H17: SI | I17: SI | J17: Inverser LTDA. | K17: 30/01/2021 | L17: 4025703 | M17: 4861.27 | N17: 1 | O17: =IF(AND(H17="SI",I17="SI")=TRUE,M17*N17,"") -> 4861.27 | P17: CUMPLE
B18: CTO 4 | C18: 30 | D18: FONDO NACIONAL DE AHORRO | E18: Prestación de Servicios integrales de administración de infraestructura tecnológica de redes LAN (Voz, Datos), redes eléctricas de puestos de trabajo, video presencia, telefonía IP y seguridad informática perimetral a nivel nacional. | G18: SI | H18: SI | I18: SI | J18: Teseract SAS | K18: 44082 | L18: 17.374.869.274,8‬ | M18: 30079.08 | N18: 0.4 | O18: =IF(AND(H18="SI",I18="SI")=TRUE,M18*N18,"") -> 12031.632 | P18: CUMPLE
B19: CTO 5
B20: CTO 6 | O20: =IF(AND(H20="SI",I20="SI")=TRUE,M20*N20,"")
K21: SUMATORIA CONTRATO EN SMMLV | O21: =SUMIF(P15:P20,"CUMPLE",O15:O20) -> 20003.622
A22: OBSERVACIONES: | B22: La informacion consignada en el formato 19A para las CTO 2 y CTO 3 no es congruente con lo indicado en el RUP respecto a los SMMLV, ni con lo indicado en el certificacion del contrato en cuantos al valor total en pesos. Respecto al CTO 4, en el formato 19A se relaciono este contrato con informacion de Teseract que al verificarse en el RUP no corresponde. Adicionalmente el certificado indica que la participancion de Teseract es del 35% y en el RUP dice que es de 40%.
A23: EVALUACION EXPERIENCIA ESPECIFICA PROPONENTE | O23: EVALUACIÓN
A24: La AEROCIVIL verificará la experiencia específica del proponente con hasta cuatro (4) certificaciones de contratos o actas de liquidación o actas de terminación de contratos celebrados con entidades públicas o privadas, ejecutados y terminados; debidamente registrados en el RUP e identificados en al menos dos (2) de los códigos UNSPSC requeridos en la experiencia general; que sumados su valor total, expresado en SMMLV, sea igual o mayor al cien por ciento (100%) del presupuesto oficial (o del lote al que se presenta) (Lote 1 correspondiente a 613,74 SMMLV) y (Lote 2 correspondiente a 1.482,66 SMMLV), y cuyo objeto, actividades u obligaciones contractuales esté relacionadas con: PRESTACIÓN DE SERVICIO DE MANTENIMIENTO DE UPS MÍNIMO DE 160 KVA Y/O • INSTALACIÓN Y PUESTA EN FUNCIONAMIENTO DE UPS MÍNIMO DE 160 KVA Las consideraciones a tener en cuenta para la acreditación de la experiencia específica se encuentran definidas en el complementario al pliego de condiciones. | O24: =IF(AND(O32>=$P$10,O32<>0),"CUMPLE","NO CUMPLE") -> CUMPLE
A25: CERTIFICACION No. | B25: CTO´S | C25: N° CONSECUTIVO EN EL RUP | D25: CONTRATANTE | E25: OBJETO | G25: PRESENTA DOCUMENTOS ENLISTADOS | H25: CUMPLE CODIGOS? | I25: OBJETO, ACTIVI U OBLIGACIONES RELACIONADAS CON ACTIVI REQUERIDAS | J25: QUIEN APORTA LA EXPERIENCIA? | K25: AÑO DE TERMINACION DEL CONTRATO | L25: VALOR TOTAL PESOS | M25: VALOR TOTAL SMMLV - RUP | N25: % PARTICIPACION | O25: VALOR TOTAL AFECTADO | P25: CUMPLE / NO CUMPLE
A26: 1 | B26: CTO 1 | C26: 82 | D26: FISCALIA GENERAL DE LA NACION | E26: Adquisición, instalación, pruebas, y puesta en funcionamiento de sistemas de respaldo de energía eléctrica compúesto por UPS con destino a sedes seccionales de la Fiscalía General de la Nación a Nivel Nacional | G26: SI | H26: SI | I26: SI | J26: Inverser LTDA. | K26: 15/12/2018 | L26: 507164599 | M26: 649.177 | N26: 1 | O26: 649.18 | P26: CUMPLE
A27: 2 | B27: CTO 2 | C27: 142 | D27: FIRMAMENTO E IMAGEN SAS | E27: Suministro e instalación de un sistema paralelo redundante con 2 UPS ´s de 250 KVA para los cuartos de cableado y puestos de trabajo de las oficinas de Call Center ubicado en el edificio Centro Comercial Fabricato Bello Antioquia. | G27: SI | H27: SI | I27: SI | J27: Inverser LTDA. | K27: 44932 | L27: 1447848924 | M27: 1334.97 | N27: 1 | O27: =IF(AND(H27="SI",I27="SI")=TRUE,M27*N27,"") -> 1334.97 | P27: CUMPLE
A28: 3 | B28: CTO 3 | C28: 114 | D28: AERONAUTICA CIVIL | E28: Adquirir, instalar y dar en servicio sistemas ininterrumpidos de potencia UPS a nivel nacional | G28: SI | H28: SI | I28: SI | J28: Inverser LTDA. | K28: 44226 | L28: 691105769 | M28: 834.55 | N28: 1 | O28: =IF(AND(H28="SI",I28="SI")=TRUE,M28*N28,"") -> 834.55 | P28: CUMPLE
A29: 4 | B29: CTO 4 | O29: =IF(AND(H29="SI",I29="SI")=TRUE,M29*N29,"")
A30: 5 | B30: CTO 5 | O30: =IF(AND(H30="SI",I30="SI")=TRUE,M30*N30,"")
A31: 6 | B31: CTO 6 | O31: =IF(AND(H31="SI",I31="SI")=TRUE,M31*N31,"")
K32: SUMATORIA CONTRATO EN SMMLV | O32: =SUMIF(P26:P31,"CUMPLE",O26:O31) -> 2818.7
A33: OBSERVACIONES: | C33: El documento aportado por el proponente para el CTO1 (RUP 82) relaciona un total de cinco UPS de las cuales solo una cumple con la exigencia de la capacidad la cual es minimo de 160kVA , la certificacion no cumple teniendo encuenta que no se logra identificar el valor ejecutado por la UPS de 250kVA. Esto conforme a lo solicitado en el pliego de condiciones en el item 4.4.3.1 que indica: "iii. En el caso de que en los contratos acreditados, adicionalmente se hayan ejecutado otras adquisiciones o servicios, diferentes o no similares a los solicitados en el presente proceso de contratación, no se tendrán en cuenta estos valores para efectos de acreditar la experiencia requerida. Para lo anterior el proponente debe aportar los documentos contractuales que considere y en donde se pueda verificar claramente el valor discriminado de los bienes suministrados y/o servicios prestados".
A34: OTROS ASPECTOS TÉCNICOS DE OBLIGATORIO CUMPLIMIENTO
A35: FORMATO No. 8 | P35: EVALUACIÓN
A36: Contiene la totalidad de condiciones y especificaciones técnicas de los bienes y/o servicios solicitados por la Entidad y que debe cumplir el contratista para el logro del objeto del presente proceso. Los requerimientos descritos en dicho formato técnico son los mínimos exigidos por la Entidad, de obligatorio cumplimiento y se constituirán en obligaciones para el contratista. Con la presentación y firma del “Formato 14 - Carta de Presentación de la Oferta”, se entiende que el proponente conoce y acepta todos los requisitos allí establecidos. En tal sentido, no será necesario aportar el “Formato No. 8 – Especificaciones Técnicas” con la propuesta y en consecuencia no será objeto de verificación del comité evaluador. | P36: CUMPLE
A37: OBSERVACIONES:
A38: CARTA DE COMPROMISO | P38: EVALUACIÓN
A39: El proponente debe anexar junto con la propuesta una Carta de Compromiso, suscrita por parte del representante legal, donde se compromete a presentar el personal requerido del formato 8 – Especificaciones Técnicas, el cual corresponde a: REVISAR TAMBIÉN Numeral 4.4.5 | P39: CUMPLE
A40: OBSERVACIONES:
A41: Certificado de Representación y Distribución Autorizada de los Bienes. | P41: EVALUACIÓN
A42: El proponente debe anexar junto con la propuesta el Certificado de Representación y Distribución Autorizada de los Bienes, expedido por el Fabricante o por el Distribuidor Autorizado por el Fabricante de los bienes ofrecidos, en el cual se indique que está autorizado para distribuir estos bienes objeto de la presente contratación. La fecha de expedición de la certificación debe ser de máximo seis (6) meses anteriores a la fecha de cierre del presente proceso de contratación. Este Certificado puede estar dirigido a cualquiera de los integrantes del Consorcio o Unión Temporal en caso de presentar la oferta bajo esta modalidad. En caso de que el proponente no sea fabricante y de presentarse más de un (1) distribuidor autorizado, el proponente deberá aportar toda la cadena de certificaciones que demuestren las autorizaciones iniciando desde el fabricante del bien. El certificado debe ser presentado por los fabricantes de las UPS objeto del contrato. | P42: RECHAZADO
A43: OBSERVACIONES: | C43: RESULTADO EVALUACION PRELIMINAR Se le informa al proponente que una vez revisada la certificación de representación y distribución autorizada de los bienes, no cumple para lo que se solicita del numeral 10.3.5 literal c formato 1A Estudio previo que indica: “El proponente debe anexar junto con la propuesta el Certificado de Representación y Distribución Autorizada de los Bienes, expedido por el Fabricante o por el Distribuidor Autorizado por el Fabricante de los bienes ofrecidos, en el cual se indique que está autorizado para distribuir estos bienes objeto de la presente contratación. La fecha de expedición de la certificación debe ser de máximo seis (6) meses anteriores a la fecha de cierre del presente proceso de contratación. Este Certificado puede estar dirigido a cualquiera de los integrantes del Consorcio o Unión Temporal en caso de presentar la oferta bajo esta modalidad. En caso de que el proponente no sea fabricante y de presentarse más de un (1) distribuidor autorizado, el proponente deberá aportar toda la cadena de certificaciones que demuestren las autorizaciones iniciando desde el fabricante del bien”. Es claro en la estructura del proceso que los bienes a adquirir son las baterías y repuestos para las UPS descritas en los documentos del presente proceso, la certificación aportada por el interesado fue únicamente de los repuestos de las UPS, faltando la certificación de representación y distribución autorizada por el fabricante de las baterías ofertadas. Por otra parte, se evidencia que el documento presenta inconsistencias, teniendo en cuenta que la firma electrónica fue realizada en Chicago, Estados Unidos y la carta relaciona que fue expedida en Colombia. Se le recuerda que en el numeral 2.10 del documento Complementario al pliego de condiciones que indica: “Los documentos públicos expedidos en el exterior, que se pretendan hacer valer en el presente proceso, deben cumplir con el requisito de apostilla o legalización (consularización), dependiendo si el país de origen es signatario del Convenio de La Haya de 1961, o es un país signatario de la Convención de Viena de 1963. Los documentos privados otorgados en el extranjero requieren reconocimiento de firma de la persona que expide o firma el documento ante un Notario o autoridad competente y la posterior apostille o legalización, según corresponda, de la firma de ese Notario o funcionario público que realiza dicho reconocimiento. Es decir, se debe apostillar o legalizar el acto notarial o de reconocimiento de firma. Para el trámite de apostilla o legalización de documentos otorgados en el exterior, las Entidades aplicarán los parámetros establecidos en las normas que regulen la materia, en especial los previstos en el artículo 480 del Código de Comercio y artículo 251 del Código General del Proceso, la Resolución No. 1959 de 2020 del Ministerio de Relaciones Exteriores, o la norma que la modifique, sustituya o complemente y la Circular Única emitida por Colombia Compra Eficiente. Los Manuales, fichas técnicas, catálogos, Data sheets, no serán objeto de apostilla o legalización, ni de traducción oficial, salvo las certificaciones, aclaraciones, o demás documentos expedidos en el exterior. Los sellos no serán objeto de traducción. NOTA: El proponente tendrá la oportunidad de acreditar el requisito de Apostilla o Legalización hasta el día hábil anterior a la instalación de la audiencia pública de adjudicación. Si el (los) documento(s) objeto de apostilla o legalización, aportado(s) con la oferta o durante el término de traslado del informe de evaluación, no cumple finalmente con este requisito, la propuesta será RECHAZADA.’’ RESULTADO EVALUACION SUBSANACION Cumple UPS El certificado de representación y distribucion elaborado por la marca vision se encuentra fuera de Colombiano, no cuenta con el formalismo requeridido para los documentos emitidos en el exterio, por ende no cumple con lo solicitado en el numeral 2.10 del pliego de condiciones que indica: Los documentos públicos expedidos en el exterior, que se pretendan hacer valer en el presente proceso, deben cumplir con el requisito de apostilla o legalización (consularización), dependiendo si el país de origen es signatario del Convenio de La Haya de 1961, o es un país signatario de la Convención de Viena de 1963. Los documentos privados otorgados en el extranjero requieren reconocimiento de firma de la persona que expide o firma el documento ante un Notario o autoridad competente y la posterior apostille o legalización, según corresponda, de la firma de ese Notario o funcionario público que realiza dicho reconocimiento. Es decir, se debe apostillar o legalizar el acto notarial o de reconocimiento de firma. Para el trámite de apostilla o legalización de documentos otorgados en el exterior, las Entidades aplicarán los parámetros establecidos en las normas que regulen la materia, en especial los previstos en el artículo 480 del Código de Comercio y artículo 251 del Código General del Proceso, la Resolución No. 1959 de 2020 del Ministerio de Relaciones Exteriores, o la norma que la modifique, sustituya o complemente y la Circular Única emitida por Colombia Compra Eficiente. Los Manuales, fichas técnicas, catálogos, Data sheets, no serán objeto de apostilla o legalización, ni de traducción oficial, salvo las certificaciones, aclaraciones, o demás documentos expedidos en el exterior. Los sellos no serán objeto de traducción. NOTA: El proponente tendrá la oportunidad de acreditar el requisito de Apostilla o Legalización hasta el día hábil anterior a la instalación de la audiencia pública de adjudicación. Si el (los) documento(s) objeto de apostilla o legalización, aportado(s) con la oferta o durante el término de traslado del informe de evaluación, no cumple finalmente con este requisito, la propuesta será RECHAZADA.’’. EVALUACION SUBSANACION FINAL Una vez analizados los documentos aportados, se evidencia que el documento denominado "Apostilla (1)", obedece a una traducción efectuada por JEANNETTE INSIGNARES MELO, de quien se efectúa presentación personal ante el Notario 33 de Bogotá y posteriormente se apostilla dicho acto notarial. Teniendo en cuenta lo dispuesto en el formato 2A Complementario al pliego de condiciones en el item 2.10 DOCUMENTOS OTORGADOS EN EL EXTERIOR, especifica que: “Los documentos privados otorgados en el extranjero requieren reconocimiento de firma de la persona que expide o firma el documento ante un Notario o autoridad competente y la posterior apostille o legalización, según corresponda, de la firma de ese Notario o funcionario público que realiza dicho reconocimiento”. El documento aportado NO CUMPLE, toda vez que se legalizo la traducción del certificado y no el original. De conformidad con lo anterior, el proponente se califica como RECHAZADO en el ítem de evaluación de certificado de representación y distribución de los bienes para los dos Lotes, de acuerdo con lo establecido en el formato 2A en el item 3.14 REGLAS DE SUBSANABILIDAD: “Los Proponentes deberán allegar las aclaraciones o documentos requeridos en el momento en el que fueron solicitados y a más tardar hasta el término de traslado del informe de evaluación, es decir, hasta cinco (5) días hábiles siguientes, contados a partir del día hábil siguiente a la publicación del informe de evaluación, so pena del rechazo de la propuesta”. "
A44: Certificado de Garantía de los Bienes o Servicios. | P44: EVALUACIÓN
A45: El proponente debe anexar junto con la propuesta documento suscrito por el representante legal, mediante la cual se compromete, en caso de resultar adjudicatario, a otorgar un tiempo de garantía. La garantía técnica mínima para los elementos instalados en las UPS a excepción de las baterías será de seis (6) meses una vez instalados; la garantía técnica mínima de las baterías será de dos (2) años, y bajo las condiciones descritas en el Formato 8 Especificaciones Técnicas. | P45: CUMPLE
A46: OBSERVACIONES:
A47: Fichas Técnicas | P47: EVALUACIÓN
A48: El Proponente para cumplir con lo solicitado en las Fichas técnicas de la AEROCIVIL deberá aportar los catálogos del fabricante o la ficha del fabricante de los bienes ofertados, donde se pueda verificar el cumplimiento de cada uno de los requerimientos técnicos solicitados por la Entidad. El ofrecimiento técnico constituye un criterio de comparación de las ofertas, por lo tanto, el proponente deberá asegurarse de aportar dicho ofrecimiento técnico junto con la oferta so pena de rechazo. En el caso en que el catálogo o ficha técnica no contenga alguno de los requisitos solicitados, dicha verificación se podrá hacer contra certificación expedida por el fabricante de los bienes ofertados Cada bien ofrecido en los catálogos aportados o las fichas técnicas del fabricante, se confrontará con el formato 10 de las Fichas técnicas publicado de la AEROCIVIL. Nota 1: La oferta no puede estar condicionada. Si el proponente en propuesta presenta algún condicionamiento, este no será tenido en cuenta por la Entidad Nota 2: Los requerimientos técnicos descritos en el formato 10 de las Fichas Técnicas publicado por la AEROCIVIL no podrán ser modificados. En el evento que una o algunas de las características técnicas descritas en las fichas técnicas sean modificadas, se evaluará como no cumple. | P48: CUMPLE
A49: OBSERVACIONES:
A51: FACTOR DE CALIDAD (18,75 PUNTOS) | P51: PUNTAJE
A52: 1. Suministro de analizador de baterías: (Máximo 10 PUNTOS) - Si ofrece dos (2) analizadores de baterías (10 PUNTOS) - Si ofrece un (1) analizador de baterías (5 PUNTOS) | P52: 10
A53: 2. Curso con temática: Mantenimiento Preventivo, Correctivo y uso del sistema de gestión y monitoreo remoto de UPS SCHENEIDER (5 PUNTOS) | P53: 5
A54: 3. Diplomado en plataforma digital con temática: Mantenimiento Preventivo, Correctivo y uso del sistema de gestión y monitoreo remoto de UPS (3,75 PUNTOS) | P54: 3.75
A55: TOTAL PUNTAJE OBTENIDO | P55: =SUM(P52:P54) -> 18.75
A56: OBSERVACIONES:
A57: APOYO A LA INDUSTRIA NACIONAL – LEY 816 DE 2003 (10 PUNTOS) | P57: PUNTAJE
A58: Después de realizar el estudio de porcentajes de bienes se evidencia que ninguno de los bienes contemplados en el estudio de mercado se puede denominar como un bien relevante para el proceso, dado que no supera el 40% del presupuesto oficial, por tal motivo se otorgará el puntaje de apoyo a la Industria Nacional a los proponentes que se comprometan a vincular al desarrollo del objeto contractual un porcentaje de empleados o contratistas por prestación de servicios colombianos de al menos el ochenta por ciento (80%) del personal requerido para el cumplimiento del contrato. Los Proponentes pueden obtener puntaje de apoyo a la industria nacional por: i) Servicios Nacionales o con Trato Nacional o por ii) la incorporación de componente nacional en servicios extranjeros. La Entidad en ningún caso otorgará simultáneamente el puntaje por ambos aspectos.Los puntajes para estimular a la industria nacional se relacionan en la siguiente tabla: NOTA: A Las sucursales colombianas se les aplicará el mismo tratamiento que a las empresas extranjeras (Ver concepto C-571 de 2022 Colombia Compra Eficiente) | P58: 10
A59: OBSERVACIONES:
A60: PROPONENTES CON TRABAJADORES CON DISCAPACIDAD. (1 Punto) | P60: PUNTAJE
A61: Conforme a lo dispuesto en el Decreto 392 de 2018, se otorgará un (1) punto a los proponentes que acrediten la vinculación de trabajadores con discapacidad en su planta de personal, de acuerdo con los siguientes requisitos: 1. La persona natural, el representante legal de la persona jurídica o el revisor fiscal, según corresponda. certificará el número total de trabajadores vinculados a la planta de personal del proponente o sus integrantes a la fecha de cierre del proceso de selección. 2. Acreditar el número mínimo de personas con discapacidad en su planta de personal, de conformidad con lo señalado en el certificado expedido por el Ministerio de Trabajo, el cual deberá estar vigente a la fecha de cierre del proceso de selección. Verificados los anteriores requisitos, se asignará un punto a quienes acrediten el número mínimo de trabajadores con discapacidad, señalados a continuación: Nota 1. Si la oferta es presentada por un consorcio o unión temporal, se tendrá en cuenta la planta de personal del integrante del proponente plural que aporte como mínimo el cuarenta por ciento (40%) de la experiencia general y/o ponderable requerida para la respectiva contratación. Nota 2. El proponente podrá allegar la certificación relacionada en el numeral 1 en el “Formato 22 – Vinculación de Personas en Condición de Discapacidad” dispuesto por la entidad o en un formato diferente, no obstante, deberá contener la información mínima exigida por el Decreto 392 de 2018. | P61: 0
A62: OBSERVACIONES:
A63: EMPRENDIMIENTO Y EMPRESAS DE MUJERES (0,25 PUNTOS) | P63: PUNTAJE
A64: La Entidad asignará un puntaje de cero punto veinticinco (0.25) puntos al Proponente que acredite la calidad de emprendimientos y empresas de mujeres con domicilio en el territorio nacional de conformidad con lo previsto en el artículo 2.2.1.2.4.2.14. del Decreto 1082 de 2015 o la norma que lo modifique, sustituya o complemente. Para que el Proponente obtenga este puntaje podrá presentar el “Formato 24 – Acreditación de emprendimiento y empresa de mujeres” o certificación con la información y documentación requeridas en el artículo 2.2.1.2.4.2.4 del Decreto 1082 de 2015, o la norma que lo modifique, complemente o sustituya. Si el Proponente debió subsanar dicho formato y/o los documentos requeridos para acreditar esta condición será válido para los criterios diferenciales en cuanto a los requisitos habilitantes relacionados con el número de contratos aportados para acreditar la experiencia solicitada, pero no se tendrán en cuenta para la asignación de puntaje, por lo que obtendrá cero (0) puntos por este criterio de evaluación. Tratándose de Proponentes Plurales este puntaje solo se otorgará si por lo menos uno de los integrantes acredita la calidad de emprendimientos y empresas de mujeres y tiene una participación igual o superior al diez por ciento (10%) en el Consorcio o en la Unión Temporal. La asignación de este puntaje no excluye la aplicación del puntaje para Mipyme. REVISAR TAMBIÉN Numeral 4.4.4 | P64: 0
A65: OBSERVACIONES:
A66: MIPYME DOMICILIADA EN COLOMBIA (0,25 PUNTOS) | P66: PUNTAJE
A67: La Entidad otorgará un puntaje de cero punto veinticinco (0.25) puntos al Proponente que acredite la calidad de Mipyme domiciliada en Colombia de conformidad con el artículo 2.2.1.2.4.2.4 del Decreto 1082 de 2015, en concordancia con el parágrafo del artículo 2.2.1.13.2.4 del Decreto 1074 de 2015, o la norma que lo modifique, complemente o sustituya. Para que el Proponente obtenga este puntaje podrá presentar el “Formato 23 - Acreditación de MiPymes” o certificación con la información y documentación requeridas en el artículo 2.2.1.2.4.2.4 del Decreto 1082 de 2015, o la norma que lo modifique, complemente o sustituya. Si el Proponente debió subsanar dicho formato y/o los documentos requeridos o el RUP para acreditar esta condición, será válido para los criterios diferenciales en cuanto a los requisitos habilitantes relacionados con el número de contratos aportados para acreditar la experiencia solicitada, pero no se tendrán en cuenta para la asignación de puntaje, por lo que obtendrá cero (0) puntos por este criterio de evaluación. REVISAR TAMBIÉN Numeral 4.4.4 | P67: 0.25
A68: OBSERVACIONES:
A69: TOTAL PUNTAJE OBTENIDO | P69: =SUM(P55,P58,P61,P64,P67) -> 29

Sheet 7
A1: UNIDAD ADMINISTRATIVA ESPECIAL DE AERONAUTICA CIVIL
A2: =+RESUMEN!C5 -> 24001216 H3 DE 2024
A3: =+RESUMEN!G5 -> REALIZAR MANTENIMIENTO A LOS SISTEMAS UPS DEL CENTRO DE GESTION AERONAUTICA DE COLOMBIA CGAC, INCLUYE RENOVAR BANCOS DE BATERÍAS POR LOTES. (VIGENCIA FUTURA).
A4: =+RESUMEN!B9 -> 7 | B4: =+RESUMEN!C9 -> SUCOMPUTO SAS | J4: CONFORMACIÓN | P4: % PARTICIPACIÓN
J9: TOTAL | P9: =SUM(P5:P8) -> 0
A10: CÓDIGOS | B10: 72151500 81101700 26111700 | D10: PRESUPUESTO A EVALUAR (P.O) | J10: =RESUMEN!U5 -> 1927454798 | L10: PUNTAJE OBTENIDO: | N10: =P69 -> 29.25 | O10: PO SMMLV | P10: =J10/'Serie Historica SMMLV'!C47 -> 1482.6575
A11: REQUISITOS HABILITANTES (CUMPLE /NO CUMPLE)
A12: EXPERIENCIA GENERAL PROPONENTE | O12: EVALUACIÓN
A13: La AEROCIVIL verificará la experiencia general del proponente con la información relacionada en el Formato No.19A – Experiencia General del Proponente, donde debe diligenciar la información de hasta cuatro (4) contratos registrados en el RUP e identificados en al menos dos (2) de los códigos UNSPSC requeridos y que, sumados su valor total, expresado en SMMLV, sea igual o mayor al cien por ciento (100%) del presupuesto del lote al que se presenta (Lote 1 correspondiente a 613,74 SMMLV) y (Lote 2 correspondiente a 1.482,66 SMMLV) Las consideraciones a tener en cuenta para la acreditación de la experiencia general se encuentran definidas en el complementario al pliego de condiciones. Nota 1: Los contratos presentados para la experiencia general podrán ser los mismos para acreditar la experiencia específica, siempre que cumplan los requisitos para dicha experiencia. Nota 2: Si el oferente se presenta a los dos (2) lotes deberá acreditar el 100% del presupuesto total de los dos lotes (2.096,4 SMMLV) con un máximo de cinco (5) contratos. | O13: =IF(AND(O21>=$P$10,O21<>0),"CUMPLE", "NO CUMPLE") -> CUMPLE
A14: 100% PO EN SMMLV | B14: CTO´S | C14: N° CONSECUTIVO EN EL RUP | D14: CONTRATANTE | E14: OBJETO | G14: PRESENTA DOCUMENTOS EN LISTADOS | H14: ="CUMPLE CODIGOS? "&B10 -> CUMPLE CODIGOS? 72151500 81101700 26111700 | I14: CUMPLE EXPERIENCIA? | J14: QUIEN APORTA LA EXPERIENCIA? | K14: AÑO DE TERMINACION DEL CONTRATO | L14: VALOR TOTAL EN PESOS | M14: VALOR TOTAL SMMLV - RUP | N14: % PARTICIPACION | O14: VALOR TOTAL AFECTADO | P14: CUMPLE / NO CUMPLE
A15: =+P10 -> 1482.6575 | B15: CTO 1 | C15: 34 | D15: CEMEX COLOMBIA SAS | E15: SUMINISTRO INCLUIDO INSTALACION A CERO METROS DE EQUIPO UPS APC GALAXY VM DE 180KVA | G15: SI | H15: SI | I15: SI | J15: SUCOMPUTO SAS | K15: 42430 | L15: 455536316 | M15: 660.72 | N15: 1 | O15: =IF(AND(H15="SI",I15="SI")=TRUE,M15*N15,"") -> 660.72 | P15: CUMPLE
B16: CTO 2 | C16: 37 | D16: POLICIA NACIONAL -DIRECCION ADMINISTRATIVA Y FINANCIERA | E16: MANTENIMIENTO UPS A NIVEL NACINAL | G16: SI | H16: SI | I16: SI | J16: SUCOMPUTO SAS | K16: 43738 | L16: 707962424 | M16: 854.9 | N16: 1 | O16: =IF(AND(H16="SI",I16="SI")=TRUE,M16*N16,"") -> 854.9 | P16: CUMPLE
B17: CTO 3 | C17: 45 | D17: TYCO SERVICES SA | E17: SUMIISTRO INSTALACION Y MANTENIMIENTO DE 5 UPS VERTIV EXM DE 200 KVA | G17: SI | H17: SI | I17: SI | J17: SUCOMPUTO SAS | K17: 44256 | L17: 528271170 | M17: 581.45 | N17: 1 | O17: =IF(AND(H17="SI",I17="SI")=TRUE,M17*N17,"") -> 581.45 | P17: CUMPLE
B18: CTO 4 | C18: 50 | D18: POLICIA NACIONAL -DIRECCION ADMINISTRATIVA Y FINANCIERA | E18: MANTENIMIENTO UPS A NIVEL NACINAL | G18: SI | H18: SI | I18: SI | J18: SUCOMPUTO SAS | K18: 44834 | L18: 848000000 | M18: 848 | N18: 1 | O18: =IF(AND(H18="SI",I18="SI")=TRUE,M18*N18,"") -> 848 | P18: CUMPLE
B19: CTO 5 | C19: 48 | D19: SODIMAC COLOMBIA SA | E19: MANTENIMIENTO PREVENTIVO Y CORRECTIVO A 281 UPS Y MONITOREO DE 125 UPS A NIVEL NACIONAL | G19: SI | H19: SI | I19: SI | J19: SUCOMPUTO SAS | K19: 44621 | L19: 365065456 | M19: 365.06 | N19: 1 | O19: =IF(AND(H19="SI",I19="SI")=TRUE,M19*N19,"") -> 365.06 | P19: CUMPLE
B20: CTO 6 | O20: =IF(AND(H20="SI",I20="SI")=TRUE,M20*N20,"")
K21: SUMATORIA CONTRATO EN SMMLV | O21: =SUMIF(P15:P20,"CUMPLE",O15:O20) -> 3310.13
A22: OBSERVACIONES:
A23: EVALUACION EXPERIENCIA ESPECIFICA PROPONENTE | O23: EVALUACIÓN
A24: La AEROCIVIL verificará la experiencia específica del proponente con hasta cuatro (4) certificaciones de contratos o actas de liquidación o actas de terminación de contratos celebrados con entidades públicas o privadas, ejecutados y terminados; debidamente registrados en el RUP e identificados en al menos dos (2) de los códigos UNSPSC requeridos en la experiencia general; que sumados su valor total, expresado en SMMLV, sea igual o mayor al cien por ciento (100%) del presupuesto oficial (o del lote al que se presenta) (Lote 1 correspondiente a 613,74 SMMLV) y (Lote 2 correspondiente a 1.482,66 SMMLV), y cuyo objeto, actividades u obligaciones contractuales esté relacionadas con: PRESTACIÓN DE SERVICIO DE MANTENIMIENTO DE UPS MÍNIMO DE 160 KVA Y/O • INSTALACIÓN Y PUESTA EN FUNCIONAMIENTO DE UPS MÍNIMO DE 160 KVA Las consideraciones a tener en cuenta para la acreditación de la experiencia específica se encuentran definidas en el complementario al pliego de condiciones. | O24: RECHAZADO
A25: CERTIFICACION No. | B25: CTO´S | C25: N° CONSECUTIVO EN EL RUP | D25: CONTRATANTE | E25: OBJETO | G25: PRESENTA DOCUMENTOS ENLISTADOS | H25: CUMPLE CODIGOS? | I25: OBJETO, ACTIVI U OBLIGACIONES RELACIONADAS CON ACTIVI REQUERIDAS | J25: QUIEN APORTA LA EXPERIENCIA? | K25: AÑO DE TERMINACION DEL CONTRATO | L25: VALOR TOTAL PESOS | M25: VALOR TOTAL SMMLV - RUP | N25: % PARTICIPACION | O25: VALOR TOTAL AFECTADO | P25: CUMPLE / NO CUMPLE
A26: 1 | B26: CTO 1 | C26: 34 | D26: CEMEX COLOMBIA SAS | E26: SUMINISTRO INCLUIDO INSTALACION A CERO METROS DE EQUIPO UPS APC GALAXY VM DE 180KVA | G26: SI | H26: SI | I26: SI | J26: SUCOMPUTO SAS | K26: 42430 | L26: 455536316 | M26: 660.72 | N26: 1 | O26: =IF(AND(H26="SI",I26="SI")=TRUE,M26*N26,"") -> 660.72 | P26: CUMPLE
A27: 2 | B27: CTO 2 | C27: 37 | D27: POLICIA NACIONAL -DIRECCION ADMINISTRATIVA Y FINANCIERA | E27: MANTENIMIENTO UPS A NIVEL NACINAL | G27: SI | H27: SI | I27: NO | J27: SUCOMPUTO SAS | K27: 43738 | L27: 707962424 | M27: 854.9 | N27: 1 | O27: =IF(AND(H27="SI",I27="SI")=TRUE,M27*N27,"") | P27: NO CUMPLE
A28: 3 | B28: CTO 3 | C28: 45 | D28: TYCO SERVICES SA | E28: SUMIISTRO INSTALACION Y MANTENIMIENTO DE 5 UPS VERTIV EXM DE 200 KVA | G28: SI | H28: SI | I28: SI | J28: SUCOMPUTO SAS | K28: 44199 | L28: 528271170 | M28: 581.45 | N28: 1 | O28: =IF(AND(H28="SI",I28="SI")=TRUE,M28*N28,"") -> 581.45 | P28: CUMPLE
A29: 4 | B29: CTO 4 | C29: 50 | D29: POLICIA NACIONAL -DIRECCION ADMINISTRATIVA Y FINANCIERA | E29: MANTENIMIENTO UPS A NIVEL NACINAL | G29: SI | H29: SI | J29: SUCOMPUTO SAS | K29: 44834 | L29: 848000000 | M29: 848 | N29: 1 | O29: =IF(AND(H29="SI",I29="SI")=TRUE,M29*N29,"") | P29: NO CUMPLE
A30: 5 | B30: CTO 5 | C30: 21 | D30: COMSISTELCO | E30: MANTENIMIENTO PREVENTIVO Y CORRECTIVO A EQUIPOS UPS DE 1 A 225 KVA A NIVEL NACIONAL, SUMINISTRO E INSTALACION DE BATERIAS | G30: SI | H30: SI | I30: NO | J30: SUCOMPUTO SAS | K30: 42369 | L30: 417770362 | M30: 648.35 | N30: 1 | O30: =IF(AND(H30="SI",I30="SI")=TRUE,M30*N30,"") | P30: NO CUMPLE
A31: 6 | B31: CTO 6 | O31: =IF(AND(H31="SI",I31="SI")=TRUE,M31*N31,"")
K32: SUMATORIA CONTRATO EN SMMLV | O32: =SUMIF(P26:P31,"CUMPLE",O26:O31) -> 1242.17
A33: OBSERVACIONES:
A34: OTROS ASPECTOS TÉCNICOS DE OBLIGATORIO CUMPLIMIENTO
A35: FORMATO No. 8 | P35: EVALUACIÓN
A36: Contiene la totalidad de condiciones y especificaciones técnicas de los bienes y/o servicios solicitados por la Entidad y que debe cumplir el contratista para el logro del objeto del presente proceso. Los requerimientos descritos en dicho formato técnico son los mínimos exigidos por la Entidad, de obligatorio cumplimiento y se constituirán en obligaciones para el contratista. Con la presentación y firma del “Formato 14 - Carta de Presentación de la Oferta”, se entiende que el proponente conoce y acepta todos los requisitos allí establecidos. En tal sentido, no será necesario aportar el “Formato No. 8 – Especificaciones Técnicas” con la propuesta y en consecuencia no será objeto de verificación del comité evaluador. | P36: CUMPLE
A37: OBSERVACIONES:
A38: CARTA DE COMPROMISO | P38: EVALUACIÓN
A39: El proponente debe anexar junto con la propuesta una Carta de Compromiso, suscrita por parte del representante legal, donde se compromete a presentar el personal requerido del formato 8 – Especificaciones Técnicas, el cual corresponde a: REVISAR TAMBIÉN Numeral 4.4.5 | P39: CUMPLE
A40: OBSERVACIONES:
A41: Certificado de Representación y Distribución Autorizada de los Bienes. | P41: EVALUACIÓN
A42: El proponente debe anexar junto con la propuesta el Certificado de Representación y Distribución Autorizada de los Bienes, expedido por el Fabricante o por el Distribuidor Autorizado por el Fabricante de los bienes ofrecidos, en el cual se indique que está autorizado para distribuir estos bienes objeto de la presente contratación. La fecha de expedición de la certificación debe ser de máximo seis (6) meses anteriores a la fecha de cierre del presente proceso de contratación. Este Certificado puede estar dirigido a cualquiera de los integrantes del Consorcio o Unión Temporal en caso de presentar la oferta bajo esta modalidad. En caso de que el proponente no sea fabricante y de presentarse más de un (1) distribuidor autorizado, el proponente deberá aportar toda la cadena de certificaciones que demuestren las autorizaciones iniciando desde el fabricante del bien. El certificado debe ser presentado por los fabricantes de las UPS objeto del contrato. | P42: RECHAZADO
A43: OBSERVACIONES: | C43: Se le informa al proponente que una vez revisada la certificación de representación y distribución autorizada de los bienes, no cumple en lo solicitado en el numeral 10.3.5 literal c del formato 1A Estudio previo que indica: “El proponente debe anexar junto con la propuesta el Certificado de Representación y Distribución Autorizada de los Bienes, expedido por el Fabricante o por el Distribuidor Autorizado por el Fabricante de los bienes ofrecidos, en el cual se indique que está autorizado para distribuir estos bienes objeto de la presente contratación. La fecha de expedición de la certificación debe ser de máximo seis (6) meses anteriores a la fecha de cierre del presente proceso de contratación. Este Certificado puede estar dirigido a cualquiera de los integrantes del Consorcio o Unión Temporal en caso de presentar la oferta bajo esta modalidad. En caso de que el proponente no sea fabricante y de presentarse más de un (1) distribuidor autorizado, el proponente deberá aportar toda la cadena de certificaciones que demuestren las autorizaciones iniciando desde el fabricante del bien”. Es claro en la estructura del proceso que los bienes a adquirir son las baterías y repuestos para las UPS descritas en los documentos del presente proceso, la certificación aportada por el interesado fue únicamente de los repuestos de las UPS, faltando la certificación de representación y distribución autorizada por el fabricante de las baterías ofertadas. El interesado presenta un documento que no sustenta la distribución autorizadas de los equipos Scheneirder, además es un documento expedido en el año 2022 por lo cual no cumple. Por otra parte, se le recuerda que en el numeral 2.10 del documento Complementario al pliego de condiciones que indica: “Los documentos públicos expedidos en el exterior, que se pretendan hacer valer en el presente proceso, deben cumplir con el requisito de apostilla o legalización (consularización), dependiendo si el país de origen es signatario del Convenio de La Haya de 1961, o es un país signatario de la Convención de Viena de 1963. Los documentos privados otorgados en el extranjero requieren reconocimiento de firma de la persona que expide o firma el documento ante un Notario o autoridad competente y la posterior apostille o legalización, según corresponda, de la firma de ese Notario o funcionario público que realiza dicho reconocimiento. Es decir, se debe apostillar o legalizar el acto notarial o de reconocimiento de firma. Para el trámite de apostilla o legalización de documentos otorgados en el exterior, las Entidades aplicarán los parámetros establecidos en las normas que regulen la materia, en especial los previstos en el artículo 480 del Código de Comercio y artículo 251 del Código General del Proceso, la Resolución No. 1959 de 2020 del Ministerio de Relaciones Exteriores, o la norma que la modifique, sustituya o complemente y la Circular Única emitida por Colombia Compra Eficiente. Los Manuales, fichas técnicas, catálogos, Data sheets, no serán objeto de apostilla o legalización, ni de traducción oficial, salvo las certificaciones, aclaraciones, o demás documentos expedidos en el exterior. Los sellos no serán objeto de traducción. NOTA: El proponente tendrá la oportunidad de acreditar el requisito de Apostilla o Legalización hasta el día hábil anterior a la instalación de la audiencia pública de adjudicación. Si el (los) documento(s) objeto de apostilla o legalización, aportado(s) con la oferta o durante el término de traslado del informe de evaluación, no cumple finalmente con este requisito, la propuesta será RECHAZADA.’’ RESULTADO EVALUACIÓN SUBSANACIÓN 28 NOV El proponente presenta certificado de baterías expedido por NICOMAR ELECTRONIC donde indica que la marca fulibattery es una marca registrada NICOMAR ELECTRONIC, el cual certifica a SUCOMPUTO para comercializador. Sin embargo NO adjunra el certificado de fábrica de las baterías fulibatery de la empresa Jiangxi Jingjiu Power Science & Technology Los documentos aportados de UPS no corresponde a lo solicitado en el presente proceso, la misma esta dirigida a la Caja de Compensación Compensar y su contenido es diferente al presente proceso.
A44: Certificado de Garantía de los Bienes o Servicios. | P44: EVALUACIÓN
A45: El proponente debe anexar junto con la propuesta documento suscrito por el representante legal, mediante la cual se compromete, en caso de resultar adjudicatario, a otorgar un tiempo de garantía. La garantía técnica mínima para los elementos instalados en las UPS a excepción de las baterías será de seis (6) meses una vez instalados; la garantía técnica mínima de las baterías será de dos (2) años, y bajo las condiciones descritas en el Formato 8 Especificaciones Técnicas. | P45: CUMPLE
A46: OBSERVACIONES: | C46: ADJUNTA CARTA SUSCRITA POR EL REPRESENTANTE LEGAL
A47: Fichas Técnicas | P47: EVALUACIÓN
A48: El Proponente para cumplir con lo solicitado en las Fichas técnicas de la AEROCIVIL deberá aportar los catálogos del fabricante o la ficha del fabricante de los bienes ofertados, donde se pueda verificar el cumplimiento de cada uno de los requerimientos técnicos solicitados por la Entidad. El ofrecimiento técnico constituye un criterio de comparación de las ofertas, por lo tanto, el proponente deberá asegurarse de aportar dicho ofrecimiento técnico junto con la oferta so pena de rechazo. En el caso en que el catálogo o ficha técnica no contenga alguno de los requisitos solicitados, dicha verificación se podrá hacer contra certificación expedida por el fabricante de los bienes ofertados Cada bien ofrecido en los catálogos aportados o las fichas técnicas del fabricante, se confrontará con el formato 10 de las Fichas técnicas publicado de la AEROCIVIL. Nota 1: La oferta no puede estar condicionada. Si el proponente en propuesta presenta algún condicionamiento, este no será tenido en cuenta por la Entidad Nota 2: Los requerimientos técnicos descritos en el formato 10 de las Fichas Técnicas publicado por la AEROCIVIL no podrán ser modificados. En el evento que una o algunas de las características técnicas descritas en las fichas técnicas sean modificadas, se evaluará como no cumple. | P48: RECHAZADO
A49: OBSERVACIONES: | C49: NO CUMPLE LA BATERIA FULIBATTERY FL 12-9GS BATERIA SELLADA 12V-9AH, LA ALTURA DE LA BATERÍA ES DE 100 MM Y LO REQUERIDO POR LA ENTIDAD ES DE MÁXIMO 99.6 MM. RESULTADO EVALUACIÓN SUBSANACIÓN 28 NOV La entidad requiere una altura de las baterías de 98.6 mm +/- 1 mm, por lo cual el proponente no cumple. El proponente adjunta certificado del diseño de las baterías indicando que la altura de la batería que están ofertando es de 100 mm +/- 2 mm. El proponente no aclaro lo solicitado por la Entidad en la evaluación preliminar por tanto incurrió en lo descrito en el numeral 3.17. CAUSALES DE RECHAZO , numeralal (i), asi: “(…)(i) Cuando al Proponente en forma individual o conjunta se le haya requerido con el propósito de subsanar o aclarar o aportar un documento de la propuesta y no lo efectúe dentro del plazo indicado o no lo realice correctamente o de acuerdo con lo solicitado, siempre que la subsanación, aclaración o aporte requerido sea necesario para cumplir un requisito habilitante en los términos establecidos en el presente documento.(…)” CONCLUSION: RECHAZO
A51: FACTOR DE CALIDAD (18,75 PUNTOS) | P51: PUNTAJE
A52: 1. Suministro de analizador de baterías: (Máximo 10 PUNTOS) - Si ofrece dos (2) analizadores de baterías (10 PUNTOS) - Si ofrece un (1) analizador de baterías (5 PUNTOS) | P52: 10
A53: 2. Curso con temática: Mantenimiento Preventivo, Correctivo y uso del sistema de gestión y monitoreo remoto de UPS SCHENEIDER (5 PUNTOS) | P53: 5
A54: 3. Diplomado en plataforma digital con temática: Mantenimiento Preventivo, Correctivo y uso del sistema de gestión y monitoreo remoto de UPS (3,75 PUNTOS) | P54: 3.75
A55: TOTAL PUNTAJE OBTENIDO | P55: =SUM(P52:P54) -> 18.75
A56: OBSERVACIONES:
A57: APOYO A LA INDUSTRIA NACIONAL – LEY 816 DE 2003 (10 PUNTOS) | P57: PUNTAJE
A58: Después de realizar el estudio de porcentajes de bienes se evidencia que ninguno de los bienes contemplados en el estudio de mercado se puede denominar como un bien relevante para el proceso, dado que no supera el 40% del presupuesto oficial, por tal motivo se otorgará el puntaje de apoyo a la Industria Nacional a los proponentes que se comprometan a vincular al desarrollo del objeto contractual un porcentaje de empleados o contratistas por prestación de servicios colombianos de al menos el ochenta por ciento (80%) del personal requerido para el cumplimiento del contrato. Los Proponentes pueden obtener puntaje de apoyo a la industria nacional por: i) Servicios Nacionales o con Trato Nacional o por ii) la incorporación de componente nacional en servicios extranjeros. La Entidad en ningún caso otorgará simultáneamente el puntaje por ambos aspectos.Los puntajes para estimular a la industria nacional se relacionan en la siguiente tabla: NOTA: A Las sucursales colombianas se les aplicará el mismo tratamiento que a las empresas extranjeras (Ver concepto C-571 de 2022 Colombia Compra Eficiente) | P58: 10
A59: OBSERVACIONES:
A60: PROPONENTES CON TRABAJADORES CON DISCAPACIDAD. (1 Punto) | P60: PUNTAJE
A61: Conforme a lo dispuesto en el Decreto 392 de 2018, se otorgará un (1) punto a los proponentes que acrediten la vinculación de trabajadores con discapacidad en su planta de personal, de acuerdo con los siguientes requisitos: 1. La persona natural, el representante legal de la persona jurídica o el revisor fiscal, según corresponda. certificará el número total de trabajadores vinculados a la planta de personal del proponente o sus integrantes a la fecha de cierre del proceso de selección. 2. Acreditar el número mínimo de personas con discapacidad en su planta de personal, de conformidad con lo señalado en el certificado expedido por el Ministerio de Trabajo, el cual deberá estar vigente a la fecha de cierre del proceso de selección. Verificados los anteriores requisitos, se asignará un punto a quienes acrediten el número mínimo de trabajadores con discapacidad, señalados a continuación: Nota 1. Si la oferta es presentada por un consorcio o unión temporal, se tendrá en cuenta la planta de personal del integrante del proponente plural que aporte como mínimo el cuarenta por ciento (40%) de la experiencia general y/o ponderable requerida para la respectiva contratación. Nota 2. El proponente podrá allegar la certificación relacionada en el numeral 1 en el “Formato 22 – Vinculación de Personas en Condición de Discapacidad” dispuesto por la entidad o en un formato diferente, no obstante, deberá contener la información mínima exigida por el Decreto 392 de 2018. | P61: 0
A62: OBSERVACIONES:
A63: EMPRENDIMIENTO Y EMPRESAS DE MUJERES (0,25 PUNTOS) | P63: PUNTAJE
A64: La Entidad asignará un puntaje de cero punto veinticinco (0.25) puntos al Proponente que acredite la calidad de emprendimientos y empresas de mujeres con domicilio en el territorio nacional de conformidad con lo previsto en el artículo 2.2.1.2.4.2.14. del Decreto 1082 de 2015 o la norma que lo modifique, sustituya o complemente. Para que el Proponente obtenga este puntaje podrá presentar el “Formato 24 – Acreditación de emprendimiento y empresa de mujeres” o certificación con la información y documentación requeridas en el artículo 2.2.1.2.4.2.4 del Decreto 1082 de 2015, o la norma que lo modifique, complemente o sustituya. Si el Proponente debió subsanar dicho formato y/o los documentos requeridos para acreditar esta condición será válido para los criterios diferenciales en cuanto a los requisitos habilitantes relacionados con el número de contratos aportados para acreditar la experiencia solicitada, pero no se tendrán en cuenta para la asignación de puntaje, por lo que obtendrá cero (0) puntos por este criterio de evaluación. Tratándose de Proponentes Plurales este puntaje solo se otorgará si por lo menos uno de los integrantes acredita la calidad de emprendimientos y empresas de mujeres y tiene una participación igual o superior al diez por ciento (10%) en el Consorcio o en la Unión Temporal. La asignación de este puntaje no excluye la aplicación del puntaje para Mipyme. REVISAR TAMBIÉN Numeral 4.4.4 | P64: 0.25
A65: OBSERVACIONES:
A66: MIPYME DOMICILIADA EN COLOMBIA (0,25 PUNTOS) | P66: PUNTAJE
A67: La Entidad otorgará un puntaje de cero punto veinticinco (0.25) puntos al Proponente que acredite la calidad de Mipyme domiciliada en Colombia de conformidad con el artículo 2.2.1.2.4.2.4 del Decreto 1082 de 2015, en concordancia con el parágrafo del artículo 2.2.1.13.2.4 del Decreto 1074 de 2015, o la norma que lo modifique, complemente o sustituya. Para que el Proponente obtenga este puntaje podrá presentar el “Formato 23 - Acreditación de MiPymes” o certificación con la información y documentación requeridas en el artículo 2.2.1.2.4.2.4 del Decreto 1082 de 2015, o la norma que lo modifique, complemente o sustituya. Si el Proponente debió subsanar dicho formato y/o los documentos requeridos o el RUP para acreditar esta condición, será válido para los criterios diferenciales en cuanto a los requisitos habilitantes relacionados con el número de contratos aportados para acreditar la experiencia solicitada, pero no se tendrán en cuenta para la asignación de puntaje, por lo que obtendrá cero (0) puntos por este criterio de evaluación. REVISAR TAMBIÉN Numeral 4.4.4 | P67: 0.25
A68: OBSERVACIONES:
A69: TOTAL PUNTAJE OBTENIDO | P69: =SUM(P55,P58,P61,P64,P67) -> 29.25

Sheet 8
A1: UNIDAD ADMINISTRATIVA ESPECIAL DE AERONAUTICA CIVIL
A2: =+RESUMEN!C5 -> 24001216 H3 DE 2024
A3: =+RESUMEN!G5 -> REALIZAR MANTENIMIENTO A LOS SISTEMAS UPS DEL CENTRO DE GESTION AERONAUTICA DE COLOMBIA CGAC, INCLUYE RENOVAR BANCOS DE BATERÍAS POR LOTES. (VIGENCIA FUTURA).
A4: 1 | B4: =+RESUMEN!C8 -> SISELCOM SAS | J4: CONFORMACIÓN | P4: % PARTICIPACIÓN
J9: TOTAL | P9: =SUM(P5:P8) -> 0
A10: CÓDIGOS | B10: 72151500 81101700 26111700 | D10: PRESUPUESTO A EVALUAR (P.O) | J10: =RESUMEN!U5 -> 1927454798 | L10: PUNTAJE OBTENIDO: | N10: =P69 -> 0 | O10: PO SMMLV | P10: =J10/'Serie Historica SMMLV'!C47 -> 1482.6575
A11: REQUISITOS HABILITANTES (CUMPLE /NO CUMPLE)
A12: EXPERIENCIA GENERAL PROPONENTE | O12: EVALUACIÓN
A13: La AEROCIVIL verificará la experiencia general del proponente con la información relacionada en el Formato No.19A – Experiencia General del Proponente, donde debe diligenciar la información de hasta cuatro (4) contratos registrados en el RUP e identificados en al menos dos (2) de los códigos UNSPSC requeridos y que, sumados su valor total, expresado en SMMLV, sea igual o mayor al cien por ciento (100%) del presupuesto del lote al que se presenta (Lote 1 correspondiente a 613,74 SMMLV) y (Lote 2 correspondiente a 1.482,66 SMMLV) Las consideraciones a tener en cuenta para la acreditación de la experiencia general se encuentran definidas en el complementario al pliego de condiciones. Nota 1: Los contratos presentados para la experiencia general podrán ser los mismos para acreditar la experiencia específica, siempre que cumplan los requisitos para dicha experiencia. Nota 2: Si el oferente se presenta a los dos (2) lotes deberá acreditar el 100% del presupuesto total de los dos lotes (2.096,4 SMMLV) con un máximo de cinco (5) contratos.
A14: 100% PO EN SMMLV | B14: CTO´S | C14: N° CONSECUTIVO EN EL RUP | D14: CONTRATANTE | E14: OBJETO | G14: PRESENTA DOCUMENTOS EN LISTADOS | H14: ="CUMPLE CODIGOS? "&B10 -> CUMPLE CODIGOS? 72151500 81101700 26111700 | I14: CUMPLE EXPERIENCIA? | J14: QUIEN APORTA LA EXPERIENCIA? | K14: AÑO DE TERMINACION DEL CONTRATO | L14: VALOR TOTAL EN PESOS | M14: VALOR TOTAL SMMLV - RUP | N14: % PARTICIPACION | O14: VALOR TOTAL AFECTADO | P14: CUMPLE / NO CUMPLE
A15: =+P10 -> 1482.6575 | B15: CTO 1 | O15: =IF(AND(H15="SI",I15="SI")=TRUE,M15*N15,"")
B16: CTO 2 | O16: =IF(AND(H16="SI",I16="SI")=TRUE,M16*N16,"")
B17: CTO 3 | O17: =IF(AND(H17="SI",I17="SI")=TRUE,M17*N17,"")
B18: CTO 4 | O18: =IF(AND(H18="SI",I18="SI")=TRUE,M18*N18,"")
B19: CTO 5 | O19: =IF(AND(H19="SI",I19="SI")=TRUE,M19*N19,"")
B20: CTO 6 | O20: =IF(AND(H20="SI",I20="SI")=TRUE,M20*N20,"")
K21: SUMATORIA CONTRATO EN SMMLV | O21: =SUMIF(P15:P20,"CUMPLE",O15:O20) -> 0
A22: OBSERVACIONES:
A23: EVALUACION EXPERIENCIA ESPECIFICA PROPONENTE | O23: EVALUACIÓN
A24: La AEROCIVIL verificará la experiencia específica del proponente con hasta cuatro (4) certificaciones de contratos o actas de liquidación o actas de terminación de contratos celebrados con entidades públicas o privadas, ejecutados y terminados; debidamente registrados en el RUP e identificados en al menos dos (2) de los códigos UNSPSC requeridos en la experiencia general; que sumados su valor total, expresado en SMMLV, sea igual o mayor al cien por ciento (100%) del presupuesto oficial (o del lote al que se presenta) (Lote 1 correspondiente a 613,74 SMMLV) y (Lote 2 correspondiente a 1.482,66 SMMLV), y cuyo objeto, actividades u obligaciones contractuales esté relacionadas con: PRESTACIÓN DE SERVICIO DE MANTENIMIENTO DE UPS MÍNIMO DE 160 KVA Y/O • INSTALACIÓN Y PUESTA EN FUNCIONAMIENTO DE UPS MÍNIMO DE 160 KVA Las consideraciones a tener en cuenta para la acreditación de la experiencia específica se encuentran definidas en el complementario al pliego de condiciones.
A25: CERTIFICACION No. | B25: CTO´S | C25: N° CONSECUTIVO EN EL RUP | D25: CONTRATANTE | E25: OBJETO | G25: PRESENTA DOCUMENTOS ENLISTADOS | H25: CUMPLE CODIGOS? | I25: OBJETO, ACTIVI U OBLIGACIONES RELACIONADAS CON ACTIVI REQUERIDAS | J25: QUIEN APORTA LA EXPERIENCIA? | K25: AÑO DE TERMINACION DEL CONTRATO | L25: VALOR TOTAL PESOS | M25: VALOR TOTAL SMMLV - RUP | N25: % PARTICIPACION | O25: VALOR TOTAL AFECTADO | P25: CUMPLE / NO CUMPLE
A26: 1 | B26: CTO 1 | O26: =IF(AND(H26="SI",I26="SI")=TRUE,M26*N26,"")
A27: 2 | B27: CTO 2 | O27: =IF(AND(H27="SI",I27="SI")=TRUE,M27*N27,"")
A28: 3 | B28: CTO 3 | O28: =IF(AND(H28="SI",I28="SI")=TRUE,M28*N28,"")
A29: 4 | B29: CTO 4 | O29: =IF(AND(H29="SI",I29="SI")=TRUE,M29*N29,"")
A30: 5 | B30: CTO 5 | O30: =IF(AND(H30="SI",I30="SI")=TRUE,M30*N30,"")
A31: 6 | B31: CTO 6 | O31: =IF(AND(H31="SI",I31="SI")=TRUE,M31*N31,"")
K32: SUMATORIA CONTRATO EN SMMLV | O32: =SUMIF(P26:P31,"CUMPLE",O26:O31) -> 0
A33: OBSERVACIONES:
A34: OTROS ASPECTOS TÉCNICOS DE OBLIGATORIO CUMPLIMIENTO
A35: FORMATO No. 8 | P35: EVALUACIÓN
A36: Contiene la totalidad de condiciones y especificaciones técnicas de los bienes y/o servicios solicitados por la Entidad y que debe cumplir el contratista para el logro del objeto del presente proceso. Los requerimientos descritos en dicho formato técnico son los mínimos exigidos por la Entidad, de obligatorio cumplimiento y se constituirán en obligaciones para el contratista. Con la presentación y firma del “Formato 14 - Carta de Presentación de la Oferta”, se entiende que el proponente conoce y acepta todos los requisitos allí establecidos. En tal sentido, no será necesario aportar el “Formato No. 8 – Especificaciones Técnicas” con la propuesta y en consecuencia no será objeto de verificación del comité evaluador.
A37: OBSERVACIONES:
A38: CARTA DE COMPROMISO | P38: EVALUACIÓN
A39: El proponente debe anexar junto con la propuesta una Carta de Compromiso, suscrita por parte del representante legal, donde se compromete a presentar el personal requerido del formato 8 – Especificaciones Técnicas, el cual corresponde a: REVISAR TAMBIÉN Numeral 4.4.5
A40: OBSERVACIONES:
A41: Certificado de Representación y Distribución Autorizada de los Bienes. | P41: EVALUACIÓN
A42: El proponente debe anexar junto con la propuesta el Certificado de Representación y Distribución Autorizada de los Bienes, expedido por el Fabricante o por el Distribuidor Autorizado por el Fabricante de los bienes ofrecidos, en el cual se indique que está autorizado para distribuir estos bienes objeto de la presente contratación. La fecha de expedición de la certificación debe ser de máximo seis (6) meses anteriores a la fecha de cierre del presente proceso de contratación. Este Certificado puede estar dirigido a cualquiera de los integrantes del Consorcio o Unión Temporal en caso de presentar la oferta bajo esta modalidad. En caso de que el proponente no sea fabricante y de presentarse más de un (1) distribuidor autorizado, el proponente deberá aportar toda la cadena de certificaciones que demuestren las autorizaciones iniciando desde el fabricante del bien. El certificado debe ser presentado por los fabricantes de las UPS objeto del contrato.
A43: OBSERVACIONES:
A44: Certificado de Garantía de los Bienes o Servicios. | P44: EVALUACIÓN
A45: El proponente debe anexar junto con la propuesta documento suscrito por el representante legal, mediante la cual se compromete, en caso de resultar adjudicatario, a otorgar un tiempo de garantía. La garantía técnica mínima para los elementos instalados en las UPS a excepción de las baterías será de seis (6) meses una vez instalados; la garantía técnica mínima de las baterías será de dos (2) años, y bajo las condiciones descritas en el Formato 8 Especificaciones Técnicas.
A46: OBSERVACIONES:
A47: Fichas Técnicas | P47: EVALUACIÓN
A48: El Proponente para cumplir con lo solicitado en las Fichas técnicas de la AEROCIVIL deberá aportar los catálogos del fabricante o la ficha del fabricante de los bienes ofertados, donde se pueda verificar el cumplimiento de cada uno de los requerimientos técnicos solicitados por la Entidad. El ofrecimiento técnico constituye un criterio de comparación de las ofertas, por lo tanto, el proponente deberá asegurarse de aportar dicho ofrecimiento técnico junto con la oferta so pena de rechazo. En el caso en que el catálogo o ficha técnica no contenga alguno de los requisitos solicitados, dicha verificación se podrá hacer contra certificación expedida por el fabricante de los bienes ofertados Cada bien ofrecido en los catálogos aportados o las fichas técnicas del fabricante, se confrontará con el formato 10 de las Fichas técnicas publicado de la AEROCIVIL. Nota 1: La oferta no puede estar condicionada. Si el proponente en propuesta presenta algún condicionamiento, este no será tenido en cuenta por la Entidad Nota 2: Los requerimientos técnicos descritos en el formato 10 de las Fichas Técnicas publicado por la AEROCIVIL no podrán ser modificados. En el evento que una o algunas de las características técnicas descritas en las fichas técnicas sean modificadas, se evaluará como no cumple.
A49: OBSERVACIONES:
A51: FACTOR DE CALIDAD (18,75 PUNTOS) | P51: PUNTAJE
A52: 1. Suministro de analizador de baterías: (Máximo 10 PUNTOS) - Si ofrece dos (2) analizadores de baterías (10 PUNTOS) - Si ofrece un (1) analizador de baterías (5 PUNTOS)
A53: 2. Curso con temática: Mantenimiento Preventivo, Correctivo y uso del sistema de gestión y monitoreo remoto de UPS SCHENEIDER (5 PUNTOS)
A54: 3. Diplomado en plataforma digital con temática: Mantenimiento Preventivo, Correctivo y uso del sistema de gestión y monitoreo remoto de UPS (3,75 PUNTOS)
A55: TOTAL PUNTAJE OBTENIDO | P55: =SUM(P52:P54) -> 0
A56: OBSERVACIONES:
A57: APOYO A LA INDUSTRIA NACIONAL – LEY 816 DE 2003 (10 PUNTOS) | P57: PUNTAJE
A58: Después de realizar el estudio de porcentajes de bienes se evidencia que ninguno de los bienes contemplados en el estudio de mercado se puede denominar como un bien relevante para el proceso, dado que no supera el 40% del presupuesto oficial, por tal motivo se otorgará el puntaje de apoyo a la Industria Nacional a los proponentes que se comprometan a vincular al desarrollo del objeto contractual un porcentaje de empleados o contratistas por prestación de servicios colombianos de al menos el ochenta por ciento (80%) del personal requerido para el cumplimiento del contrato. Los Proponentes pueden obtener puntaje de apoyo a la industria nacional por: i) Servicios Nacionales o con Trato Nacional o por ii) la incorporación de componente nacional en servicios extranjeros. La Entidad en ningún caso otorgará simultáneamente el puntaje por ambos aspectos.Los puntajes para estimular a la industria nacional se relacionan en la siguiente tabla: NOTA: A Las sucursales colombianas se les aplicará el mismo tratamiento que a las empresas extranjeras (Ver concepto C-571 de 2022 Colombia Compra Eficiente)
A59: OBSERVACIONES:
A60: PROPONENTES CON TRABAJADORES CON DISCAPACIDAD. (1 Punto) | P60: PUNTAJE
A61: Conforme a lo dispuesto en el Decreto 392 de 2018, se otorgará un (1) punto a los proponentes que acrediten la vinculación de trabajadores con discapacidad en su planta de personal, de acuerdo con los siguientes requisitos: 1. La persona natural, el representante legal de la persona jurídica o el revisor fiscal, según corresponda. certificará el número total de trabajadores vinculados a la planta de personal del proponente o sus integrantes a la fecha de cierre del proceso de selección. 2. Acreditar el número mínimo de personas con discapacidad en su planta de personal, de conformidad con lo señalado en el certificado expedido por el Ministerio de Trabajo, el cual deberá estar vigente a la fecha de cierre del proceso de selección. Verificados los anteriores requisitos, se asignará un punto a quienes acrediten el número mínimo de trabajadores con discapacidad, señalados a continuación: Nota 1. Si la oferta es presentada por un consorcio o unión temporal, se tendrá en cuenta la planta de personal del integrante del proponente plural que aporte como mínimo el cuarenta por ciento (40%) de la experiencia general y/o ponderable requerida para la respectiva contratación. Nota 2. El proponente podrá allegar la certificación relacionada en el numeral 1 en el “Formato 22 – Vinculación de Personas en Condición de Discapacidad” dispuesto por la entidad o en un formato diferente, no obstante, deberá contener la información mínima exigida por el Decreto 392 de 2018.
A62: OBSERVACIONES:
A63: EMPRENDIMIENTO Y EMPRESAS DE MUJERES (0,25 PUNTOS) | P63: PUNTAJE
A64: La Entidad asignará un puntaje de cero punto veinticinco (0.25) puntos al Proponente que acredite la calidad de emprendimientos y empresas de mujeres con domicilio en el territorio nacional de conformidad con lo previsto en el artículo 2.2.1.2.4.2.14. del Decreto 1082 de 2015 o la norma que lo modifique, sustituya o complemente. Para que el Proponente obtenga este puntaje podrá presentar el “Formato 24 – Acreditación de emprendimiento y empresa de mujeres” o certificación con la información y documentación requeridas en el artículo 2.2.1.2.4.2.4 del Decreto 1082 de 2015, o la norma que lo modifique, complemente o sustituya. Si el Proponente debió subsanar dicho formato y/o los documentos requeridos para acreditar esta condición será válido para los criterios diferenciales en cuanto a los requisitos habilitantes relacionados con el número de contratos aportados para acreditar la experiencia solicitada, pero no se tendrán en cuenta para la asignación de puntaje, por lo que obtendrá cero (0) puntos por este criterio de evaluación. Tratándose de Proponentes Plurales este puntaje solo se otorgará si por lo menos uno de los integrantes acredita la calidad de emprendimientos y empresas de mujeres y tiene una participación igual o superior al diez por ciento (10%) en el Consorcio o en la Unión Temporal. La asignación de este puntaje no excluye la aplicación del puntaje para Mipyme. REVISAR TAMBIÉN Numeral 4.4.4
A65: OBSERVACIONES:
A66: MIPYME DOMICILIADA EN COLOMBIA (0,25 PUNTOS) | P66: PUNTAJE
A67: La Entidad otorgará un puntaje de cero punto veinticinco (0.25) puntos al Proponente que acredite la calidad de Mipyme domiciliada en Colombia de conformidad con el artículo 2.2.1.2.4.2.4 del Decreto 1082 de 2015, en concordancia con el parágrafo del artículo 2.2.1.13.2.4 del Decreto 1074 de 2015, o la norma que lo modifique, complemente o sustituya. Para que el Proponente obtenga este puntaje podrá presentar el “Formato 23 - Acreditación de MiPymes” o certificación con la información y documentación requeridas en el artículo 2.2.1.2.4.2.4 del Decreto 1082 de 2015, o la norma que lo modifique, complemente o sustituya. Si el Proponente debió subsanar dicho formato y/o los documentos requeridos o el RUP para acreditar esta condición, será válido para los criterios diferenciales en cuanto a los requisitos habilitantes relacionados con el número de contratos aportados para acreditar la experiencia solicitada, pero no se tendrán en cuenta para la asignación de puntaje, por lo que obtendrá cero (0) puntos por este criterio de evaluación. REVISAR TAMBIÉN Numeral 4.4.4
A68: OBSERVACIONES:
A69: TOTAL PUNTAJE OBTENIDO | P69: =SUM(P55,P58,P61,P64,P67) -> 0

Sheet F7 PROPUESTA ECONOMICA
D1: Valor mínimo aceptable | E1: Presupusto Oficial
D2: =+C40 -> 1.5691294e+09 | E2: =+PPTOOFICIAL -> 1927454798
A3: Propuesta No. | B3: PROPONENTES HABILITADOS | C3: VALOR TOTAL FORMATO 7 | D3: PRECIO ARTIFICIALEMNTE BAJO | E3: SUPERA PRESUPUESTO | F3: EVALUACIÓN LISTA DE PRECIOS DE REFERENCIA | G3: OBSERVACIONES
A4: 1 | B4: =IF(VLOOKUP(A4,RESUMEN!$B$8:$W$15,16,0)="NO CUMPLE","-",IFERROR(IF(VLOOKUP(A4,RESUMEN!$B$8:$E$15,2,0)=0,"",VLOOKUP(A4,RESUMEN!$B$8:$E$15,2,0)),"")) -> UT COMWSDT UPS | C4: 1872060398 | D4: =+IF(C4>$D$2,"CUMPLE","NO CUMPLE") -> CUMPLE | E4: =IF(C4>$E$2,"RECHAZADO","CUMPLE") -> CUMPLE | F4: =IF(C4>$E$2,"RECHAZADO","CUMPLE") -> CUMPLE | J4: Se realiza correccion aritmetica, teniendo en cuenta la aclaracion dada en
A5: 2 | B5: =IF(VLOOKUP(A5,RESUMEN!$B$8:$W$15,16,0)="NO CUMPLE","-",IFERROR(IF(VLOOKUP(A5,RESUMEN!$B$8:$E$15,2,0)=0,"",VLOOKUP(A5,RESUMEN!$B$8:$E$15,2,0)),"")) -> GOURIYU SAS | C5: 1.8883032e+09 | D5: =+IF(C5>$D$2,"CUMPLE","NO CUMPLE") -> CUMPLE | E5: =IF(C5>$E$2,"RECHAZADO","CUMPLE") -> CUMPLE | F5: CUMPLE
A6: 3 | B6: =IF(VLOOKUP(A6,RESUMEN!$B$8:$W$15,16,0)="NO CUMPLE","-",IFERROR(IF(VLOOKUP(A6,RESUMEN!$B$8:$E$15,2,0)=0,"",VLOOKUP(A6,RESUMEN!$B$8:$E$15,2,0)),"")) -> CONSORCIO E TX 2024 | C6: 1590557918 | D6: =+IF(C6>$D$2,"CUMPLE","RECHAZADO") -> CUMPLE | E6: =IF(C6>$E$2,"RECHAZADO","CUMPLE") -> CUMPLE | F6: CUMPLE | G6: Se realiza correccion aritmetica, teniendo en cuenta la aclaracion dada en | J6: ITEM | K6: SUCOMPUTO SAS | L6: UT INVER TES AEROCIVIL MATTOS | M6: COTEL SAS | N6: ASAC SAS | O6: CONSORCIO E TX 2024 | P6: GOURIYU SAS | Q6: UT COMWSDT UPS
A7: 4 | B7: =IF(VLOOKUP(A7,RESUMEN!$B$8:$W$15,16,0)="NO CUMPLE","-",IFERROR(IF(VLOOKUP(A7,RESUMEN!$B$8:$E$15,2,0)=0,"",VLOOKUP(A7,RESUMEN!$B$8:$E$15,2,0)),"")) -> ASAC SAS | C7: 1.8870851e+09 | D7: =+IF(C7>$D$2,"CUMPLE","RECHAZADO") -> CUMPLE | E7: =IF(C7>$E$2,"RECHAZADO","CUMPLE") -> CUMPLE | F7: CUMPLE | J7: 1 | K7: 431485118 | L7: 431485118 | M7: 431485118 | N7: 431485118 | O7: 431485118 | P7: 431485118 | Q7: 431485118
A8: 5 | B8: =IF(VLOOKUP(A8,RESUMEN!$B$8:$W$15,16,0)="NO CUMPLE","-",IFERROR(IF(VLOOKUP(A8,RESUMEN!$B$8:$E$15,2,0)=0,"",VLOOKUP(A8,RESUMEN!$B$8:$E$15,2,0)),"")) -> COTEL SAS | C8: 1687028675 | D8: =+IF(C8>$D$2,"CUMPLE","RECHAZADO") -> CUMPLE | E8: =IF(C8>$E$2,"RECHAZADO","CUMPLE") -> CUMPLE | F8: CUMPLE | G8: Se realiza correccion aritmetica, teniendo en cuenta la aclaracion dada en | J8: 2 | K8: 16000000 | L8: 55040000 | M8: 49074339 | N8: 56000000 | O8: 58000000 | P8: 55603006 | Q8: 56363880
A9: 6 | B9: =IF(VLOOKUP(A9,RESUMEN!$B$8:$W$15,16,0)="NO CUMPLE","-",IFERROR(IF(VLOOKUP(A9,RESUMEN!$B$8:$E$15,2,0)=0,"",VLOOKUP(A9,RESUMEN!$B$8:$E$15,2,0)),"")) -> UT INVER TES AEROCIVIL MATTOS | C9: 1.8542171e+09 | D9: =+IF(C9>$D$2,"CUMPLE","RECHAZADO") -> CUMPLE | E9: =IF(C9>$E$2,"RECHAZADO","CUMPLE") -> CUMPLE | F9: CUMPLE | J9: 3 | K9: 16000000 | L9: 55040000 | M9: 49074339 | N9: 56000000 | O9: 58000000 | P9: 55603006 | Q9: 56363880
A10: 7 | B10: =IF(VLOOKUP(A10,RESUMEN!$B$8:$W$15,16,0)="NO CUMPLE","-",IFERROR(IF(VLOOKUP(A10,RESUMEN!$B$8:$E$15,2,0)=0,"",VLOOKUP(A10,RESUMEN!$B$8:$E$15,2,0)),"")) -> SUCOMPUTO SAS | C10: 1106969918 | D10: CUMPLE | E10: =IF(C10>$E$2,"RECHAZADO","CUMPLE") -> CUMPLE | F10: RECHAZADO | G10: Teniendo en cuenta el numeral 3.9.1 lista de precios de referencia del Complementario Pliego de Condiciones, establece: "El proponente no podrá sobrepasar el valor establecido por ítem en la lista de precios so pena de rechazo". Se rechaza la oferta debido a que el Formato 7A supera el valor estblecido por la entidad de uno de los ítems | J10: 4 | K10: 16000000 | L10: 55040000 | M10: 49074339 | N10: 56000000 | O10: 58000000 | P10: 55603006 | Q10: 56363880
A11: 8 | B11: =IF(VLOOKUP(A11,RESUMEN!$B$8:$W$15,16,0)="NO CUMPLE","-",IFERROR(IF(VLOOKUP(A11,RESUMEN!$B$8:$E$15,2,0)=0,"",VLOOKUP(A11,RESUMEN!$B$8:$E$15,2,0)),"")) -> SISELCOM SAS | J11: 5 | K11: 16000000 | L11: 55040000 | M11: 49074339 | N11: 56000000 | O11: 58000000 | P11: 55603006 | Q11: 56363880
J12: 6 | K12: 16000000 | L12: 55040000 | M12: 49074339 | N12: 56000000 | O12: 58000000 | P12: 55603006 | Q12: 56363880
J13: 7 | K13: 16000000 | L13: 55040000 | M13: 49074339 | N13: 56000000 | O13: 58000000 | P13: 55603006 | Q13: 56363880
A14: LOTE 2-MEDIANA | D14: En aras del principio de transparencia que debe regir los procesos de contratación pública, y con el fin de evitar prácticas colusorias, para el presente proceso la Entidad siguiendo lo descrito en GUÍA PARA EL MANEJO DE OFERTAS ARTIFICIALMENTE BAJAS en procesos de Contratación, “(…) La Entidad Estatal puede fijar un valor mínimo aceptable distinto de acuerdo con la información que tenga disponible y la pendiendo (sic) de los datos que esté analizando. La Entidad Estatal puede identificar como posibles ofertas artificialmente bajas a todas las ofertas que cuenten con valores por debajo del valor mínimo aceptable (…).”. Amparada en este principio se procedió a calcular el valor mínimo aceptable por debajo del cual se requerirá a los proponentes que estén por debajo de este valor “(…) Para calcular la mediana, la Entidad Estatal debe ordenar los valores de mayor a menor y tomar el valor de la oferta en la mitad de la lista. Si el número de ofertas es par, debe tomar los dos valores de la mitad, sumarlos y dividirlos en dos (…)”. Para el cálculo de la desviación estándar es el resultado de aplicar la siguiente formula: El valor aceptable es igual a la mediana menos una desviación estándar | J14: 8 | K14: 507484800 | L14: 1015200000 | M14: 888297396 | N14: 1033200000 | O14: 724111200 | P14: 1044000000 | Q14: 1018656000
A15: # | B15: PROPONENTE | C15: OFERTA ECONOMICA | J15: 9 | K15: 72000000 | L15: 77292000 | M15: 72800127 | N15: 86400000 | O15: 86961600 | P15: 79200000 | Q15: 83736000
A16: 8 | B16: SISELCOM SAS | C16: NO OFERTO | K16: =+SUM(K7:K15)/1.19 -> 9.3022682e+08 | L16: =+SUM(L7:L15)/1.19 -> 1.5581656e+09 | M16: =+SUM(M7:M15)/1.19 -> 1.4176712e+09 | N16: =+SUM(N7:N15)/1.19 -> 1.5857858e+09 | O16: =+SUM(O7:O15)/1.19 -> 1.3366033e+09 | P16: =+SUM(P7:P15)/1.19 -> 1.5868094e+09 | Q16: =+SUM(Q7:Q15)/1.19 -> 1.57316e+09
A17: 2 | B17: GOURIYU SAS | C17: 1.8883032e+09 | K17: =+K16*19% -> 1.767431e+08 | L17: =+L16*19% -> 2.9605147e+08 | M17: =+M16*19% -> 2.6935752e+08 | N17: =+N16*19% -> 3.012993e+08 | O17: =+O16*19% -> 2.5395463e+08 | P17: =+P16*19% -> 3.0149378e+08 | Q17: =+Q16*19% -> 2.989004e+08
A18: 4 | B18: ASAC SAS | C18: 1887085118 | J18: TOTAL DEL PROYECTO CON CORRECCION ARITMETICA | K18: =+K16+K17 -> 1106969918 | L18: =+L16+L17 -> 1.8542171e+09 | M18: =+M16+M17 -> 1687028675 | N18: =+N16+N17 -> 1.8870851e+09 | O18: =+O16+O17 -> 1590557918 | P18: =+P16+P17 -> 1.8883032e+09 | Q18: =+Q16+Q17 -> 1872060398
A19: 1 | B19: UT COMWSDT UPS | C19: 1872060398
A20: 6 | B20: UT INVER TES AEROCIVIL MATTOS | C20: 1854217118
A21: 5 | B21: COTEL SAS | C21: 1687028675
A22: 3 | B22: CONSORCIO E TX 2024 | C22: 1590557918
A23: 7 | B23: SUCOMPUTO SAS | C23: 1106969918
C24: 1854217118
A27: LOTE 2-DESVIACION ESTANDAR
A28: # | B28: PROPONENTE | C28: OFERTA ECONOMICA
A29: 8 | B29: SISELCOM SAS | C29: NO OFERTO
A30: 2 | B30: GOURIYU SAS | C30: 1.8883032e+09
A31: 4 | B31: ASAC SAS | C31: 1887085118
A32: 1 | B32: UT COMWSDT UPS | C32: 1872060398
A33: 6 | B33: UT INVER TES AEROCIVIL MATTOS | C33: 1854217118
A34: 5 | B34: COTEL SAS | C34: 1687028675
A35: 3 | B35: CONSORCIO E TX 2024 | C35: 1590557918
A36: 7 | B36: SUCOMPUTO SAS | C36: 1106969918
C37: =STDEV(C30:C36) -> 2.8508771e+08
A40: Valor minimio aceptable | C40: =+C24-C37 -> 1.5691294e+09

Sheet F7 PUNTAJE
T1: 1 | U1: Mediana con valor absoluto
A2: Fuente | B2: Superintendencia Financiera de Colombia (superfinanciera.gov.co) | T2: 2 | U2: Media Geométrica
B3: TRM: | C3: 4424.56 | T3: 3 | U3: Media Aritmética Baja
B4: Centavos de la TRM: | C4: 0.56 | T4: 4 | U4: Menor Valor
B5: Número de método de ponderación: | C5: {=_xlfn.IFS(C4<0.25,1,C4<0.5,2,C4<0.75,3,C4<1,4)} -> 3
B6: Método de Ponderación: | C6: =VLOOKUP(C5,$T$1:$U$4,2,0) -> Media Aritmética Baja
A7: Propuesta No. | B7: PROPONENTES HABILITADOS | C7: VALOR TOTAL FORMATO 7 | D7: ="Método de Ponderación final: "&C6 -> Método de Ponderación final: Media Aritmética Baja | F7: Me (Referencia Mediana) | G7: Mediana con valor absoluto | H7: Ge (Referencia M. Geom.) | I7: Media Geométrica | J7: Media Aritmética Baja | K7: Menor Valor | L7: Propuesta
A8: 8 | F8: =IF(C8<>"",IF($C$17-C8<0,ABS($C$17-C8)+0.00000000001,ABS($C$17-C8)),"") | G8: =IFERROR($C$26*(1-ABS(($C$18-C8)/$C$18)),0) -> 0 | H8: =IF(C8<>"",ABS($C$20-C8),"") | I8: =IFERROR(IF(H8=MIN($H$8:$H$12),$C$26,$C$26*(1-ABS($C$20-C8)/$C$20)),0) -> 0 | J8: =IFERROR($C$26*IF(C8<=$C$22,(1-($C$22-C8)/$C$22),(1-ABS($C$22-C8)/$C$22)),0) -> 0 | K8: =IFERROR($C$26*$C$24/C8,0) -> 0 | L8: =A8 -> 8
A9: 7
A10: 6
A11: 5
A12: 4 | F12: =IF(C12<>"",IF($C$17-C12<0,ABS($C$17-C12)+0.00000000001,ABS($C$17-C12)),"") | G12: =IFERROR($C$26*(1-ABS(($C$18-C12)/$C$18)),0) -> 0 | H12: =IF(C12<>"",ABS($C$20-C12),"") | I12: =IFERROR(IF(H12=MIN($H$8:$H$12),$C$26,$C$26*(1-ABS($C$20-C12)/$C$20)),0) -> 0 | J12: =IFERROR($C$26*IF(C12<=$C$22,(1-($C$22-C12)/$C$22),(1-ABS($C$22-C12)/$C$22)),0) -> 0 | K12: =IFERROR($C$26*$C$24/C12,0) -> 0 | L12: =A12 -> 4
A13: 3
